Workbook

Sheet SYNTHESE
A1: Synthèse
B3: Hypothèses principales
B4: Hyp 1
B5: Hyp 2
B6: Hyp 3
B7: Hyp 4
B8: Hyp 5
B9: Hyp 6
B10: Hyp 7
B11: Hyp 8
J13: =CONFIG!D59 -> Compte de résultat prévisionnel | L13: =CR!D$1 -> 2026 | M13: =CR!E$1 -> 2027 | N13: =CR!F$1 -> 2028 | O13: =CR!G$1 -> 2029 | P13: =CR!H$1 -> 2030
J14: =CONFIG!D65 -> Chiffre d'affaires | L14: =CR!D18 -> 0 | M14: =CR!E18 -> 0 | N14: =CR!F18 -> 0 | O14: =CR!G18 -> 0 | P14: =CR!H18 -> 0
J15: =CONFIG!D153 -> Autres Produits | L15: =CR!D26-CR!D18 -> 0 | M15: =CR!E26-CR!E18 -> 0 | N15: =CR!F26-CR!F18 -> 0 | O15: =CR!G26-CR!G18 -> 0 | P15: =CR!H26-CR!H18 -> 0
J16: =CONFIG!D69 -> Achats de marchandises et de matières premières | L16: =CR!D27 -> 0 | M16: =CR!E27 -> 0 | N16: =CR!F27 -> 0 | O16: =CR!G27 -> 0 | P16: =CR!H27 -> 0
J17: =CONFIG!D72 -> Marge Brute | L17: =CR!D38 -> 0 | M17: =CR!E38 -> 0 | N17: =CR!F38 -> 0 | O17: =CR!G38 -> 0 | P17: =CR!H38 -> 0
J18: =CONFIG!D74 -> Autres Achats et Charges Externes | L18: =CR!D45 -> 0 | M18: =CR!E45 -> 0 | N18: =CR!F45 -> 0 | O18: =CR!G45 -> 0 | P18: =CR!H45 -> 0
J19: =CONFIG!D155 -> Salaires, Impôts et taxes | L19: =CR!D61+CR!D103+CR!D104 -> 0 | M19: =CR!E61+CR!E103+CR!E104 -> 0 | N19: =CR!F61+CR!F103+CR!F104 -> 0 | O19: =CR!G61+CR!G103+CR!G104 -> 0 | P19: =CR!H61+CR!H103+CR!H104 -> 0
J20: =CONFIG!D79 -> Nombre d'ETP | L20: =CR!D102 -> 0 | M20: =CR!E102 -> 0 | N20: =CR!F102 -> 0 | O20: =CR!G102 -> 0 | P20: =CR!H102 -> 0
J21: =CONFIG!D82 -> Excédent Brut d'Exploitation | L21: =CR!D105 -> 0 | M21: =CR!E105 -> 0 | N21: =CR!F105 -> 0 | O21: =CR!G105 -> 0 | P21: =CR!H105 -> 0
J22: =CONFIG!D156 -> Produits et charges sous EBE | L22: =L23-L21 -> 0 | M22: =M23-M21 -> 0 | N22: =N23-N21 -> 0 | O22: =O23-O21 -> 0 | P22: =P23-P21 -> 0
J23: =CONFIG!D93 -> Résultat Net | L23: =CR!D127 -> 0 | M23: =CR!E127 -> 0 | N23: =CR!F127 -> 0 | O23: =CR!G127 -> 0 | P23: =CR!H127 -> 0
J25: =CONFIG!D$171 -> Tableau de Flux de Trésorerie | L25: =CR!D$1 -> 2026 | M25: =CR!E$1 -> 2027 | N25: =CR!F$1 -> 2028 | O25: =CR!G$1 -> 2029 | P25: =CR!H$1 -> 2030
J26: =CONFIG!D95 -> Capacité d'autofinancement | L26: =CR!D129 -> 0 | M26: =CR!E129 -> 0 | N26: =CR!F129 -> 0 | O26: =CR!G129 -> 0 | P26: =CR!H129 -> 0
J27: ="- "&CONFIG!D142 -> - Variation de BFR | L27: ='PLAN DE FIN'!C6 -> 0 | M27: ='PLAN DE FIN'!D6 -> 0 | N27: ='PLAN DE FIN'!E6 -> 0 | O27: ='PLAN DE FIN'!F6 -> 0 | P27: ='PLAN DE FIN'!G6 -> 0
J28: =CONFIG!D110 -> Flux de trésorerie d'exploitation | K28: =CR!C39 | L28: =L26-L27 -> 0 | M28: =M26-M27 -> 0 | N28: =N26-N27 -> 0 | O28: =O26-O27 -> 0 | P28: =P26-P27 -> 0
J29: =CONFIG!D157 -> Financement | K29: =CR!C50 | L29: ='PLAN DE FIN'!C10+'PLAN DE FIN'!C11+'PLAN DE FIN'!C12+'PLAN DE FIN'!C13 -> 0 | M29: ='PLAN DE FIN'!D10+'PLAN DE FIN'!D11+'PLAN DE FIN'!D12+'PLAN DE FIN'!D13 -> 0 | N29: ='PLAN DE FIN'!E10+'PLAN DE FIN'!E11+'PLAN DE FIN'!E12+'PLAN DE FIN'!E13 -> 0 | O29: ='PLAN DE FIN'!F10+'PLAN DE FIN'!F11+'PLAN DE FIN'!F12+'PLAN DE FIN'!F13 -> 0 | P29: ='PLAN DE FIN'!G10+'PLAN DE FIN'!G11+'PLAN DE FIN'!G12+'PLAN DE FIN'!G13 -> 0
J30: ="- "&CONFIG!D120 -> - Investissements | K30: =CR!C57 | L30: ='PLAN DE FIN'!C3 -> 0 | M30: ='PLAN DE FIN'!D3 -> 0 | N30: ='PLAN DE FIN'!E3 -> 0 | O30: ='PLAN DE FIN'!F3 -> 0 | P30: ='PLAN DE FIN'!G3 -> 0
J31: ="- "&CONFIG!D158 -> - Remboursements emprunts | L31: ='PLAN DE FIN'!C4+'PLAN DE FIN'!C5 -> 0 | M31: ='PLAN DE FIN'!D4+'PLAN DE FIN'!D5 -> 0 | N31: ='PLAN DE FIN'!E4+'PLAN DE FIN'!E5 -> 0 | O31: ='PLAN DE FIN'!F4+'PLAN DE FIN'!F5 -> 0 | P31: ='PLAN DE FIN'!G4+'PLAN DE FIN'!G5 -> 0
J32: =CONFIG!D125 -> Flux de trésorerie hors exploitation | K32: =CR!C114 | L32: =L29-L31-L30 -> 0 | M32: =M29-M31-M30 -> 0 | N32: =N29-N31-N30 -> 0 | O32: =O29-O31-O30 -> 0 | P32: =P29-P31-P30 -> 0
J33: =CONFIG!D126 -> Flux de trésorerie global avec financement | K33: =CR!C117 | L33: =L28+L32 -> 0 | M33: =M28+M32 -> 0 | N33: =N28+N32 -> 0 | O33: =O28+O32 -> 0 | P33: =P28+P32 -> 0
J34: =CONFIG!D128 -> Solde de trésorerie fin de période | K34: =TRESO!D70 -> 0 | L34: =K34+L33 -> 0 | M34: =L34+M33 -> 0 | N34: =M34+N33 -> 0 | O34: =N34+O33 -> 0 | P34: =O34+P33 -> 0
K35: =CR!C139 | L35: =CR!D139 | M35: =CR!E139 | N35: =CR!F139 | O35: =CR!G139 | P35: =CR!H139
J37: =CONFIG!D$172 -> Répartition du chiffre d'affaires | L37: =CR!D$1 -> 2026 | M37: =CR!E$1 -> 2027 | N37: =CR!F$1 -> 2028 | O37: =CR!G$1 -> 2029 | P37: =CR!H$1 -> 2030
J38: =CR!A3 -> Type de client 1 | L38: =CR!D3 -> 0 | M38: =CR!E3 -> 0 | N38: =CR!F3 -> 0 | O38: =CR!G3 -> 0 | P38: =CR!H3 -> 0
J39: =CR!A6 -> Type de client 2 | L39: =CR!D6 -> 0 | M39: =CR!E6 -> 0 | N39: =CR!F6 -> 0 | O39: =CR!G6 -> 0 | P39: =CR!H6 -> 0
J40: =CR!A9 -> Activité 3 | L40: =CR!D9 -> 0 | M40: =CR!E9 -> 0 | N40: =CR!F9 -> 0 | O40: =CR!G9 -> 0 | P40: =CR!H9 -> 0
J41: =CR!A12 -> Activité 4 | L41: =CR!D12 -> 0 | M41: =CR!E12 -> 0 | N41: =CR!F12 -> 0 | O41: =CR!G12 -> 0 | P41: =CR!H12 -> 0
J42: =CR!A15 -> Activité 5 | L42: =CR!D15 -> 0 | M42: =CR!E15 -> 0 | N42: =CR!F15 -> 0 | O42: =CR!G15 -> 0 | P42: =CR!H15 -> 0
J43: =CR!A18 -> Chiffre d'affaires | L43: =CR!D18 -> 0 | M43: =CR!E18 -> 0 | N43: =CR!F18 -> 0 | O43: =CR!G18 -> 0 | P43: =CR!H18 -> 0
J49: =CONFIG!D$173 -> Répartition du chiffre d'affaires en % | L49: =L37 -> 2026 | M49: =M37 -> 2027 | N49: =N37 -> 2028 | O49: =O37 -> 2029 | P49: =P37 -> 2030
J50: =J38 -> Type de client 1 | L50: =IFERROR(L38/SUM(L$38:L$42),0) -> 0 | M50: =IFERROR(M38/SUM(M$38:M$42),0) -> 0 | N50: =IFERROR(N38/SUM(N$38:N$42),0) -> 0 | O50: =IFERROR(O38/SUM(O$38:O$42),0) -> 0 | P50: =IFERROR(P38/SUM(P$38:P$42),0) -> 0
J51: =J39 -> Type de client 2 | L51: =IFERROR(L39/SUM(L$38:L$42),0) -> 0 | M51: =IFERROR(M39/SUM(M$38:M$42),0) -> 0 | N51: =IFERROR(N39/SUM(N$38:N$42),0) -> 0 | O51: =IFERROR(O39/SUM(O$38:O$42),0) -> 0 | P51: =IFERROR(P39/SUM(P$38:P$42),0) -> 0
J52: =J40 -> Activité 3 | L52: =IFERROR(L40/SUM(L$38:L$42),0) -> 0 | M52: =IFERROR(M40/SUM(M$38:M$42),0) -> 0 | N52: =IFERROR(N40/SUM(N$38:N$42),0) -> 0 | O52: =IFERROR(O40/SUM(O$38:O$42),0) -> 0 | P52: =IFERROR(P40/SUM(P$38:P$42),0) -> 0
J53: =J41 -> Activité 4 | L53: =IFERROR(L41/SUM(L$38:L$42),0) -> 0 | M53: =IFERROR(M41/SUM(M$38:M$42),0) -> 0 | N53: =IFERROR(N41/SUM(N$38:N$42),0) -> 0 | O53: =IFERROR(O41/SUM(O$38:O$42),0) -> 0 | P53: =IFERROR(P41/SUM(P$38:P$42),0) -> 0
J54: =J42 -> Activité 5 | L54: =IFERROR(L42/SUM(L$38:L$42),0) -> 0 | M54: =IFERROR(M42/SUM(M$38:M$42),0) -> 0 | N54: =IFERROR(N42/SUM(N$38:N$42),0) -> 0 | O54: =IFERROR(O42/SUM(O$38:O$42),0) -> 0 | P54: =IFERROR(P42/SUM(P$38:P$42),0) -> 0
J55: =J43 -> Chiffre d'affaires | L55: =SUM(L50:L54) -> 0 | M55: =SUM(M50:M54) -> 0 | N55: =SUM(N50:N54) -> 0 | O55: =SUM(O50:O54) -> 0 | P55: =SUM(P50:P54) -> 0
J61: =CONFIG!D$174 -> Effet Volume vs Effet Prix | L61: =L49 -> 2026 | M61: =M49 -> 2027 | N61: =N49 -> 2028 | O61: =O49 -> 2029 | P61: =P49 -> 2030
J62: =CONFIG!D159 -> Prix Moyen | L62: =IFERROR(CR!D18/SUM(CR!D4,CR!D7,CR!D10,CR!D13,CR!D16),0) -> 0 | M62: =IFERROR(CR!E18/SUM(CR!E4,CR!E7,CR!E10,CR!E13,CR!E16),0) -> 0 | N62: =IFERROR(CR!F18/SUM(CR!F4,CR!F7,CR!F10,CR!F13,CR!F16),0) -> 0 | O62: =IFERROR(CR!G18/SUM(CR!G4,CR!G7,CR!G10,CR!G13,CR!G16),0) -> 0 | P62: =IFERROR(CR!H18/SUM(CR!H4,CR!H7,CR!H10,CR!H13,CR!H16),0) -> 0
J63: =CONFIG!D160 -> Volume Total | L63: =IFERROR(CR!D18/L62,0) -> 0 | M63: =IFERROR(CR!E18/M62,0) -> 0 | N63: =IFERROR(CR!F18/N62,0) -> 0 | O63: =IFERROR(CR!G18/O62,0) -> 0 | P63: =IFERROR(CR!H18/P62,0) -> 0
J64: Waterfall | L64: Donnée | M64: CR | N64: Check
J65: =CR!A18&" "&RIGHT(CR!D$1,2) -> Chiffre d'affaires 26 | L65: =CR!D18 -> 0
J66: =CONFIG!D$161&" "&RIGHT(CR!D$1,2)&"-"&RIGHT(CR!F$1,2) -> Effet Volume 26-28 | L66: =N62*(N63-L63) -> 0
J67: =CONFIG!D$162&" "&RIGHT(CR!D$1,2)&"-"&RIGHT(CR!F$1,2) -> Effet Prix 26-28 | L67: =L63*(N62-L62) -> 0
J68: =CONFIG!D$65&" "&CR!F1 -> Chiffre d'affaires 2028 | L68: =SUM(L65:L67) -> 0 | M68: =CR!F18 -> 0 | N68: =M68-L68 -> 0
J69: =CONFIG!D$161&" "&RIGHT(CR!F$1,2)&"-"&RIGHT(CR!H$1,2) -> Effet Volume 28-30 | L69: =P62*(P63-N63) -> 0
J70: =CONFIG!D$162&" "&RIGHT(CR!F$1,2)&"-"&RIGHT(CR!H$1,2) -> Effet Prix 28-30 | L70: =N63*(P62-N62) -> 0
J71: =CONFIG!D$65&" "&CR!H1 -> Chiffre d'affaires 2030 | L71: =SUM(L68:L70) -> 0 | M71: =CR!H18 -> 0 | N71: =M71-L71 -> 0
J73: =CONFIG!D$175 -> Evolution des marges | L73: =L61 -> 2026 | M73: =M61 -> 2027 | N73: =N61 -> 2028 | O73: =O61 -> 2029 | P73: =P61 -> 2030
J74: =CONFIG!D73 -> % Marge Brute | L74: =CR!D39 -> n.a | M74: =CR!E39 -> n.a | N74: =CR!F39 -> n.a | O74: =CR!G39 -> n.a | P74: =CR!H39 -> n.a
J75: =CONFIG!D83 -> % EBE / CA | L75: =CR!D106 -> n.a | M75: =CR!E106 -> n.a | N75: =CR!F106 -> n.a | O75: =CR!G106 -> n.a | P75: =CR!H106 -> n.a
J76: =CONFIG!D94 -> % RN / CA | L76: =CR!D128 -> n.a | M76: =CR!E128 -> n.a | N76: =CR!F128 -> n.a | O76: =CR!G128 -> n.a | P76: =CR!H128 -> n.a
J85: =CONFIG!D$176 -> Répartition des charges | L85: =L$73 -> 2026 | M85: =M$73 -> 2027 | N85: =N$73 -> 2028 | O85: =O$73 -> 2029 | P85: =P$73 -> 2030
J86: =CONFIG!D69 -> Achats de marchandises et de matières premières | L86: =CR!D27 -> 0 | M86: =CR!E27 -> 0 | N86: =CR!F27 -> 0 | O86: =CR!G27 -> 0 | P86: =CR!H27 -> 0
J87: =CONFIG!D74 -> Autres Achats et Charges Externes | L87: =CR!D45 -> 0 | M87: =CR!E45 -> 0 | N87: =CR!F45 -> 0 | O87: =CR!G45 -> 0 | P87: =CR!H45 -> 0
J88: =CONFIG!D155 -> Salaires, Impôts et taxes | L88: =CR!D61 -> 0 | M88: =CR!E61 -> 0 | N88: =CR!F61 -> 0 | O88: =CR!G61 -> 0 | P88: =CR!H61 -> 0
J89: =CONFIG!D82 -> Excédent Brut d'Exploitation | L89: =CR!D105 -> 0 | M89: =CR!E105 -> 0 | N89: =CR!F105 -> 0 | O89: =CR!G105 -> 0 | P89: =CR!H105 -> 0
J97: =CONFIG!D$177 -> Répartition des charges en % | L97: =L$73 -> 2026 | M97: =M$73 -> 2027 | N97: =N$73 -> 2028 | O97: =O$73 -> 2029 | P97: =P$73 -> 2030
J98: =J86 -> Achats de marchandises et de matières premières | L98: =IFERROR(L86/L$14,0) -> 0 | M98: =IFERROR(M86/M$14,0) -> 0 | N98: =IFERROR(N86/N$14,0) -> 0 | O98: =IFERROR(O86/O$14,0) -> 0 | P98: =IFERROR(P86/P$14,0) -> 0
J99: =J87 -> Autres Achats et Charges Externes | L99: =IFERROR(L87/L$14,0) -> 0 | M99: =IFERROR(M87/M$14,0) -> 0 | N99: =IFERROR(N87/N$14,0) -> 0 | O99: =IFERROR(O87/O$14,0) -> 0 | P99: =IFERROR(P87/P$14,0) -> 0
J100: =J88 -> Salaires, Impôts et taxes | L100: =IFERROR(L88/L$14,0) -> 0 | M100: =IFERROR(M88/M$14,0) -> 0 | N100: =IFERROR(N88/N$14,0) -> 0 | O100: =IFERROR(O88/O$14,0) -> 0 | P100: =IFERROR(P88/P$14,0) -> 0
J101: =J89 -> Excédent Brut d'Exploitation | L101: =IFERROR(L89/CR!D$26,0) -> 0 | M101: =IFERROR(M89/CR!E$26,0) -> 0 | N101: =IFERROR(N89/CR!F$26,0) -> 0 | O101: =IFERROR(O89/CR!G$26,0) -> 0 | P101: =IFERROR(P89/CR!H$26,0) -> 0 | U101: =U74 | V101: =V74 | W101: =W74
J109: =CONFIG!D$178 -> Evolution de la masse salariale | L109: =L97 -> 2026 | M109: =M97 -> 2027 | N109: =N97 -> 2028 | O109: =O97 -> 2029 | P109: =P97 -> 2030
J110: =CR!A62 -> Commercial | L110: =CR!D62 -> 0 | M110: =CR!E62 -> 0 | N110: =CR!F62 -> 0 | O110: =CR!G62 -> 0 | P110: =CR!H62 -> 0 | R110: =CR!I62
J111: =CR!A66 -> Type Salarié 2 | L111: =CR!D66 -> 0 | M111: =CR!E66 -> 0 | N111: =CR!F66 -> 0 | O111: =CR!G66 -> 0 | P111: =CR!H66 -> 0
J112: =CR!A70 -> Type Salarié 3 | L112: =CR!D70 -> 0 | M112: =CR!E70 -> 0 | N112: =CR!F70 -> 0 | O112: =CR!G70 -> 0 | P112: =CR!H70 -> 0
J113: =CR!A74 -> Type Salarié 4 | L113: =CR!D74 -> 0 | M113: =CR!E74 -> 0 | N113: =CR!F74 -> 0 | O113: =CR!G74 -> 0 | P113: =CR!H74 -> 0
J114: =CR!A78 -> Type Salarié 5 | L114: =CR!D78 -> 0 | M114: =CR!E78 -> 0 | N114: =CR!F78 -> 0 | O114: =CR!G78 -> 0 | P114: =CR!H78 -> 0
J115: =CR!A82 -> Type Salarié 6 | L115: =CR!D82 -> 0 | M115: =CR!E82 -> 0 | N115: =CR!F82 -> 0 | O115: =CR!G82 -> 0 | P115: =CR!H82 -> 0
J116: =CR!A86 -> Type Salarié 7 | L116: =CR!D86 -> 0 | M116: =CR!E86 -> 0 | N116: =CR!F86 -> 0 | O116: =CR!G86 -> 0 | P116: =CR!H86 -> 0
J117: =CR!A90 -> Type Salarié 8 | L117: =CR!D90 -> 0 | M117: =CR!E90 -> 0 | N117: =CR!F90 -> 0 | O117: =CR!G90 -> 0 | P117: =CR!H90 -> 0
J118: =CR!A94 -> Type Salarié 9 | L118: =CR!D94 -> 0 | M118: =CR!E94 -> 0 | N118: =CR!F94 -> 0 | O118: =CR!G94 -> 0 | P118: =CR!H94 -> 0
J119: =CR!A98 -> Type Salarié 10 | L119: =CR!D98 -> 0 | M119: =CR!E98 -> 0 | N119: =CR!F98 -> 0 | O119: =CR!G98 -> 0 | P119: =CR!H98 -> 0
J121: =CONFIG!D$179 -> Recrutements | L121: =L109 -> 2026 | M121: =M109 -> 2027 | N121: =N109 -> 2028 | O121: =O109 -> 2029 | P121: =P109 -> 2030
J122: =J110 -> Commercial | L122: =CR!D63-CR!C63 -> 0 | M122: =CR!E63-CR!D63 -> 0 | N122: =CR!F63-CR!E63 -> 0 | O122: =CR!G63-CR!F63 -> 0 | P122: =CR!H63-CR!G63 -> 0
J123: =J111 -> Type Salarié 2 | L123: =CR!D67-CR!C67 -> 0 | M123: =CR!E67-CR!D67 -> 0 | N123: =CR!F67-CR!E67 -> 0 | O123: =CR!G67-CR!F67 -> 0 | P123: =CR!H67-CR!G67 -> 0
J124: =J112 -> Type Salarié 3 | L124: =CR!D71-CR!C71 -> 0 | M124: =CR!E71-CR!D71 -> 0 | N124: =CR!F71-CR!E71 -> 0 | O124: =CR!G71-CR!F71 -> 0 | P124: =CR!H71-CR!G71 -> 0
J125: =J113 -> Type Salarié 4 | L125: =CR!D75-CR!C75 -> 0 | M125: =CR!E75-CR!D75 -> 0 | N125: =CR!F75-CR!E75 -> 0 | O125: =CR!G75-CR!F75 -> 0 | P125: =CR!H75-CR!G75 -> 0
J126: =J114 -> Type Salarié 5 | L126: =CR!D79-CR!C79 -> 0 | M126: =CR!E79-CR!D79 -> 0 | N126: =CR!F79-CR!E79 -> 0 | O126: =CR!G79-CR!F79 -> 0 | P126: =CR!H79-CR!G79 -> 0
J127: =J115 -> Type Salarié 6 | L127: =CR!D83-CR!C83 -> 0 | M127: =CR!E83-CR!D83 -> 0 | N127: =CR!F83-CR!E83 -> 0 | O127: =CR!G83-CR!F83 -> 0 | P127: =CR!H83-CR!G83 -> 0
J128: =J116 -> Type Salarié 7 | L128: =CR!D87-CR!C87 -> 0 | M128: =CR!E87-CR!D87 -> 0 | N128: =CR!F87-CR!E87 -> 0 | O128: =CR!G87-CR!F87 -> 0 | P128: =CR!H87-CR!G87 -> 0
J129: =J117 -> Type Salarié 8 | L129: =CR!D91-CR!C91 -> 0 | M129: =CR!E91-CR!D91 -> 0 | N129: =CR!F91-CR!E91 -> 0 | O129: =CR!G91-CR!F91 -> 0 | P129: =CR!H91-CR!G91 -> 0
J130: =J118 -> Type Salarié 9 | L130: =CR!D95-CR!C95 -> 0 | M130: =CR!E95-CR!D95 -> 0 | N130: =CR!F95-CR!E95 -> 0 | O130: =CR!G95-CR!F95 -> 0 | P130: =CR!H95-CR!G95 -> 0
J131: =J119 -> Type Salarié 10 | L131: =CR!D99-CR!C99 -> 0 | M131: =CR!E99-CR!D99 -> 0 | N131: =CR!F99-CR!E99 -> 0 | O131: =CR!G99-CR!F99 -> 0 | P131: =CR!H99-CR!G99 -> 0
J133: =CONFIG!D$180 -> Evolution EBE | L133: =L121 -> 2026 | M133: =M121 -> 2027 | N133: =N121 -> 2028 | O133: =O121 -> 2029 | P133: =P121 -> 2030
J134: =CONFIG!D65 -> Chiffre d'affaires | L134: {=INDEX(CR!$D$18:$H$18,1,MATCH(L$133,CR!$D$1:$H$1,0))} -> 0 | M134: {=INDEX(CR!$D$18:$H$18,1,MATCH(M$133,CR!$D$1:$H$1,0))} -> 0 | N134: {=INDEX(CR!$D$18:$H$18,1,MATCH(N$133,CR!$D$1:$H$1,0))} -> 0 | O134: {=INDEX(CR!$D$18:$H$18,1,MATCH(O$133,CR!$D$1:$H$1,0))} -> 0 | P134: {=INDEX(CR!$D$18:$H$18,1,MATCH(P$133,CR!$D$1:$H$1,0))} -> 0
J135: =CONFIG!D73 -> % Marge Brute | L135: =CR!D39 -> n.a | M135: =CR!E39 -> n.a | N135: =CR!F39 -> n.a | O135: =CR!G39 -> n.a | P135: =CR!H39 -> n.a
J136: =CONFIG!D74 -> Autres Achats et Charges Externes | L136: {=index(CR!$D$45:$H$45,1,MATCH(L$133,CR!$D$1:$H$1,0))} -> 0 | M136: {=index(CR!$D$45:$H$45,1,MATCH(M$133,CR!$D$1:$H$1,0))} -> 0 | N136: {=index(CR!$D$45:$H$45,1,MATCH(N$133,CR!$D$1:$H$1,0))} -> 0 | O136: {=index(CR!$D$45:$H$45,1,MATCH(O$133,CR!$D$1:$H$1,0))} -> 0 | P136: {=index(CR!$D$45:$H$45,1,MATCH(P$133,CR!$D$1:$H$1,0))} -> 0
J137: =CONFIG!D75 -> Masse Salariale | L137: {=index(CR!$D$61:$H$61,1,MATCH(L$133,CR!$D$1:$H$1,0))+index(CR!$D$103:$H$103,1,MATCH(L$133,CR!$D$1:$H$1,0))} -> 0 | M137: {=index(CR!$D$61:$H$61,1,MATCH(M$133,CR!$D$1:$H$1,0))+index(CR!$D$103:$H$103,1,MATCH(M$133,CR!$D$1:$H$1,0))} -> 0 | N137: {=index(CR!$D$61:$H$61,1,MATCH(N$133,CR!$D$1:$H$1,0))+index(CR!$D$103:$H$103,1,MATCH(N$133,CR!$D$1:$H$1,0))} -> 0 | O137: {=index(CR!$D$61:$H$61,1,MATCH(O$133,CR!$D$1:$H$1,0))+index(CR!$D$103:$H$103,1,MATCH(O$133,CR!$D$1:$H$1,0))} -> 0 | P137: {=index(CR!$D$61:$H$61,1,MATCH(P$133,CR!$D$1:$H$1,0))+index(CR!$D$103:$H$103,1,MATCH(P$133,CR!$D$1:$H$1,0))} -> 0
J138: Waterfall | L138: Data | M138: Check
J139: =CONFIG!D163&" "&L133 -> EBE 2026 | L139: {=index(CR!$D$105:$H$105,1,MATCH(L$133,CR!$D$1:$H$1,0))} -> 0
...

Sheet CR
A1: =CONFIG!D59 -> Compte de résultat prévisionnel | C1: =D1-1 -> 2025 | D1: =AB1 -> 2026 | E1: =D1+1 -> 2027 | F1: =E1+1 -> 2028 | G1: =F1+1 -> 2029 | H1: =G1+1 -> 2030 | J1: =CONFIG!D60 -> TCAM | K1: =CONFIG!$D$61 -> Croiss. | L1: =CONFIG!$D$61 -> Croiss. | M1: =CONFIG!$D$61 -> Croiss. | N1: =CONFIG!$D$61 -> Croiss. | O1: =CONFIG!$D$61 -> Croiss. | Q1: =YEAR(Q2) -> 2026 | R1: =YEAR(R2) -> 2026 | S1: =YEAR(S2) -> 2026 | T1: =YEAR(T2) -> 2026 | U1: =YEAR(U2) -> 2026 | V1: =YEAR(V2) -> 2026 | W1: =YEAR(W2) -> 2026 | X1: =YEAR(X2) -> 2026 | ... BX1: =YEAR(BX2) -> 2030
A2: COMPLETER UNIQUEMENT LES CASES JAUNES | C2: =EDATE(D2,-12) -> 46022 | D2: =EDATE(date(AB1,MONTH(AB2),1),1)-1 -> 46387 | E2: =EDATE(D2,12) -> 46752 | F2: =EDATE(E2,12) -> 47118 | G2: =EDATE(F2,12) -> 47483 | H2: =EDATE(G2,12) -> 47848 | J2: =RIGHT(D1,2)&"-"&RIGHT(H1,2) -> 26-30 | K2: =RIGHT(C1,2)&"-"&RIGHT(D1,2) -> 25-26 | L2: =RIGHT(D1,2)&"-"&RIGHT(E1,2) -> 26-27 | M2: =RIGHT(E1,2)&"-"&RIGHT(F1,2) -> 27-28 | N2: =RIGHT(F1,2)&"-"&RIGHT(G1,2) -> 28-29 | O2: =RIGHT(G1,2)&"-"&RIGHT(H1,2) -> 29-30 | Q2: =DATE(CONFIG!C14,MOD(CONFIG!C13+1,12),1) -> 46023 | R2: =EDATE(Q2,1) -> 46054 | S2: =EDATE(R2,1) -> 46082 | T2: =EDATE(S2,1) -> 46113 | U2: =EDATE(T2,1) -> 46143 | V2: =EDATE(U2,1) -> 46174 | W2: =EDATE(V2,1) -> 46204 | X2: =EDATE(W2,1) -> 46235 | Y2: =EDATE(X2,1) -> 46266 | ... BX2: =EDATE(BW2,1) -> 47818
A3: Type de client 1 | D3: =SUM(Q3:AB3) -> 0 | E3: =SUM(AC3:AN3) -> 0 | F3: =SUM(AO3:AZ3) -> 0 | G3: =SUM(BA3:BL3) -> 0 | H3: =SUM(BM3:BX3) -> 0 | J3: =IFERROR((H3/D3)^(1/4)-1,"-") -> - | K3: =IFERROR(D3/C3-1,"-") -> - | L3: =IFERROR(E3/D3-1,"-") -> - | M3: =IFERROR(F3/E3-1,"-") -> - | N3: =IFERROR(G3/F3-1,"-") -> - | O3: =IFERROR(H3/G3-1,"-") -> - | Q3: =Q4*Q5 -> 0 | R3: =R4*R5 -> 0 | S3: =S4*S5 -> 0 | T3: =T4*T5 -> 0 | U3: =U4*U5 -> 0 | V3: =V4*V5 -> 0 | W3: =W4*W5 -> 0 | X3: =X4*X5 -> 0 | ... BX3: =BX4*BX5 -> 0
A4: Nombre de clients | D4: =SUM(Q4:AB4) -> 0 | E4: =SUM(AC4:AN4) -> 0 | F4: =SUM(AO4:AZ4) -> 0 | G4: =SUM(BA4:BL4) -> 0 | H4: =SUM(BM4:BX4) -> 0 | J4: =IFERROR((H4/D4)^(1/4)-1,"-") -> - | K4: =IFERROR(D4/C4-1,"-") -> - | L4: =IFERROR(E4/D4-1,"-") -> - | M4: =IFERROR(F4/E4-1,"-") -> - | N4: =IFERROR(G4/F4-1,"-") -> - | O4: =IFERROR(H4/G4-1,"-") -> -
A5: =CONFIG!$D$64 -> Prix unitaire | D5: =IFERROR(SUMPRODUCT(Q4:AB4,Q5:AB5)/D4,0) -> 0 | E5: =IFERROR(SUMPRODUCT(AC4:AN4,AC5:AN5)/E4,0) -> 0 | F5: =IFERROR(SUMPRODUCT(AO4:AZ4,AO5:AZ5)/F4,0) -> 0 | G5: =IFERROR(SUMPRODUCT(BA4:BL4,BA5:BL5)/G4,0) -> 0 | H5: =IFERROR(SUMPRODUCT(BM4:BX4,BM5:BX5)/H4,0) -> 0 | J5: =IFERROR((H5/D5)^(1/4)-1,"-") -> - | K5: =IFERROR(D5/C5-1,"-") -> - | L5: =IFERROR(E5/D5-1,"-") -> - | M5: =IFERROR(F5/E5-1,"-") -> - | N5: =IFERROR(G5/F5-1,"-") -> - | O5: =IFERROR(H5/G5-1,"-") -> -
A6: Type de client 2 | D6: =SUM(Q6:AB6) -> 0 | E6: =SUM(AC6:AN6) -> 0 | F6: =SUM(AO6:AZ6) -> 0 | G6: =SUM(BA6:BL6) -> 0 | H6: =SUM(BM6:BX6) -> 0 | J6: =IFERROR((H6/D6)^(1/4)-1,"-") -> - | K6: =IFERROR(D6/C6-1,"-") -> - | L6: =IFERROR(E6/D6-1,"-") -> - | M6: =IFERROR(F6/E6-1,"-") -> - | N6: =IFERROR(G6/F6-1,"-") -> - | O6: =IFERROR(H6/G6-1,"-") -> - | Q6: =Q7*Q8 -> 0 | R6: =R7*R8 -> 0 | S6: =S7*S8 -> 0 | T6: =T7*T8 -> 0 | U6: =U7*U8 -> 0 | V6: =V7*V8 -> 0 | W6: =W7*W8 -> 0 | X6: =X7*X8 -> 0 | ... BX6: =BX7*BX8 -> 0
A7: =CONFIG!$D$63 -> Volume | D7: =SUM(Q7:AB7) -> 0 | E7: =SUM(AC7:AN7) -> 0 | F7: =SUM(AO7:AZ7) -> 0 | G7: =SUM(BA7:BL7) -> 0 | H7: =SUM(BM7:BX7) -> 0 | J7: =IFERROR((H7/D7)^(1/4)-1,"-") -> - | K7: =IFERROR(D7/C7-1,"-") -> - | L7: =IFERROR(E7/D7-1,"-") -> - | M7: =IFERROR(F7/E7-1,"-") -> - | N7: =IFERROR(G7/F7-1,"-") -> - | O7: =IFERROR(H7/G7-1,"-") -> - | Q7: 0 | R7: 0 | S7: 0 | T7: 0 | U7: 0 | V7: 0 | W7: 0 | X7: 0 | Y7: 0 | Z7: 0 | AA7: 0 | AB7: 0 | AC7: 0 | AD7: 0 | AE7: 0 | AF7: 0 | AG7: 0 | AH7: 0 | AI7: 0 | AJ7: 0 | AK7: 0 | AL7: 0 | AM7: 0 | AN7: 0 | AO7: 0 | AP7: 0 | AQ7: 0 | AR7: 0 | AS7: 0 | AT7: 0 | AU7: 0 | AV7: 0 | AW7: 0 | AX7: 0 | AY7: 0 | AZ7: 0 | BA7: 0 | BB7: 0 | BC7: 0 | BD7: 0 | BE7: 0 | BF7: 0 | BG7: 0 | BH7: 0 | BI7: 0 | BJ7: 0 | BK7: 0 | BL7: 0 | BM7: 0 | BN7: 0 | BO7: 0 | BP7: 0 | BQ7: 0 | BR7: 0 | BS7: 0 | BT7: 0 | BU7: 0 | BV7: 0 | BW7: 0 | BX7: 0
A8: =CONFIG!$D$64 -> Prix unitaire | D8: =IFERROR(SUMPRODUCT(Q7:AB7,Q8:AB8)/D7,0) -> 0 | E8: =IFERROR(SUMPRODUCT(AC7:AN7,AC8:AN8)/E7,0) -> 0 | F8: =IFERROR(SUMPRODUCT(AO7:AZ7,AO8:AZ8)/F7,0) -> 0 | G8: =IFERROR(SUMPRODUCT(BA7:BL7,BA8:BL8)/G7,0) -> 0 | H8: =IFERROR(SUMPRODUCT(BM7:BX7,BM8:BX8)/H7,0) -> 0 | J8: =IFERROR((H8/D8)^(1/4)-1,"-") -> - | K8: =IFERROR(D8/C8-1,"-") -> - | L8: =IFERROR(E8/D8-1,"-") -> - | M8: =IFERROR(F8/E8-1,"-") -> - | N8: =IFERROR(G8/F8-1,"-") -> - | O8: =IFERROR(H8/G8-1,"-") -> - | Q8: 0 | R8: 0 | S8: 0 | T8: 0 | U8: 0 | V8: 0 | W8: 0 | X8: 0 | Y8: 0 | Z8: 0 | AA8: 0 | AB8: 0 | AC8: 0 | AD8: 0 | AE8: 0 | AF8: 0 | AG8: 0 | AH8: 0 | AI8: 0 | AJ8: 0 | AK8: 0 | AL8: 0 | AM8: 0 | AN8: 0 | AO8: 0 | AP8: 0 | AQ8: 0 | AR8: 0 | AS8: 0 | AT8: 0 | AU8: 0 | AV8: 0 | AW8: 0 | AX8: 0 | AY8: 0 | AZ8: 0 | BA8: 0 | BB8: 0 | BC8: 0 | BD8: 0 | BE8: 0 | BF8: 0 | BG8: 0 | BH8: 0 | BI8: 0 | BJ8: 0 | BK8: 0 | BL8: 0 | BM8: 0 | BN8: 0 | BO8: 0 | BP8: 0 | BQ8: 0 | BR8: 0 | BS8: 0 | BT8: 0 | BU8: 0 | BV8: 0 | BW8: 0 | BX8: 0
A9: Activité 3 | D9: =SUM(Q9:AB9) -> 0 | E9: =SUM(AC9:AN9) -> 0 | F9: =SUM(AO9:AZ9) -> 0 | G9: =SUM(BA9:BL9) -> 0 | H9: =SUM(BM9:BX9) -> 0 | J9: =IFERROR((H9/D9)^(1/4)-1,"-") -> - | K9: =IFERROR(D9/C9-1,"-") -> - | L9: =IFERROR(E9/D9-1,"-") -> - | M9: =IFERROR(F9/E9-1,"-") -> - | N9: =IFERROR(G9/F9-1,"-") -> - | O9: =IFERROR(H9/G9-1,"-") -> - | Q9: =Q10*Q11 -> 0 | R9: =R10*R11 -> 0 | S9: =S10*S11 -> 0 | T9: =T10*T11 -> 0 | U9: =U10*U11 -> 0 | V9: =V10*V11 -> 0 | W9: =W10*W11 -> 0 | X9: =X10*X11 -> 0 | ... BX9: =BX10*BX11 -> 0
A10: =CONFIG!$D$63 -> Volume | D10: =SUM(Q10:AB10) -> 0 | E10: =SUM(AC10:AN10) -> 0 | F10: =SUM(AO10:AZ10) -> 0 | G10: =SUM(BA10:BL10) -> 0 | H10: =SUM(BM10:BX10) -> 0 | J10: =IFERROR((H10/D10)^(1/4)-1,"-") -> - | K10: =IFERROR(D10/C10-1,"-") -> - | L10: =IFERROR(E10/D10-1,"-") -> - | M10: =IFERROR(F10/E10-1,"-") -> - | N10: =IFERROR(G10/F10-1,"-") -> - | O10: =IFERROR(H10/G10-1,"-") -> - | Q10: 0 | R10: 0 | S10: 0 | T10: 0 | U10: 0 | V10: 0 | W10: 0 | X10: 0 | Y10: 0 | Z10: 0 | AA10: 0 | AB10: 0 | AC10: 0 | AD10: 0 | AE10: 0 | AF10: 0 | AG10: 0 | AH10: 0 | AI10: 0 | AJ10: 0 | AK10: 0 | AL10: 0 | AM10: 0 | AN10: 0 | AO10: 0 | AP10: 0 | AQ10: 0 | AR10: 0 | AS10: 0 | AT10: 0 | AU10: 0 | AV10: 0 | AW10: 0 | AX10: 0 | AY10: 0 | AZ10: 0 | BA10: 0 | BB10: 0 | BC10: 0 | BD10: 0 | BE10: 0 | BF10: 0 | BG10: 0 | BH10: 0 | BI10: 0 | BJ10: 0 | BK10: 0 | BL10: 0 | BM10: 0 | BN10: 0 | BO10: 0 | BP10: 0 | BQ10: 0 | BR10: 0 | BS10: 0 | BT10: 0 | BU10: 0 | BV10: 0 | BW10: 0 | BX10: 0
A11: =CONFIG!$D$64 -> Prix unitaire | D11: =IFERROR(SUMPRODUCT(Q10:AB10,Q11:AB11)/D10,0) -> 0 | E11: =IFERROR(SUMPRODUCT(AC10:AN10,AC11:AN11)/E10,0) -> 0 | F11: =IFERROR(SUMPRODUCT(AO10:AZ10,AO11:AZ11)/F10,0) -> 0 | G11: =IFERROR(SUMPRODUCT(BA10:BL10,BA11:BL11)/G10,0) -> 0 | H11: =IFERROR(SUMPRODUCT(BM10:BX10,BM11:BX11)/H10,0) -> 0 | J11: =IFERROR((H11/D11)^(1/4)-1,"-") -> - | K11: =IFERROR(D11/C11-1,"-") -> - | L11: =IFERROR(E11/D11-1,"-") -> - | M11: =IFERROR(F11/E11-1,"-") -> - | N11: =IFERROR(G11/F11-1,"-") -> - | O11: =IFERROR(H11/G11-1,"-") -> - | Q11: 0 | R11: 0 | S11: 0 | T11: 0 | U11: 0 | V11: 0 | W11: 0 | X11: 0 | Y11: 0 | Z11: 0 | AA11: 0 | AB11: 0 | AC11: 0 | AD11: 0 | AE11: 0 | AF11: 0 | AG11: 0 | AH11: 0 | AI11: 0 | AJ11: 0 | AK11: 0 | AL11: 0 | AM11: 0 | AN11: 0 | AO11: 0 | AP11: 0 | AQ11: 0 | AR11: 0 | AS11: 0 | AT11: 0 | AU11: 0 | AV11: 0 | AW11: 0 | AX11: 0 | AY11: 0 | AZ11: 0 | BA11: 0 | BB11: 0 | BC11: 0 | BD11: 0 | BE11: 0 | BF11: 0 | BG11: 0 | BH11: 0 | BI11: 0 | BJ11: 0 | BK11: 0 | BL11: 0 | BM11: 0 | BN11: 0 | BO11: 0 | BP11: 0 | BQ11: 0 | BR11: 0 | BS11: 0 | BT11: 0 | BU11: 0 | BV11: 0 | BW11: 0 | BX11: 0
A12: Activité 4 | D12: =SUM(Q12:AB12) -> 0 | E12: =SUM(AC12:AN12) -> 0 | F12: =SUM(AO12:AZ12) -> 0 | G12: =SUM(BA12:BL12) -> 0 | H12: =SUM(BM12:BX12) -> 0 | J12: =IFERROR((H12/D12)^(1/4)-1,"-") -> - | K12: =IFERROR(D12/C12-1,"-") -> - | L12: =IFERROR(E12/D12-1,"-") -> - | M12: =IFERROR(F12/E12-1,"-") -> - | N12: =IFERROR(G12/F12-1,"-") -> - | O12: =IFERROR(H12/G12-1,"-") -> - | Q12: =Q13*Q14 -> 0 | R12: =R13*R14 -> 0 | S12: =S13*S14 -> 0 | T12: =T13*T14 -> 0 | U12: =U13*U14 -> 0 | V12: =V13*V14 -> 0 | W12: =W13*W14 -> 0 | X12: =X13*X14 -> 0 | ... BX12: =BX13*BX14 -> 0
A13: =CONFIG!$D$63 -> Volume | D13: =SUM(Q13:AB13) -> 0 | E13: =SUM(AC13:AN13) -> 0 | F13: =SUM(AO13:AZ13) -> 0 | G13: =SUM(BA13:BL13) -> 0 | H13: =SUM(BM13:BX13) -> 0 | J13: =IFERROR((H13/D13)^(1/4)-1,"-") -> - | K13: =IFERROR(D13/C13-1,"-") -> - | L13: =IFERROR(E13/D13-1,"-") -> - | M13: =IFERROR(F13/E13-1,"-") -> - | N13: =IFERROR(G13/F13-1,"-") -> - | O13: =IFERROR(H13/G13-1,"-") -> -
A14: =CONFIG!$D$64 -> Prix unitaire | D14: =IFERROR(SUMPRODUCT(Q13:AB13,Q14:AB14)/D13,0) -> 0 | E14: =IFERROR(SUMPRODUCT(AC13:AN13,AC14:AN14)/E13,0) -> 0 | F14: =IFERROR(SUMPRODUCT(AO13:AZ13,AO14:AZ14)/F13,0) -> 0 | G14: =IFERROR(SUMPRODUCT(BA13:BL13,BA14:BL14)/G13,0) -> 0 | H14: =IFERROR(SUMPRODUCT(BM13:BX13,BM14:BX14)/H13,0) -> 0 | J14: =IFERROR((H14/D14)^(1/4)-1,"-") -> - | K14: =IFERROR(D14/C14-1,"-") -> - | L14: =IFERROR(E14/D14-1,"-") -> - | M14: =IFERROR(F14/E14-1,"-") -> - | N14: =IFERROR(G14/F14-1,"-") -> - | O14: =IFERROR(H14/G14-1,"-") -> -
A15: Activité 5 | D15: =SUM(Q15:AB15) -> 0 | E15: =SUM(AC15:AN15) -> 0 | F15: =SUM(AO15:AZ15) -> 0 | G15: =SUM(BA15:BL15) -> 0 | H15: =SUM(BM15:BX15) -> 0 | J15: =IFERROR((H15/D15)^(1/4)-1,"-") -> - | K15: =IFERROR(D15/C15-1,"-") -> - | L15: =IFERROR(E15/D15-1,"-") -> - | M15: =IFERROR(F15/E15-1,"-") -> - | N15: =IFERROR(G15/F15-1,"-") -> - | O15: =IFERROR(H15/G15-1,"-") -> - | Q15: =Q16*Q17 -> 0 | R15: =R16*R17 -> 0 | S15: =S16*S17 -> 0 | T15: =T16*T17 -> 0 | U15: =U16*U17 -> 0 | V15: =V16*V17 -> 0 | W15: =W16*W17 -> 0 | X15: =X16*X17 -> 0 | ... BX15: =BX16*BX17 -> 0
A16: =CONFIG!$D$63 -> Volume | D16: =SUM(Q16:AB16) -> 0 | E16: =SUM(AC16:AN16) -> 0 | F16: =SUM(AO16:AZ16) -> 0 | G16: =SUM(BA16:BL16) -> 0 | H16: =SUM(BM16:BX16) -> 0 | J16: =IFERROR((H16/D16)^(1/4)-1,"-") -> - | K16: =IFERROR(D16/C16-1,"-") -> - | L16: =IFERROR(E16/D16-1,"-") -> - | M16: =IFERROR(F16/E16-1,"-") -> - | N16: =IFERROR(G16/F16-1,"-") -> - | O16: =IFERROR(H16/G16-1,"-") -> -
A17: =CONFIG!$D$64 -> Prix unitaire | D17: =IFERROR(SUMPRODUCT(Q16:AB16,Q17:AB17)/D16,0) -> 0 | E17: =IFERROR(SUMPRODUCT(AC16:AN16,AC17:AN17)/E16,0) -> 0 | F17: =IFERROR(SUMPRODUCT(AO16:AZ16,AO17:AZ17)/F16,0) -> 0 | G17: =IFERROR(SUMPRODUCT(BA16:BL16,BA17:BL17)/G16,0) -> 0 | H17: =IFERROR(SUMPRODUCT(BM16:BX16,BM17:BX17)/H16,0) -> 0 | J17: =IFERROR((H17/D17)^(1/4)-1,"-") -> - | K17: =IFERROR(D17/C17-1,"-") -> - | L17: =IFERROR(E17/D17-1,"-") -> - | M17: =IFERROR(F17/E17-1,"-") -> - | N17: =IFERROR(G17/F17-1,"-") -> - | O17: =IFERROR(H17/G17-1,"-") -> -
A18: =CONFIG!$D$65 -> Chiffre d'affaires | C18: =SUM(C3,C6,C9,C12,C15) -> 0 | D18: =SUM(D3,D6,D9,D12,D15) -> 0 | E18: =SUM(E3,E6,E9,E12,E15) -> 0 | F18: =SUM(F3,F6,F9,F12,F15) -> 0 | G18: =SUM(G3,G6,G9,G12,G15) -> 0 | H18: =SUM(H3,H6,H9,H12,H15) -> 0 | J18: =IFERROR((H18/D18)^(1/4)-1,"-") -> - | K18: =IFERROR(D18/C18-1,"-") -> - | L18: =IFERROR(E18/D18-1,"-") -> - | M18: =IFERROR(F18/E18-1,"-") -> - | N18: =IFERROR(G18/F18-1,"-") -> - | O18: =IFERROR(H18/G18-1,"-") -> - | Q18: =SUM(Q3,Q6,Q9,Q12,Q15) -> 0 | R18: =SUM(R3,R6,R9,R12,R15) -> 0 | S18: =SUM(S3,S6,S9,S12,S15) -> 0 | T18: =SUM(T3,T6,T9,T12,T15) -> 0 | U18: =SUM(U3,U6,U9,U12,U15) -> 0 | V18: =SUM(V3,V6,V9,V12,V15) -> 0 | W18: =SUM(W3,W6,W9,W12,W15) -> 0 | X18: =SUM(X3,X6,X9,X12,X15) -> 0 | ... BX18: =SUM(BX3,BX6,BX9,BX12,BX15) -> 0
A19: =CONFIG!$D$66 -> Subventions d'exploitation | D19: =SUM(Q19:AB19) -> 0 | E19: =SUM(AC19:AN19) -> 0 | F19: =SUM(AO19:AZ19) -> 0 | G19: =SUM(BA19:BL19) -> 0 | H19: =SUM(BM19:BX19) -> 0 | J19: =IFERROR((H19/D19)^(1/4)-1,"-") -> - | K19: =IFERROR(D19/C19-1,"-") -> - | L19: =IFERROR(E19/D19-1,"-") -> - | M19: =IFERROR(F19/E19-1,"-") -> - | N19: =IFERROR(G19/F19-1,"-") -> - | O19: =IFERROR(H19/G19-1,"-") -> - | Q19: =sum(Q20:Q24) -> 0 | R19: =sum(R20:R24) -> 0 | S19: =sum(S20:S24) -> 0 | T19: =sum(T20:T24) -> 0 | U19: =sum(U20:U24) -> 0 | V19: =sum(V20:V24) -> 0 | W19: =sum(W20:W24) -> 0 | X19: =sum(X20:X24) -> 0 | ... BX19: =sum(BX20:BX24) -> 0
A20: Subvention 1 | D20: =SUM(Q20:AB20) -> 0 | E20: =SUM(AC20:AN20) -> 0 | F20: =SUM(AO20:AZ20) -> 0 | G20: =SUM(BA20:BL20) -> 0 | H20: =SUM(BM20:BX20) -> 0 | J20: =IFERROR((H20/D20)^(1/4)-1,"-") -> -
A21: Subvention 2 | D21: =SUM(Q21:AB21) -> 0 | E21: =SUM(AC21:AN21) -> 0 | F21: =SUM(AO21:AZ21) -> 0 | G21: =SUM(BA21:BL21) -> 0 | H21: =SUM(BM21:BX21) -> 0 | J21: =IFERROR((H21/D21)^(1/4)-1,"-") -> -
A22: Subvention 3 | D22: =SUM(Q22:AB22) -> 0 | E22: =SUM(AC22:AN22) -> 0 | F22: =SUM(AO22:AZ22) -> 0 | G22: =SUM(BA22:BL22) -> 0 | H22: =SUM(BM22:BX22) -> 0 | J22: =IFERROR((H22/D22)^(1/4)-1,"-") -> -
A23: Subvention 4 | D23: =SUM(Q23:AB23) -> 0 | E23: =SUM(AC23:AN23) -> 0 | F23: =SUM(AO23:AZ23) -> 0 | G23: =SUM(BA23:BL23) -> 0 | H23: =SUM(BM23:BX23) -> 0 | J23: =IFERROR((H23/D23)^(1/4)-1,"-") -> -
A24: Subvention 5 | D24: =SUM(Q24:AB24) -> 0 | E24: =SUM(AC24:AN24) -> 0 | F24: =SUM(AO24:AZ24) -> 0 | G24: =SUM(BA24:BL24) -> 0 | H24: =SUM(BM24:BX24) -> 0 | J24: =IFERROR((H24/D24)^(1/4)-1,"-") -> -
A25: =CONFIG!D67 -> Production Immobilisée | D25: =SUM(Q25:AB25) -> 0 | E25: =SUM(AC25:AN25) -> 0 | F25: =SUM(AO25:AZ25) -> 0 | G25: =SUM(BA25:BL25) -> 0 | H25: =SUM(BM25:BX25) -> 0 | J25: =IFERROR((H25/D25)^(1/4)-1,"-") -> - | K25: =IFERROR(D25/C25-1,"-") -> - | L25: =IFERROR(E25/D25-1,"-") -> - | M25: =IFERROR(F25/E25-1,"-") -> - | N25: =IFERROR(G25/F25-1,"-") -> - | O25: =IFERROR(H25/G25-1,"-") -> - | Q25: 0 | R25: 0 | S25: 0 | T25: 0 | U25: 0 | V25: 0 | W25: 0 | X25: 0 | Y25: 0 | Z25: 0 | AA25: 0 | AB25: 0 | AC25: 0 | AD25: 0 | AE25: 0 | AF25: 0 | AG25: 0 | AH25: 0 | AI25: 0 | AJ25: 0 | AK25: 0 | AL25: 0 | AM25: 0 | AN25: 0 | AO25: 0 | AP25: 0 | AQ25: 0 | AR25: 0 | AS25: 0 | AT25: 0 | AU25: 0 | AV25: 0 | AW25: 0 | AX25: 0 | AY25: 0 | AZ25: 0 | BA25: 0 | BB25: 0 | BC25: 0 | BD25: 0 | BE25: 0 | BF25: 0 | BG25: 0 | BH25: 0 | BI25: 0 | BJ25: 0 | BK25: 0 | BL25: 0 | BM25: 0 | BN25: 0 | BO25: 0 | BP25: 0 | BQ25: 0 | BR25: 0 | BS25: 0 | BT25: 0 | BU25: 0 | BV25: 0 | BW25: 0 | BX25: 0
A26: =CONFIG!D68 -> Produits d'exploitation | C26: =C18+C19+C25 -> 0 | D26: =D18+D19+D25 -> 0 | E26: =E18+E19+E25 -> 0 | F26: =F18+F19+F25 -> 0 | G26: =G18+G19+G25 -> 0 | H26: =H18+H19+H25 -> 0 | J26: =IFERROR((H26/D26)^(1/4)-1,"-") -> - | K26: =IFERROR(D26/C26-1,"-") -> - | L26: =IFERROR(E26/D26-1,"-") -> - | M26: =IFERROR(F26/E26-1,"-") -> - | N26: =IFERROR(G26/F26-1,"-") -> - | O26: =IFERROR(H26/G26-1,"-") -> - | Q26: =Q18+Q19+Q25 -> 0 | R26: =R18+R19+R25 -> 0 | S26: =S18+S19+S25 -> 0 | T26: =T18+T19+T25 -> 0 | U26: =U18+U19+U25 -> 0 | V26: =V18+V19+V25 -> 0 | W26: =W18+W19+W25 -> 0 | X26: =X18+X19+X25 -> 0 | ... BX26: =BX18+BX19+BX25 -> 0
A27: =CONFIG!D69 -> Achats de marchandises et de matières premières | D27: =SUM(Q27:AB27) -> 0 | E27: =SUM(AC27:AN27) -> 0 | F27: =SUM(AO27:AZ27) -> 0 | G27: =SUM(BA27:BL27) -> 0 | H27: =SUM(BM27:BX27) -> 0 | J27: =IFERROR((H27/D27)^(1/4)-1,"-") -> - | K27: =IFERROR(D27/C27-1,"-") -> - | L27: =IFERROR(E27/D27-1,"-") -> - | M27: =IFERROR(F27/E27-1,"-") -> - | N27: =IFERROR(G27/F27-1,"-") -> - | O27: =IFERROR(H27/G27-1,"-") -> - | Q27: =SUM(Q28,Q30,Q32,Q34,Q36) -> 0 | R27: =SUM(R28,R30,R32,R34,R36) -> 0 | S27: =SUM(S28,S30,S32,S34,S36) -> 0 | T27: =SUM(T28,T30,T32,T34,T36) -> 0 | U27: =SUM(U28,U30,U32,U34,U36) -> 0 | V27: =SUM(V28,V30,V32,V34,V36) -> 0 | W27: =SUM(W28,W30,W32,W34,W36) -> 0 | X27: =SUM(X28,X30,X32,X34,X36) -> 0 | ... BX27: =SUM(BX28,BX30,BX32,BX34,BX36) -> 0
A28: =CONFIG!$D$70&" "&A3 -> AMMP Type de client 1 | D28: =SUM(Q28:AB28) -> 0 | E28: =SUM(AC28:AN28) -> 0 | F28: =SUM(AO28:AZ28) -> 0 | G28: =SUM(BA28:BL28) -> 0 | H28: =SUM(BM28:BX28) -> 0 | J28: =IFERROR((H28/D28)^(1/4)-1,"-") -> - | K28: =IFERROR(D28/C28-1,"-") -> - | L28: =IFERROR(E28/D28-1,"-") -> - | M28: =IFERROR(F28/E28-1,"-") -> - | N28: =IFERROR(G28/F28-1,"-") -> - | O28: =IFERROR(H28/G28-1,"-") -> - | Q28: =Q29*Q4 -> 0 | R28: =R29*R4 -> 0 | S28: =S29*S4 -> 0 | T28: =T29*T4 -> 0 | U28: =U29*U4 -> 0 | V28: =V29*V4 -> 0 | W28: =W29*W4 -> 0 | X28: =X29*X4 -> 0 | ... BX28: =BX29*BX4 -> 0
A29: =CONFIG!$D$71 -> Coût unitaire | D29: =IFERROR(SUMPRODUCT(Q28:AB28,Q29:AB29)/D28,0) -> 0 | E29: =IFERROR(SUMPRODUCT(AC28:AN28,AC29:AN29)/E28,0) -> 0 | F29: =IFERROR(SUMPRODUCT(AO28:AZ28,AO29:AZ29)/F28,0) -> 0 | G29: =IFERROR(SUMPRODUCT(BA28:BL28,BA29:BL29)/G28,0) -> 0 | H29: =IFERROR(SUMPRODUCT(BM28:BX28,BM29:BX29)/H28,0) -> 0 | J29: =IFERROR((H29/D29)^(1/4)-1,"-") -> - | K29: =IFERROR(D29/C29-1,"-") -> - | L29: =IFERROR(E29/D29-1,"-") -> - | M29: =IFERROR(F29/E29-1,"-") -> - | N29: =IFERROR(G29/F29-1,"-") -> - | O29: =IFERROR(H29/G29-1,"-") -> - | Q29: 0 | R29: 0 | S29: 0 | T29: 0 | U29: 0 | V29: 0 | W29: 0 | X29: 0 | Y29: 0 | Z29: 0 | AA29: 0 | AB29: 0 | AC29: 0 | AD29: 0 | AE29: 0 | AF29: 0 | AG29: 0 | AH29: 0 | AI29: 0 | AJ29: 0 | AK29: 0 | AL29: 0 | AM29: 0 | AN29: 0 | AO29: 0 | AP29: 0 | AQ29: 0 | AR29: 0 | AS29: 0 | AT29: 0 | AU29: 0 | AV29: 0 | AW29: 0 | AX29: 0 | AY29: 0 | AZ29: 0 | BA29: 0 | BB29: 0 | BC29: 0 | BD29: 0 | BE29: 0 | BF29: 0 | BG29: 0 | BH29: 0 | BI29: 0 | BJ29: 0 | BK29: 0 | BL29: 0 | BM29: 0 | BN29: 0 | BO29: 0 | BP29: 0 | BQ29: 0 | BR29: 0 | BS29: 0 | BT29: 0 | BU29: 0 | BV29: 0 | BW29: 0 | BX29: 0
A30: =CONFIG!$D$70&" "&A6 -> AMMP Type de client 2 | D30: =SUM(Q30:AB30) -> 0 | E30: =SUM(AC30:AN30) -> 0 | F30: =SUM(AO30:AZ30) -> 0 | G30: =SUM(BA30:BL30) -> 0 | H30: =SUM(BM30:BX30) -> 0 | J30: =IFERROR((H30/D30)^(1/4)-1,"-") -> - | K30: =IFERROR(D30/C30-1,"-") -> - | L30: =IFERROR(E30/D30-1,"-") -> - | M30: =IFERROR(F30/E30-1,"-") -> - | N30: =IFERROR(G30/F30-1,"-") -> - | O30: =IFERROR(H30/G30-1,"-") -> - | Q30: =Q31*Q7 -> 0 | R30: =R31*R7 -> 0 | S30: =S31*S7 -> 0 | T30: =T31*T7 -> 0 | U30: =U31*U7 -> 0 | V30: =V31*V7 -> 0 | W30: =W31*W7 -> 0 | X30: =X31*X7 -> 0 | ... BX30: =BX31*BX7 -> 0
A31: =CONFIG!$D$71 -> Coût unitaire | D31: =IFERROR(SUMPRODUCT(Q30:AB30,Q31:AB31)/D30,0) -> 0 | E31: =IFERROR(SUMPRODUCT(AC30:AN30,AC31:AN31)/E30,0) -> 0 | F31: =IFERROR(SUMPRODUCT(AO30:AZ30,AO31:AZ31)/F30,0) -> 0 | G31: =IFERROR(SUMPRODUCT(BA30:BL30,BA31:BL31)/G30,0) -> 0 | H31: =IFERROR(SUMPRODUCT(BM30:BX30,BM31:BX31)/H30,0) -> 0 | J31: =IFERROR((H31/D31)^(1/4)-1,"-") -> - | K31: =IFERROR(D31/C31-1,"-") -> - | L31: =IFERROR(E31/D31-1,"-") -> - | M31: =IFERROR(F31/E31-1,"-") -> - | N31: =IFERROR(G31/F31-1,"-") -> - | O31: =IFERROR(H31/G31-1,"-") -> - | Q31: 0 | R31: 0 | S31: 0 | T31: 0 | U31: 0 | V31: 0 | W31: 0 | X31: 0 | Y31: 0 | Z31: 0 | AA31: 0 | AB31: 0 | AC31: 0 | AD31: 0 | AE31: 0 | AF31: 0 | AG31: 0 | AH31: 0 | AI31: 0 | AJ31: 0 | AK31: 0 | AL31: 0 | AM31: 0 | AN31: 0 | AO31: 0 | AP31: 0 | AQ31: 0 | AR31: 0 | AS31: 0 | AT31: 0 | AU31: 0 | AV31: 0 | AW31: 0 | AX31: 0 | AY31: 0 | AZ31: 0 | BA31: 0 | BB31: 0 | BC31: 0 | BD31: 0 | BE31: 0 | BF31: 0 | BG31: 0 | BH31: 0 | BI31: 0 | BJ31: 0 | BK31: 0 | BL31: 0 | BM31: 0 | BN31: 0 | BO31: 0 | BP31: 0 | BQ31: 0 | BR31: 0 | BS31: 0 | BT31: 0 | BU31: 0 | BV31: 0 | BW31: 0 | BX31: 0
A32: =CONFIG!$D$70&" "&A9 -> AMMP Activité 3 | D32: =SUM(Q32:AB32) -> 0 | E32: =SUM(AC32:AN32) -> 0 | F32: =SUM(AO32:AZ32) -> 0 | G32: =SUM(BA32:BL32) -> 0 | H32: =SUM(BM32:BX32) -> 0 | J32: =IFERROR((H32/D32)^(1/4)-1,"-") -> - | K32: =IFERROR(D32/C32-1,"-") -> - | L32: =IFERROR(E32/D32-1,"-") -> - | M32: =IFERROR(F32/E32-1,"-") -> - | N32: =IFERROR(G32/F32-1,"-") -> - | O32: =IFERROR(H32/G32-1,"-") -> - | Q32: =Q33*Q10 -> 0 | R32: =R33*R10 -> 0 | S32: =S33*S10 -> 0 | T32: =T33*T10 -> 0 | U32: =U33*U10 -> 0 | V32: =V33*V10 -> 0 | W32: =W33*W10 -> 0 | X32: =X33*X10 -> 0 | ... BX32: =BX33*BX10 -> 0
A33: =CONFIG!$D$71 -> Coût unitaire | D33: =IFERROR(SUMPRODUCT(Q32:AB32,Q33:AB33)/D32,0) -> 0 | E33: =IFERROR(SUMPRODUCT(AC32:AN32,AC33:AN33)/E32,0) -> 0 | F33: =IFERROR(SUMPRODUCT(AO32:AZ32,AO33:AZ33)/F32,0) -> 0 | G33: =IFERROR(SUMPRODUCT(BA32:BL32,BA33:BL33)/G32,0) -> 0 | H33: =IFERROR(SUMPRODUCT(BM32:BX32,BM33:BX33)/H32,0) -> 0 | J33: =IFERROR((H33/D33)^(1/4)-1,"-") -> - | K33: =IFERROR(D33/C33-1,"-") -> - | L33: =IFERROR(E33/D33-1,"-") -> - | M33: =IFERROR(F33/E33-1,"-") -> - | N33: =IFERROR(G33/F33-1,"-") -> - | O33: =IFERROR(H33/G33-1,"-") -> - | Q33: 0 | R33: 0 | S33: 0 | T33: 0 | U33: 0 | V33: 0 | W33: 0 | X33: 0 | Y33: 0 | Z33: 0 | AA33: 0 | AB33: 0 | AC33: 0 | AD33: 0 | AE33: 0 | AF33: 0 | AG33: 0 | AH33: 0 | AI33: 0 | AJ33: 0 | AK33: 0 | AL33: 0 | AM33: 0 | AN33: 0 | AO33: 0 | AP33: 0 | AQ33: 0 | AR33: 0 | AS33: 0 | AT33: 0 | AU33: 0 | AV33: 0 | AW33: 0 | AX33: 0 | AY33: 0 | AZ33: 0 | BA33: 0 | BB33: 0 | BC33: 0 | BD33: 0 | BE33: 0 | BF33: 0 | BG33: 0 | BH33: 0 | BI33: 0 | BJ33: 0 | BK33: 0 | BL33: 0 | BM33: 0 | BN33: 0 | BO33: 0 | BP33: 0 | BQ33: 0 | BR33: 0 | BS33: 0 | BT33: 0 | BU33: 0 | BV33: 0 | BW33: 0 | BX33: 0
A34: =CONFIG!$D$70&" "&A12 -> AMMP Activité 4 | D34: =SUM(Q34:AB34) -> 0 | E34: =SUM(AC34:AN34) -> 0 | F34: =SUM(AO34:AZ34) -> 0 | G34: =SUM(BA34:BL34) -> 0 | H34: =SUM(BM34:BX34) -> 0 | J34: =IFERROR((H34/D34)^(1/4)-1,"-") -> - | K34: =IFERROR(D34/C34-1,"-") -> - | L34: =IFERROR(E34/D34-1,"-") -> - | M34: =IFERROR(F34/E34-1,"-") -> - | N34: =IFERROR(G34/F34-1,"-") -> - | O34: =IFERROR(H34/G34-1,"-") -> - | Q34: =Q35*Q13 -> 0 | R34: =R35*R13 -> 0 | S34: =S35*S13 -> 0 | T34: =T35*T13 -> 0 | U34: =U35*U13 -> 0 | V34: =V35*V13 -> 0 | W34: =W35*W13 -> 0 | X34: =X35*X13 -> 0 | ... BX34: =BX35*BX13 -> 0
A35: =CONFIG!$D$71 -> Coût unitaire | D35: =IFERROR(SUMPRODUCT(Q34:AB34,Q35:AB35)/D34,0) -> 0 | E35: =IFERROR(SUMPRODUCT(AC34:AN34,AC35:AN35)/E34,0) -> 0 | F35: =IFERROR(SUMPRODUCT(AO34:AZ34,AO35:AZ35)/F34,0) -> 0 | G35: =IFERROR(SUMPRODUCT(BA34:BL34,BA35:BL35)/G34,0) -> 0 | H35: =IFERROR(SUMPRODUCT(BM34:BX34,BM35:BX35)/H34,0) -> 0 | J35: =IFERROR((H35/D35)^(1/4)-1,"-") -> - | K35: =IFERROR(D35/C35-1,"-") -> - | L35: =IFERROR(E35/D35-1,"-") -> - | M35: =IFERROR(F35/E35-1,"-") -> - | N35: =IFERROR(G35/F35-1,"-") -> - | O35: =IFERROR(H35/G35-1,"-") -> - | Q35: =0.2*Q14 -> 0 | R35: =0.2*R14 -> 0 | S35: =0.2*S14 -> 0 | T35: =0.2*T14 -> 0 | U35: =0.2*U14 -> 0 | V35: =0.2*V14 -> 0 | W35: =0.2*W14 -> 0 | X35: =0.2*X14 -> 0 | ... BX35: =0.2*BX14 -> 0
A36: =CONFIG!$D$70&" "&A15 -> AMMP Activité 5 | D36: =SUM(Q36:AB36) -> 0 | E36: =SUM(AC36:AN36) -> 0 | F36: =SUM(AO36:AZ36) -> 0 | G36: =SUM(BA36:BL36) -> 0 | H36: =SUM(BM36:BX36) -> 0 | J36: =IFERROR((H36/D36)^(1/4)-1,"-") -> - | K36: =IFERROR(D36/C36-1,"-") -> - | L36: =IFERROR(E36/D36-1,"-") -> - | M36: =IFERROR(F36/E36-1,"-") -> - | N36: =IFERROR(G36/F36-1,"-") -> - | O36: =IFERROR(H36/G36-1,"-") -> - | Q36: =Q37*Q16 -> 0 | R36: =R37*R16 -> 0 | S36: =S37*S16 -> 0 | T36: =T37*T16 -> 0 | U36: =U37*U16 -> 0 | V36: =V37*V16 -> 0 | W36: =W37*W16 -> 0 | X36: =X37*X16 -> 0 | ... BX36: =BX37*BX16 -> 0
A37: =CONFIG!$D$71 -> Coût unitaire | D37: =IFERROR(SUMPRODUCT(Q36:AB36,Q37:AB37)/D36,0) -> 0 | E37: =IFERROR(SUMPRODUCT(AC36:AN36,AC37:AN37)/E36,0) -> 0 | F37: =IFERROR(SUMPRODUCT(AO36:AZ36,AO37:AZ37)/F36,0) -> 0 | G37: =IFERROR(SUMPRODUCT(BA36:BL36,BA37:BL37)/G36,0) -> 0 | H37: =IFERROR(SUMPRODUCT(BM36:BX36,BM37:BX37)/H36,0) -> 0 | J37: =IFERROR((H37/D37)^(1/4)-1,"-") -> - | K37: =IFERROR(D37/C37-1,"-") -> - | L37: =IFERROR(E37/D37-1,"-") -> - | M37: =IFERROR(F37/E37-1,"-") -> - | N37: =IFERROR(G37/F37-1,"-") -> - | O37: =IFERROR(H37/G37-1,"-") -> - | Q37: =0.1*Q17 -> 0 | R37: =0.1*R17 -> 0 | S37: =0.1*S17 -> 0 | T37: =0.1*T17 -> 0 | U37: =0.1*U17 -> 0 | V37: =0.1*V17 -> 0 | W37: =0.1*W17 -> 0 | X37: =0.1*X17 -> 0 | ... BX37: =0.1*BX17 -> 0
A38: =CONFIG!$D$72 -> Marge Brute | C38: =C26-C27 -> 0 | D38: =D26-D27 -> 0 | E38: =E26-E27 -> 0 | F38: =F26-F27 -> 0 | G38: =G26-G27 -> 0 | H38: =H26-H27 -> 0 | J38: =IFERROR((H38/D38)^(1/4)-1,"-") -> - | K38: =IFERROR(D38/C38-1,"-") -> - | L38: =IFERROR(E38/D38-1,"-") -> - | M38: =IFERROR(F38/E38-1,"-") -> - | N38: =IFERROR(G38/F38-1,"-") -> - | O38: =IFERROR(H38/G38-1,"-") -> - | Q38: =Q26-Q27 -> 0 | R38: =R26-R27 -> 0 | S38: =S26-S27 -> 0 | T38: =T26-T27 -> 0 | U38: =U26-U27 -> 0 | V38: =V26-V27 -> 0 | W38: =W26-W27 -> 0 | X38: =X26-X27 -> 0 | ... BX38: =BX26-BX27 -> 0
A39: =CONFIG!$D$73 -> % Marge Brute | D39: =IFERROR(D38/D$18,"n.a") -> n.a | E39: =IFERROR(E38/E$18,"n.a") -> n.a | F39: =IFERROR(F38/F$18,"n.a") -> n.a | G39: =IFERROR(G38/G$18,"n.a") -> n.a | H39: =IFERROR(H38/H$18,"n.a") -> n.a | J39: =IFERROR((H39/D39)^(1/4)-1,"-") -> - | K39: =IFERROR(D39/C39-1,"-") -> - | L39: =IFERROR(E39/D39-1,"-") -> - | M39: =IFERROR(F39/E39-1,"-") -> - | N39: =IFERROR(G39/F39-1,"-") -> - | O39: =IFERROR(H39/G39-1,"-") -> - | Q39: =IFERROR(Q38/Q$18,"n.a") -> n.a | R39: =IFERROR(R38/R$18,"n.a") -> n.a | S39: =IFERROR(S38/S$18,"n.a") -> n.a | T39: =IFERROR(T38/T$18,"n.a") -> n.a | U39: =IFERROR(U38/U$18,"n.a") -> n.a | V39: =IFERROR(V38/V$18,"n.a") -> n.a | W39: =IFERROR(W38/W$18,"n.a") -> n.a | X39: =IFERROR(X38/X$18,"n.a") -> n.a | ... BX39: =IFERROR(BX38/BX$18,"n.a") -> n.a
A40: =CONFIG!$D$73&" "&A3 -> % Marge Brute Type de client 1 | D40: =IFERROR(((D3-D28)+SUM(D$19:D$25)*D3/D$18)/D3,0) -> 0 | E40: =IFERROR(((E3-E28)+SUM(E$19:E$25)*E3/E$18)/E3,0) -> 0 | F40: =IFERROR(((F3-F28)+SUM(F$19:F$25)*F3/F$18)/F3,0) -> 0 | G40: =IFERROR(((G3-G28)+SUM(G$19:G$25)*G3/G$18)/G3,0) -> 0 | H40: =IFERROR(((H3-H28)+SUM(H$19:H$25)*H3/H$18)/H3,0) -> 0 | J40: =IFERROR((H40/D40)^(1/4)-1,"-") -> - | K40: =IFERROR(D40/C40-1,"-") -> - | L40: =IFERROR(E40/D40-1,"-") -> - | M40: =IFERROR(F40/E40-1,"-") -> - | N40: =IFERROR(G40/F40-1,"-") -> - | O40: =IFERROR(H40/G40-1,"-") -> - | Q40: =iferror((Q3-Q28)/Q3,0) -> 0 | R40: =iferror((R3-R28)/R3,0) -> 0 | S40: =iferror((S3-S28)/S3,0) -> 0 | T40: =iferror((T3-T28)/T3,0) -> 0 | U40: =iferror((U3-U28)/U3,0) -> 0 | V40: =iferror((V3-V28)/V3,0) -> 0 | W40: =iferror((W3-W28)/W3,0) -> 0 | X40: =iferror((X3-X28)/X3,0) -> 0 | ... BX40: =iferror((BX3-BX28)/BX3,0) -> 0
A41: =CONFIG!$D$73&" "&A6 -> % Marge Brute Type de client 2 | D41: =IFERROR(((D6-D30)+SUM(D$19:D$25)*D6/D$18)/D6,0) -> 0 | E41: =IFERROR(((E6-E30)+SUM(E$19:E$25)*E6/E$18)/E6,0) -> 0 | F41: =IFERROR(((F6-F30)+SUM(F$19:F$25)*F6/F$18)/F6,0) -> 0 | G41: =IFERROR(((G6-G30)+SUM(G$19:G$25)*G6/G$18)/G6,0) -> 0 | H41: =IFERROR(((H6-H30)+SUM(H$19:H$25)*H6/H$18)/H6,0) -> 0 | J41: =IFERROR((H41/D41)^(1/4)-1,"-") -> - | K41: =IFERROR(D41/C41-1,"-") -> - | L41: =IFERROR(E41/D41-1,"-") -> - | M41: =IFERROR(F41/E41-1,"-") -> - | N41: =IFERROR(G41/F41-1,"-") -> - | O41: =IFERROR(H41/G41-1,"-") -> - | Q41: =iferror((Q6-Q30)/Q6,0) -> 0 | R41: =iferror((R6-R30)/R6,0) -> 0 | S41: =iferror((S6-S30)/S6,0) -> 0 | T41: =iferror((T6-T30)/T6,0) -> 0 | U41: =iferror((U6-U30)/U6,0) -> 0 | V41: =iferror((V6-V30)/V6,0) -> 0 | W41: =iferror((W6-W30)/W6,0) -> 0 | X41: =iferror((X6-X30)/X6,0) -> 0 | ... BX41: =iferror((BX6-BX30)/BX6,0) -> 0
A42: =CONFIG!$D$73&" "&A9 -> % Marge Brute Activité 3 | D42: =IFERROR(((D9-D32)+SUM(D$19:D$25)*D9/D$18)/D9,0) -> 0 | E42: =IFERROR(((E9-E32)+SUM(E$19:E$25)*E9/E$18)/E9,0) -> 0 | F42: =IFERROR(((F9-F32)+SUM(F$19:F$25)*F9/F$18)/F9,0) -> 0 | G42: =IFERROR(((G9-G32)+SUM(G$19:G$25)*G9/G$18)/G9,0) -> 0 | H42: =IFERROR(((H9-H32)+SUM(H$19:H$25)*H9/H$18)/H9,0) -> 0 | J42: =IFERROR((H42/D42)^(1/4)-1,"-") -> - | K42: =IFERROR(D42/C42-1,"-") -> - | L42: =IFERROR(E42/D42-1,"-") -> - | M42: =IFERROR(F42/E42-1,"-") -> - | N42: =IFERROR(G42/F42-1,"-") -> - | O42: =IFERROR(H42/G42-1,"-") -> - | Q42: =IFERROR((Q9-Q32)/Q9,0) -> 0 | R42: =IFERROR((R9-R32)/R9,0) -> 0 | S42: =IFERROR((S9-S32)/S9,0) -> 0 | T42: =IFERROR((T9-T32)/T9,0) -> 0 | U42: =IFERROR((U9-U32)/U9,0) -> 0 | V42: =IFERROR((V9-V32)/V9,0) -> 0 | W42: =IFERROR((W9-W32)/W9,0) -> 0 | X42: =IFERROR((X9-X32)/X9,0) -> 0 | ... BX42: =IFERROR((BX9-BX32)/BX9,0) -> 0
A43: =CONFIG!$D$73&" "&A12 -> % Marge Brute Activité 4 | D43: =IFERROR(((D12-D34)+SUM(D$19:D$25)*D12/D$18)/D12,0) -> 0 | E43: =IFERROR(((E12-E34)+SUM(E$19:E$25)*E12/E$18)/E12,0) -> 0 | F43: =IFERROR(((F12-F34)+SUM(F$19:F$25)*F12/F$18)/F12,0) -> 0 | G43: =IFERROR(((G12-G34)+SUM(G$19:G$25)*G12/G$18)/G12,0) -> 0 | H43: =IFERROR(((H12-H34)+SUM(H$19:H$25)*H12/H$18)/H12,0) -> 0 | J43: =IFERROR((H43/D43)^(1/4)-1,"-") -> - | K43: =IFERROR(D43/C43-1,"-") -> - | L43: =IFERROR(E43/D43-1,"-") -> - | M43: =IFERROR(F43/E43-1,"-") -> - | N43: =IFERROR(G43/F43-1,"-") -> - | O43: =IFERROR(H43/G43-1,"-") -> - | Q43: =iferror((Q12-Q34)/Q12,0) -> 0 | R43: =iferror((R12-R34)/R12,0) -> 0 | S43: =iferror((S12-S34)/S12,0) -> 0 | T43: =iferror((T12-T34)/T12,0) -> 0 | U43: =iferror((U12-U34)/U12,0) -> 0 | V43: =iferror((V12-V34)/V12,0) -> 0 | W43: =iferror((W12-W34)/W12,0) -> 0 | X43: =iferror((X12-X34)/X12,0) -> 0 | ... BX43: =iferror((BX12-BX34)/BX12,0) -> 0
A44: =CONFIG!$D$73&" "&A15 -> % Marge Brute Activité 5 | D44: =IFERROR(((D15-D36)+SUM(D$19:D$25)*D15/D$18)/D15,0) -> 0 | E44: =IFERROR(((E15-E36)+SUM(E$19:E$25)*E15/E$18)/E15,0) -> 0 | F44: =IFERROR(((F15-F36)+SUM(F$19:F$25)*F15/F$18)/F15,0) -> 0 | G44: =IFERROR(((G15-G36)+SUM(G$19:G$25)*G15/G$18)/G15,0) -> 0 | H44: =IFERROR(((H15-H36)+SUM(H$19:H$25)*H15/H$18)/H15,0) -> 0 | J44: =IFERROR((H44/D44)^(1/4)-1,"-") -> - | K44: =IFERROR(D44/C44-1,"-") -> - | L44: =IFERROR(E44/D44-1,"-") -> - | M44: =IFERROR(F44/E44-1,"-") -> - | N44: =IFERROR(G44/F44-1,"-") -> - | O44: =IFERROR(H44/G44-1,"-") -> - | Q44: =iferror((Q15-Q36)/Q15,0) -> 0 | R44: =iferror((R15-R36)/R15,0) -> 0 | S44: =iferror((S15-S36)/S15,0) -> 0 | T44: =iferror((T15-T36)/T15,0) -> 0 | U44: =iferror((U15-U36)/U15,0) -> 0 | V44: =iferror((V15-V36)/V15,0) -> 0 | W44: =iferror((W15-W36)/W15,0) -> 0 | X44: =iferror((X15-X36)/X15,0) -> 0 | ... BX44: =iferror((BX15-BX36)/BX15,0) -> 0
A45: =CONFIG!D74 -> Autres Achats et Charges Externes | D45: =SUM(Q45:AB45) -> 0 | E45: =SUM(AC45:AN45) -> 0 | F45: =SUM(AO45:AZ45) -> 0 | G45: =SUM(BA45:BL45) -> 0 | H45: =SUM(BM45:BX45) -> 0 | J45: =IFERROR((H45/D45)^(1/4)-1,"-") -> - | K45: =IFERROR(D45/C45-1,"-") -> - | L45: =IFERROR(E45/D45-1,"-") -> - | M45: =IFERROR(F45/E45-1,"-") -> - | N45: =IFERROR(G45/F45-1,"-") -> - | O45: =IFERROR(H45/G45-1,"-") -> - | Q45: =SUM(Q46:Q60) -> 0 | R45: =SUM(R46:R60) -> 0 | S45: =SUM(S46:S60) -> 0 | T45: =SUM(T46:T60) -> 0 | U45: =SUM(U46:U60) -> 0 | V45: =SUM(V46:V60) -> 0 | W45: =SUM(W46:W60) -> 0 | X45: =SUM(X46:X60) -> 0 | ... BX45: =SUM(BX46:BX60) -> 0
A46: Loyer | D46: =SUM(Q46:AB46) -> 0 | E46: =SUM(AC46:AN46) -> 0 | F46: =SUM(AO46:AZ46) -> 0 | G46: =SUM(BA46:BL46) -> 0 | H46: =SUM(BM46:BX46) -> 0 | J46: =IFERROR((H46/D46)^(1/4)-1,"-") -> - | K46: =IFERROR(D46/C46-1,"-") -> - | L46: =IFERROR(E46/D46-1,"-") -> - | M46: =IFERROR(F46/E46-1,"-") -> - | N46: =IFERROR(G46/F46-1,"-") -> - | O46: =IFERROR(H46/G46-1,"-") -> - | Q46: 0 | R46: 0 | S46: 0 | T46: 0 | U46: 0 | V46: 0 | W46: 0 | X46: 0 | Y46: 0 | Z46: 0 | AA46: 0 | AB46: 0 | AC46: 0 | AD46: 0 | AE46: 0 | AF46: 0 | AG46: 0 | AH46: 0 | AI46: 0 | AJ46: 0 | AK46: 0 | AL46: 0 | AM46: 0 | AN46: 0 | AO46: 0 | AP46: 0 | AQ46: 0 | AR46: 0 | AS46: 0 | AT46: 0 | AU46: 0 | AV46: 0 | AW46: 0 | AX46: 0 | AY46: 0 | AZ46: 0 | BA46: 0 | BB46: 0 | BC46: 0 | BD46: 0 | BE46: 0 | BF46: 0 | BG46: 0 | BH46: 0 | BI46: 0 | BJ46: 0 | BK46: 0 | BL46: 0 | BM46: 0 | BN46: 0 | BO46: 0 | BP46: 0 | BQ46: 0 | BR46: 0 | BS46: 0 | BT46: 0 | BU46: 0 | BV46: 0 | BW46: 0 | BX46: 0
A47: Banque | D47: =SUM(Q47:AB47) -> 0 | E47: =SUM(AC47:AN47) -> 0 | F47: =SUM(AO47:AZ47) -> 0 | G47: =SUM(BA47:BL47) -> 0 | H47: =SUM(BM47:BX47) -> 0 | J47: =IFERROR((H47/D47)^(1/4)-1,"-") -> - | K47: =IFERROR(D47/C47-1,"-") -> - | L47: =IFERROR(E47/D47-1,"-") -> - | M47: =IFERROR(F47/E47-1,"-") -> - | N47: =IFERROR(G47/F47-1,"-") -> - | O47: =IFERROR(H47/G47-1,"-") -> - | Q47: 0 | R47: 0 | S47: 0 | T47: 0 | U47: 0 | V47: 0 | W47: 0 | X47: 0 | Y47: 0 | Z47: 0 | AA47: 0 | AB47: 0 | AC47: 0 | AD47: 0 | AE47: 0 | AF47: 0 | AG47: 0 | AH47: 0 | AI47: 0 | AJ47: 0 | AK47: 0 | AL47: 0 | AM47: 0 | AN47: 0 | AO47: 0 | AP47: 0 | AQ47: 0 | AR47: 0 | AS47: 0 | AT47: 0 | AU47: 0 | AV47: 0 | AW47: 0 | AX47: 0 | AY47: 0 | AZ47: 0 | BA47: 0 | BB47: 0 | BC47: 0 | BD47: 0 | BE47: 0 | BF47: 0 | BG47: 0 | BH47: 0 | BI47: 0 | BJ47: 0 | BK47: 0 | BL47: 0 | BM47: 0 | BN47: 0 | BO47: 0 | BP47: 0 | BQ47: 0 | BR47: 0 | BS47: 0 | BT47: 0 | BU47: 0 | BV47: 0 | BW47: 0 | BX47: 0
A48: Comptabilité | D48: =SUM(Q48:AB48) -> 0 | E48: =SUM(AC48:AN48) -> 0 | F48: =SUM(AO48:AZ48) -> 0 | G48: =SUM(BA48:BL48) -> 0 | H48: =SUM(BM48:BX48) -> 0 | J48: =IFERROR((H48/D48)^(1/4)-1,"-") -> - | K48: =IFERROR(D48/C48-1,"-") -> - | L48: =IFERROR(E48/D48-1,"-") -> - | M48: =IFERROR(F48/E48-1,"-") -> - | N48: =IFERROR(G48/F48-1,"-") -> - | O48: =IFERROR(H48/G48-1,"-") -> - | Q48: 0 | R48: 0 | S48: 0 | T48: 0 | U48: 0 | V48: 0 | W48: 0 | X48: 0 | Y48: 0 | Z48: 0 | AA48: 0 | AB48: 0 | AC48: 0 | AD48: 0 | AE48: 0 | AF48: 0 | AG48: 0 | AH48: 0 | AI48: 0 | AJ48: 0 | AK48: 0 | AL48: 0 | AM48: 0 | AN48: 0 | AO48: 0 | AP48: 0 | AQ48: 0 | AR48: 0 | AS48: 0 | AT48: 0 | AU48: 0 | AV48: 0 | AW48: 0 | AX48: 0 | AY48: 0 | AZ48: 0 | BA48: 0 | BB48: 0 | BC48: 0 | BD48: 0 | BE48: 0 | BF48: 0 | BG48: 0 | BH48: 0 | BI48: 0 | BJ48: 0 | BK48: 0 | BL48: 0 | BM48: 0 | BN48: 0 | BO48: 0 | BP48: 0 | BQ48: 0 | BR48: 0 | BS48: 0 | BT48: 0 | BU48: 0 | BV48: 0 | BW48: 0 | BX48: 0
A49: Paie | D49: =SUM(Q49:AB49) -> 0 | E49: =SUM(AC49:AN49) -> 0 | F49: =SUM(AO49:AZ49) -> 0 | G49: =SUM(BA49:BL49) -> 0 | H49: =SUM(BM49:BX49) -> 0 | J49: =IFERROR((H49/D49)^(1/4)-1,"-") -> - | K49: =IFERROR(D49/C49-1,"-") -> - | L49: =IFERROR(E49/D49-1,"-") -> - | M49: =IFERROR(F49/E49-1,"-") -> - | N49: =IFERROR(G49/F49-1,"-") -> - | O49: =IFERROR(H49/G49-1,"-") -> - | Q49: 0 | R49: 0 | S49: 0 | T49: 0 | U49: 0 | V49: 0 | W49: 0 | X49: 0 | Y49: 0 | Z49: 0 | AA49: 0 | AB49: 0 | AC49: 0 | AD49: 0 | AE49: 0 | AF49: 0 | AG49: 0 | AH49: 0 | AI49: 0 | AJ49: 0 | AK49: 0 | AL49: 0 | AM49: 0 | AN49: 0 | AO49: 0 | AP49: 0 | AQ49: 0 | AR49: 0 | AS49: 0 | AT49: 0 | AU49: 0 | AV49: 0 | AW49: 0 | AX49: 0 | AY49: 0 | AZ49: 0 | BA49: 0 | BB49: 0 | BC49: 0 | BD49: 0 | BE49: 0 | BF49: 0 | BG49: 0 | BH49: 0 | BI49: 0 | BJ49: 0 | BK49: 0 | BL49: 0 | BM49: 0 | BN49: 0 | BO49: 0 | BP49: 0 | BQ49: 0 | BR49: 0 | BS49: 0 | BT49: 0 | BU49: 0 | BV49: 0 | BW49: 0 | BX49: 0
A50: Autres Conseils & Honoraires | D50: =SUM(Q50:AB50) -> 0 | E50: =SUM(AC50:AN50) -> 0 | F50: =SUM(AO50:AZ50) -> 0 | G50: =SUM(BA50:BL50) -> 0 | H50: =SUM(BM50:BX50) -> 0 | J50: =IFERROR((H50/D50)^(1/4)-1,"-") -> - | K50: =IFERROR(D50/C50-1,"-") -> - | L50: =IFERROR(E50/D50-1,"-") -> - | M50: =IFERROR(F50/E50-1,"-") -> - | N50: =IFERROR(G50/F50-1,"-") -> - | O50: =IFERROR(H50/G50-1,"-") -> - | Q50: 0 | R50: 0 | S50: 0 | T50: 0 | U50: 0 | V50: 0 | W50: 0 | X50: 0 | Y50: 0 | Z50: 0 | AA50: 0 | AB50: 0 | AC50: 0 | AD50: 0 | AE50: 0 | AF50: 0 | AG50: 0 | AH50: 0 | AI50: 0 | AJ50: 0 | AK50: 0 | AL50: 0 | AM50: 0 | AN50: 0 | AO50: 0 | AP50: 0 | AQ50: 0 | AR50: 0 | AS50: 0 | AT50: 0 | AU50: 0 | AV50: 0 | AW50: 0 | AX50: 0 | AY50: 0 | AZ50: 0 | BA50: 0 | BB50: 0 | BC50: 0 | BD50: 0 | BE50: 0 | BF50: 0 | BG50: 0 | BH50: 0 | BI50: 0 | BJ50: 0 | BK50: 0 | BL50: 0 | BM50: 0 | BN50: 0 | BO50: 0 | BP50: 0 | BQ50: 0 | BR50: 0 | BS50: 0 | BT50: 0 | BU50: 0 | BV50: 0 | BW50: 0 | BX50: 0
A51: Sous-traitance | D51: =SUM(Q51:AB51) -> 0 | E51: =SUM(AC51:AN51) -> 0 | F51: =SUM(AO51:AZ51) -> 0 | G51: =SUM(BA51:BL51) -> 0 | H51: =SUM(BM51:BX51) -> 0 | J51: =IFERROR((H51/D51)^(1/4)-1,"-") -> - | K51: =IFERROR(D51/C51-1,"-") -> - | L51: =IFERROR(E51/D51-1,"-") -> - | M51: =IFERROR(F51/E51-1,"-") -> - | N51: =IFERROR(G51/F51-1,"-") -> - | O51: =IFERROR(H51/G51-1,"-") -> - | Q51: 0 | R51: 0 | S51: 0 | T51: 0 | U51: 0 | V51: 0 | W51: 0 | X51: 0 | Y51: 0 | Z51: 0 | AA51: 0 | AB51: 0 | AC51: 0 | AD51: 0 | AE51: 0 | AF51: 0 | AG51: 0 | AH51: 0 | AI51: 0 | AJ51: 0 | AK51: 0 | AL51: 0 | AM51: 0 | AN51: 0 | AO51: 0 | AP51: 0 | AQ51: 0 | AR51: 0 | AS51: 0 | AT51: 0 | AU51: 0 | AV51: 0 | AW51: 0 | AX51: 0 | AY51: 0 | AZ51: 0 | BA51: 0 | BB51: 0 | BC51: 0 | BD51: 0 | BE51: 0 | BF51: 0 | BG51: 0 | BH51: 0 | BI51: 0 | BJ51: 0 | BK51: 0 | BL51: 0 | BM51: 0 | BN51: 0 | BO51: 0 | BP51: 0 | BQ51: 0 | BR51: 0 | BS51: 0 | BT51: 0 | BU51: 0 | BV51: 0 | BW51: 0 | BX51: 0
A52: Transport | D52: =SUM(Q52:AB52) -> 0 | E52: =SUM(AC52:AN52) -> 0 | F52: =SUM(AO52:AZ52) -> 0 | G52: =SUM(BA52:BL52) -> 0 | H52: =SUM(BM52:BX52) -> 0 | J52: =IFERROR((H52/D52)^(1/4)-1,"-") -> - | K52: =IFERROR(D52/C52-1,"-") -> - | L52: =IFERROR(E52/D52-1,"-") -> - | M52: =IFERROR(F52/E52-1,"-") -> - | N52: =IFERROR(G52/F52-1,"-") -> - | O52: =IFERROR(H52/G52-1,"-") -> - | Q52: 0 | R52: 0 | S52: 0 | T52: 0 | U52: 0 | V52: 0 | W52: 0 | X52: 0 | Y52: 0 | Z52: 0 | AA52: 0 | AB52: 0 | AC52: 0 | AD52: 0 | AE52: 0 | AF52: 0 | AG52: 0 | AH52: 0 | AI52: 0 | AJ52: 0 | AK52: 0 | AL52: 0 | AM52: 0 | AN52: 0 | AO52: 0 | AP52: 0 | AQ52: 0 | AR52: 0 | AS52: 0 | AT52: 0 | AU52: 0 | AV52: 0 | AW52: 0 | AX52: 0 | AY52: 0 | AZ52: 0 | BA52: 0 | BB52: 0 | BC52: 0 | BD52: 0 | BE52: 0 | BF52: 0 | BG52: 0 | BH52: 0 | BI52: 0 | BJ52: 0 | BK52: 0 | BL52: 0 | BM52: 0 | BN52: 0 | BO52: 0 | BP52: 0 | BQ52: 0 | BR52: 0 | BS52: 0 | BT52: 0 | BU52: 0 | BV52: 0 | BW52: 0 | BX52: 0
A53: Logiciels | D53: =SUM(Q53:AB53) -> 0 | E53: =SUM(AC53:AN53) -> 0 | F53: =SUM(AO53:AZ53) -> 0 | G53: =SUM(BA53:BL53) -> 0 | H53: =SUM(BM53:BX53) -> 0 | J53: =IFERROR((H53/D53)^(1/4)-1,"-") -> - | K53: =IFERROR(D53/C53-1,"-") -> - | L53: =IFERROR(E53/D53-1,"-") -> - | M53: =IFERROR(F53/E53-1,"-") -> - | N53: =IFERROR(G53/F53-1,"-") -> - | O53: =IFERROR(H53/G53-1,"-") -> - | Q53: 0 | R53: 0 | S53: 0 | T53: 0 | U53: 0 | V53: 0 | W53: 0 | X53: 0 | Y53: 0 | Z53: 0 | AA53: 0 | AB53: 0 | AC53: 0 | AD53: 0 | AE53: 0 | AF53: 0 | AG53: 0 | AH53: 0 | AI53: 0 | AJ53: 0 | AK53: 0 | AL53: 0 | AM53: 0 | AN53: 0 | AO53: 0 | AP53: 0 | AQ53: 0 | AR53: 0 | AS53: 0 | AT53: 0 | AU53: 0 | AV53: 0 | AW53: 0 | AX53: 0 | AY53: 0 | AZ53: 0 | BA53: 0 | BB53: 0 | BC53: 0 | BD53: 0 | BE53: 0 | BF53: 0 | BG53: 0 | BH53: 0 | BI53: 0 | BJ53: 0 | BK53: 0 | BL53: 0 | BM53: 0 | BN53: 0 | BO53: 0 | BP53: 0 | BQ53: 0 | BR53: 0 | BS53: 0 | BT53: 0 | BU53: 0 | BV53: 0 | BW53: 0 | BX53: 0
A54: Fournitures | D54: =SUM(Q54:AB54) -> 0 | E54: =SUM(AC54:AN54) -> 0 | F54: =SUM(AO54:AZ54) -> 0 | G54: =SUM(BA54:BL54) -> 0 | H54: =SUM(BM54:BX54) -> 0 | J54: =IFERROR((H54/D54)^(1/4)-1,"-") -> - | K54: =IFERROR(D54/C54-1,"-") -> - | L54: =IFERROR(E54/D54-1,"-") -> - | M54: =IFERROR(F54/E54-1,"-") -> - | N54: =IFERROR(G54/F54-1,"-") -> - | O54: =IFERROR(H54/G54-1,"-") -> - | Q54: 0 | R54: 0 | S54: 0 | T54: 0 | U54: 0 | V54: 0 | W54: 0 | X54: 0 | Y54: 0 | Z54: 0 | AA54: 0 | AB54: 0 | AC54: 0 | AD54: 0 | AE54: 0 | AF54: 0 | AG54: 0 | AH54: 0 | AI54: 0 | AJ54: 0 | AK54: 0 | AL54: 0 | AM54: 0 | AN54: 0 | AO54: 0 | AP54: 0 | AQ54: 0 | AR54: 0 | AS54: 0 | AT54: 0 | AU54: 0 | AV54: 0 | AW54: 0 | AX54: 0 | AY54: 0 | AZ54: 0 | BA54: 0 | BB54: 0 | BC54: 0 | BD54: 0 | BE54: 0 | BF54: 0 | BG54: 0 | BH54: 0 | BI54: 0 | BJ54: 0 | BK54: 0 | BL54: 0 | BM54: 0 | BN54: 0 | BO54: 0 | BP54: 0 | BQ54: 0 | BR54: 0 | BS54: 0 | BT54: 0 | BU54: 0 | BV54: 0 | BW54: 0 | BX54: 0
A55: Assurance | D55: =SUM(Q55:AB55) -> 0 | E55: =SUM(AC55:AN55) -> 0 | F55: =SUM(AO55:AZ55) -> 0 | G55: =SUM(BA55:BL55) -> 0 | H55: =SUM(BM55:BX55) -> 0 | J55: =IFERROR((H55/D55)^(1/4)-1,"-") -> - | K55: =IFERROR(D55/C55-1,"-") -> - | L55: =IFERROR(E55/D55-1,"-") -> - | M55: =IFERROR(F55/E55-1,"-") -> - | N55: =IFERROR(G55/F55-1,"-") -> - | O55: =IFERROR(H55/G55-1,"-") -> - | Q55: 0 | R55: 0 | S55: 0 | T55: 0 | U55: 0 | V55: 0 | W55: 0 | X55: 0 | Y55: 0 | Z55: 0 | AA55: 0 | AB55: 0 | AC55: 0 | AD55: 0 | AE55: 0 | AF55: 0 | AG55: 0 | AH55: 0 | AI55: 0 | AJ55: 0 | AK55: 0 | AL55: 0 | AM55: 0 | AN55: 0 | AO55: 0 | AP55: 0 | AQ55: 0 | AR55: 0 | AS55: 0 | AT55: 0 | AU55: 0 | AV55: 0 | AW55: 0 | AX55: 0 | AY55: 0 | AZ55: 0 | BA55: 0 | BB55: 0 | BC55: 0 | BD55: 0 | BE55: 0 | BF55: 0 | BG55: 0 | BH55: 0 | BI55: 0 | BJ55: 0 | BK55: 0 | BL55: 0 | BM55: 0 | BN55: 0 | BO55: 0 | BP55: 0 | BQ55: 0 | BR55: 0 | BS55: 0 | BT55: 0 | BU55: 0 | BV55: 0 | BW55: 0 | BX55: 0
A56: Marketing | D56: =SUM(Q56:AB56) -> 0 | E56: =SUM(AC56:AN56) -> 0 | F56: =SUM(AO56:AZ56) -> 0 | G56: =SUM(BA56:BL56) -> 0 | H56: =SUM(BM56:BX56) -> 0 | J56: =IFERROR((H56/D56)^(1/4)-1,"-") -> - | K56: =IFERROR(D56/C56-1,"-") -> - | L56: =IFERROR(E56/D56-1,"-") -> - | M56: =IFERROR(F56/E56-1,"-") -> - | N56: =IFERROR(G56/F56-1,"-") -> - | O56: =IFERROR(H56/G56-1,"-") -> - | Q56: 0 | R56: 0 | S56: 0 | T56: 0 | U56: 0 | V56: 0 | W56: 0 | X56: 0 | Y56: 0 | Z56: 0 | AA56: 0 | AB56: 0 | AC56: 0 | AD56: 0 | AE56: 0 | AF56: 0 | AG56: 0 | AH56: 0 | AI56: 0 | AJ56: 0 | AK56: 0 | AL56: 0 | AM56: 0 | AN56: 0 | AO56: 0 | AP56: 0 | AQ56: 0 | AR56: 0 | AS56: 0 | AT56: 0 | AU56: 0 | AV56: 0 | AW56: 0 | AX56: 0 | AY56: 0 | AZ56: 0 | BA56: 0 | BB56: 0 | BC56: 0 | BD56: 0 | BE56: 0 | BF56: 0 | BG56: 0 | BH56: 0 | BI56: 0 | BJ56: 0 | BK56: 0 | BL56: 0 | BM56: 0 | BN56: 0 | BO56: 0 | BP56: 0 | BQ56: 0 | BR56: 0 | BS56: 0 | BT56: 0 | BU56: 0 | BV56: 0 | BW56: 0 | BX56: 0
A57: Communication | D57: =SUM(Q57:AB57) -> 0 | E57: =SUM(AC57:AN57) -> 0 | F57: =SUM(AO57:AZ57) -> 0 | G57: =SUM(BA57:BL57) -> 0 | H57: =SUM(BM57:BX57) -> 0 | J57: =IFERROR((H57/D57)^(1/4)-1,"-") -> - | K57: =IFERROR(D57/C57-1,"-") -> - | L57: =IFERROR(E57/D57-1,"-") -> - | M57: =IFERROR(F57/E57-1,"-") -> - | N57: =IFERROR(G57/F57-1,"-") -> - | O57: =IFERROR(H57/G57-1,"-") -> - | Q57: 0 | R57: 0 | S57: 0 | T57: 0 | U57: 0 | V57: 0 | W57: 0 | X57: 0 | Y57: 0 | Z57: 0 | AA57: 0 | AB57: 0 | AC57: 0 | AD57: 0 | AE57: 0 | AF57: 0 | AG57: 0 | AH57: 0 | AI57: 0 | AJ57: 0 | AK57: 0 | AL57: 0 | AM57: 0 | AN57: 0 | AO57: 0 | AP57: 0 | AQ57: 0 | AR57: 0 | AS57: 0 | AT57: 0 | AU57: 0 | AV57: 0 | AW57: 0 | AX57: 0 | AY57: 0 | AZ57: 0 | BA57: 0 | BB57: 0 | BC57: 0 | BD57: 0 | BE57: 0 | BF57: 0 | BG57: 0 | BH57: 0 | BI57: 0 | BJ57: 0 | BK57: 0 | BL57: 0 | BM57: 0 | BN57: 0 | BO57: 0 | BP57: 0 | BQ57: 0 | BR57: 0 | BS57: 0 | BT57: 0 | BU57: 0 | BV57: 0 | BW57: 0 | BX57: 0
... A60: Divers | D60: =SUM(Q60:AB60) -> 0 | E60: =SUM(AC60:AN60) -> 0 | F60: =SUM(AO60:AZ60) -> 0 | G60: =SUM(BA60:BL60) -> 0 | H60: =SUM(BM60:BX60) -> 0 | J60: =IFERROR((H60/D60)^(1/4)-1,"-") -> - | K60: =IFERROR(D60/C60-1,"-") -> - | L60: =IFERROR(E60/D60-1,"-") -> - | M60: =IFERROR(F60/E60-1,"-") -> - | N60: =IFERROR(G60/F60-1,"-") -> - | O60: =IFERROR(H60/G60-1,"-") -> - | Q60: 0 | R60: 0 | S60: 0 | T60: 0 | U60: 0 | V60: 0 | W60: 0 | X60: 0 | Y60: 0 | Z60: 0 | AA60: 0 | AB60: 0 | AC60: 0 | AD60: 0 | AE60: 0 | AF60: 0 | AG60: 0 | AH60: 0 | AI60: 0 | AJ60: 0 | AK60: 0 | AL60: 0 | AM60: 0 | AN60: 0 | AO60: 0 | AP60: 0 | AQ60: 0 | AR60: 0 | AS60: 0 | AT60: 0 | AU60: 0 | AV60: 0 | AW60: 0 | AX60: 0 | AY60: 0 | AZ60: 0 | BA60: 0 | BB60: 0 | BC60: 0 | BD60: 0 | BE60: 0 | BF60: 0 | BG60: 0 | BH60: 0 | BI60: 0 | BJ60: 0 | BK60: 0 | BL60: 0 | BM60: 0 | BN60: 0 | BO60: 0 | BP60: 0 | BQ60: 0 | BR60: 0 | BS60: 0 | BT60: 0 | BU60: 0 | BV60: 0 | BW60: 0 | BX60: 0
A61: =CONFIG!D75 -> Masse Salariale | D61: =SUM(Q61:AB61) -> 0 | E61: =SUM(AC61:AN61) -> 0 | F61: =SUM(AO61:AZ61) -> 0 | G61: =SUM(BA61:BL61) -> 0 | H61: =SUM(BM61:BX61) -> 0 | J61: =IFERROR((H61/D61)^(1/4)-1,"-") -> - | K61: =IFERROR(D61/C61-1,"-") -> - | L61: =IFERROR(E61/D61-1,"-") -> - | M61: =IFERROR(F61/E61-1,"-") -> - | N61: =IFERROR(G61/F61-1,"-") -> - | O61: =IFERROR(H61/G61-1,"-") -> - | Q61: =SUM(Q62,Q66,Q70,Q74,Q78,Q82,Q86,Q90,Q94,Q98) -> 0 | R61: =SUM(R62,R66,R70,R74,R78,R82,R86,R90,R94,R98) -> 0 | S61: =SUM(S62,S66,S70,S74,S78,S82,S86,S90,S94,S98) -> 0 | T61: =SUM(T62,T66,T70,T74,T78,T82,T86,T90,T94,T98) -> 0 | U61: =SUM(U62,U66,U70,U74,U78,U82,U86,U90,U94,U98) -> 0 | V61: =SUM(V62,V66,V70,V74,V78,V82,V86,V90,V94,V98) -> 0 | W61: =SUM(W62,W66,W70,W74,W78,W82,W86,W90,W94,W98) -> 0 | X61: =SUM(X62,X66,X70,X74,X78,X82,X86,X90,X94,X98) -> 0 | ... BX61: =SUM(BX62,BX66,BX70,BX74,BX78,BX82,BX86,BX90,BX94,BX98) -> 0
A62: Commercial | D62: =SUM(Q62:AB62) -> 0 | E62: =SUM(AC62:AN62) -> 0 | F62: =SUM(AO62:AZ62) -> 0 | G62: =SUM(BA62:BL62) -> 0 | H62: =SUM(BM62:BX62) -> 0 | J62: =IFERROR((H62/D62)^(1/4)-1,"-") -> - | K62: =IFERROR(D62/C62-1,"-") -> - | L62: =IFERROR(E62/D62-1,"-") -> - | M62: =IFERROR(F62/E62-1,"-") -> - | N62: =IFERROR(G62/F62-1,"-") -> - | O62: =IFERROR(H62/G62-1,"-") -> - | Q62: =Q63*Q64*Q65 -> 0 | R62: =R63*R64*R65 -> 0 | S62: =S63*S64*S65 -> 0 | T62: =T63*T64*T65 -> 0 | U62: =U63*U64*U65 -> 0 | V62: =V63*V64*V65 -> 0 | W62: =W63*W64*W65 -> 0 | X62: =X63*X64*X65 -> 0 | ... BX62: =BX63*BX64*BX65 -> 0
A63: =CONFIG!$D$76 -> Nombre de salariés | D63: =IFERROR(AVERAGEIFS(Q63:AB63,Q64:AB64,">0"),0) -> 0 | E63: =IFERROR(AVERAGEIFS(AC63:AN63,AC64:AN64,">0"),0) -> 0 | F63: =IFERROR(AVERAGEIFS(AO63:AZ63,AO64:AZ64,">0"),0) -> 0 | G63: =IFERROR(AVERAGEIFS(BA63:BL63,BA64:BL64,">0"),0) -> 0 | H63: =IFERROR(AVERAGEIFS(BM63:BX63,BM64:BX64,">0"),0) -> 0 | J63: =IFERROR((H63/D63)^(1/4)-1,"-") -> - | K63: =IFERROR(D63/C63-1,"-") -> - | L63: =IFERROR(E63/D63-1,"-") -> - | M63: =IFERROR(F63/E63-1,"-") -> - | N63: =IFERROR(G63/F63-1,"-") -> - | O63: =IFERROR(H63/G63-1,"-") -> - | Q63: 0 | R63: 0 | S63: 0 | T63: 0 | U63: 0 | V63: 0 | W63: 0 | X63: 0 | Y63: 0 | Z63: 0 | AA63: 0 | AB63: 0 | AC63: 0 | AD63: 0 | AE63: 0 | AF63: 0 | AG63: 0 | AH63: 0 | AI63: 0 | AJ63: 0 | AK63: 0 | AL63: 0 | AM63: 0 | AN63: 0 | AO63: 0 | AP63: 0 | AQ63: 0 | AR63: 0 | AS63: 0 | AT63: 0 | AU63: 0 | AV63: 0 | AW63: 0 | AX63: 0 | AY63: 0 | AZ63: 0 | BA63: 0 | BB63: 0 | BC63: 0 | BD63: 0 | BE63: 0 | BF63: 0 | BG63: 0 | BH63: 0 | BI63: 0 | BJ63: 0 | BK63: 0 | BL63: 0 | BM63: 0 | BN63: 0 | BO63: 0 | BP63: 0 | BQ63: 0 | BR63: 0 | BS63: 0 | BT63: 0 | BU63: 0 | BV63: 0 | BW63: 0 | BX63: 0
A64: =CONFIG!$D$77 -> Salaire Brut | D64: =SUM(Q64:AB64) -> 0 | E64: =SUM(AC64:AN64) -> 0 | F64: =SUM(AO64:AZ64) -> 0 | G64: =SUM(BA64:BL64) -> 0 | H64: =SUM(BM64:BX64) -> 0 | J64: =IFERROR((H64/D64)^(1/4)-1,"-") -> - | K64: =IFERROR(D64/C64-1,"-") -> - | L64: =IFERROR(E64/D64-1,"-") -> - | M64: =IFERROR(F64/E64-1,"-") -> - | N64: =IFERROR(G64/F64-1,"-") -> - | O64: =IFERROR(H64/G64-1,"-") -> - | Q64: 0 | R64: 0 | S64: 0 | T64: 0 | U64: 0 | V64: 0 | W64: 0 | X64: 0 | Y64: 0 | Z64: 0 | AA64: 0 | AB64: 0 | AC64: 0 | AD64: 0 | AE64: 0 | AF64: 0 | AG64: 0 | AH64: 0 | AI64: 0 | AJ64: 0 | AK64: 0 | AL64: 0 | AM64: 0 | AN64: 0 | AO64: 0 | AP64: 0 | AQ64: 0 | AR64: 0 | AS64: 0 | AT64: 0 | AU64: 0 | AV64: 0 | AW64: 0 | AX64: 0 | AY64: 0 | AZ64: 0 | BA64: 0 | BB64: 0 | BC64: 0 | BD64: 0 | BE64: 0 | BF64: 0 | BG64: 0 | BH64: 0 | BI64: 0 | BJ64: 0 | BK64: 0 | BL64: 0 | BM64: 0 | BN64: 0 | BO64: 0 | BP64: 0 | BQ64: 0 | BR64: 0 | BS64: 0 | BT64: 0 | BU64: 0 | BV64: 0 | BW64: 0 | BX64: 0
A65: =CONFIG!$D$78 -> Taux de charges sociales | D65: =IFERROR(AVERAGEIFS(Q65:AB65,Q63:AB63,">0"),0) -> 0 | E65: =IFERROR(AVERAGEIFS(AC65:AN65,AC63:AN63,">0"),0) -> 0 | F65: =IFERROR(AVERAGEIFS(AO65:AZ65,AO63:AZ63,">0"),0) -> 0 | G65: =IFERROR(AVERAGEIFS(BA65:BL65,BA63:BL63,">0"),0) -> 0 | H65: =IFERROR(AVERAGEIFS(BM65:BX65,BM63:BX63,">0"),0) -> 0 | J65: =IFERROR((H65/D65)^(1/4)-1,"-") -> - | K65: =IFERROR(D65/C65-1,"-") -> - | L65: =IFERROR(E65/D65-1,"-") -> - | M65: =IFERROR(F65/E65-1,"-") -> - | N65: =IFERROR(G65/F65-1,"-") -> - | O65: =IFERROR(H65/G65-1,"-") -> - | Q65: =IFERROR(1+IF(AND(CONFIG!$C$15="Oui",Q$2<=CONFIG!$C$16),VLOOKUP(Q64*12,CONFIG!$B$186:$J$213,9,1),VLOOKUP(Q64*12,CONFIG!$B$186:$J$213,6,1)),1.45) -> 1.45 | R65: =IFERROR(1+IF(AND(CONFIG!$C$15="Oui",R$2<=CONFIG!$C$16),VLOOKUP(R64*12,CONFIG!$B$186:$J$213,9,1),VLOOKUP(R64*12,CONFIG!$B$186:$J$213,6,1)),1.45) -> 1.45 | S65: =IFERROR(1+IF(AND(CONFIG!$C$15="Oui",S$2<=CONFIG!$C$16),VLOOKUP(S64*12,CONFIG!$B$186:$J$213,9,1),VLOOKUP(S64*12,CONFIG!$B$186:$J$213,6,1)),1.45) -> 1.45 | T65: =IFERROR(1+IF(AND(CONFIG!$C$15="Oui",T$2<=CONFIG!$C$16),VLOOKUP(T64*12,CONFIG!$B$186:$J$213,9,1),VLOOKUP(T64*12,CONFIG!$B$186:$J$213,6,1)),1.45) -> 1.45 | U65: =IFERROR(1+IF(AND(CONFIG!$C$15="Oui",U$2<=CONFIG!$C$16),VLOOKUP(U64*12,CONFIG!$B$186:$J$213,9,1),VLOOKUP(U64*12,CONFIG!$B$186:$J$213,6,1)),1.45) -> 1.45 | V65: =IFERROR(1+IF(AND(CONFIG!$C$15="Oui",V$2<=CONFIG!$C$16),VLOOKUP(V64*12,CONFIG!$B$186:$J$213,9,1),VLOOKUP(V64*12,CONFIG!$B$186:$J$213,6,1)),1.45) -> 1.45 | W65: =IFERROR(1+IF(AND(CONFIG!$C$15="Oui",W$2<=CONFIG!$C$16),VLOOKUP(W64*12,CONFIG!$B$186:$J$213,9,1),VLOOKUP(W64*12,CONFIG!$B$186:$J$213,6,1)),1.45) -> 1.45 | X65: =IFERROR(1+IF(AND(CONFIG!$C$15="Oui",X$2<=CONFIG!$C$16),VLOOKUP(X64*12,CONFIG!$B$186:$J$213,9,1),VLOOKUP(X64*12,CONFIG!$B$186:$J$213,6,1)),1.45) -> 1.45 | ... BX65: =IFERROR(1+IF(AND(CONFIG!$C$15="Oui",BX$2<=CONFIG!$C$16),VLOOKUP(BX64*12,CONFIG!$B$186:$J$213,9,1),VLOOKUP(BX64*12,CONFIG!$B$186:$J$213,6,1)),1.45) -> 1.45
A66: Type Salarié 2 | D66: =SUM(Q66:AB66) -> 0 | E66: =SUM(AC66:AN66) -> 0 | F66: =SUM(AO66:AZ66) -> 0 | G66: =SUM(BA66:BL66) -> 0 | H66: =SUM(BM66:BX66) -> 0 | J66: =IFERROR((H66/D66)^(1/4)-1,"-") -> - | K66: =IFERROR(D66/C66-1,"-") -> - | L66: =IFERROR(E66/D66-1,"-") -> - | M66: =IFERROR(F66/E66-1,"-") -> - | N66: =IFERROR(G66/F66-1,"-") -> - | O66: =IFERROR(H66/G66-1,"-") -> - | Q66: =Q67*Q68*Q69 -> 0 | R66: =R67*R68*R69 -> 0 | S66: =S67*S68*S69 -> 0 | T66: =T67*T68*T69 -> 0 | U66: =U67*U68*U69 -> 0 | V66: =V67*V68*V69 -> 0 | W66: =W67*W68*W69 -> 0 | X66: =X67*X68*X69 -> 0 | ... BX66: =BX67*BX68*BX69 -> 0
A67: =CONFIG!$D$76 -> Nombre de salariés | D67: =IFERROR(AVERAGEIFS(Q67:AB67,Q68:AB68,">0"),0) -> 0 | E67: =IFERROR(AVERAGEIFS(AC67:AN67,AC68:AN68,">0"),0) -> 0 | F67: =IFERROR(AVERAGEIFS(AO67:AZ67,AO68:AZ68,">0"),0) -> 0 | G67: =IFERROR(AVERAGEIFS(BA67:BL67,BA68:BL68,">0"),0) -> 0 | H67: =IFERROR(AVERAGEIFS(BM67:BX67,BM68:BX68,">0"),0) -> 0 | J67: =IFERROR((H67/D67)^(1/4)-1,"-") -> - | K67: =IFERROR(D67/C67-1,"-") -> - | L67: =IFERROR(E67/D67-1,"-") -> - | M67: =IFERROR(F67/E67-1,"-") -> - | N67: =IFERROR(G67/F67-1,"-") -> - | O67: =IFERROR(H67/G67-1,"-") -> - | Q67: 0 | R67: 0 | S67: 0 | T67: 0 | U67: 0 | V67: 0 | W67: 0 | X67: 0 | Y67: 0 | Z67: 0 | AA67: 0 | AB67: 0 | AC67: 0 | AD67: 0 | AE67: 0 | AF67: 0 | AG67: 0 | AH67: 0 | AI67: 0 | AJ67: 0 | AK67: 0 | AL67: 0 | AM67: 0 | AN67: 0 | AO67: 0 | AP67: 0 | AQ67: 0 | AR67: 0 | AS67: 0 | AT67: 0 | AU67: 0 | AV67: 0 | AW67: 0 | AX67: 0 | AY67: 0 | AZ67: 0 | BA67: 0 | BB67: 0 | BC67: 0 | BD67: 0 | BE67: 0 | BF67: 0 | BG67: 0 | BH67: 0 | BI67: 0 | BJ67: 0 | BK67: 0 | BL67: 0 | BM67: 0 | BN67: 0 | BO67: 0 | BP67: 0 | BQ67: 0 | BR67: 0 | BS67: 0 | BT67: 0 | BU67: 0 | BV67: 0 | BW67: 0 | BX67: 0
A68: =CONFIG!$D$77 -> Salaire Brut | D68: =SUM(Q68:AB68) -> 0 | E68: =SUM(AC68:AN68) -> 0 | F68: =SUM(AO68:AZ68) -> 0 | G68: =SUM(BA68:BL68) -> 0 | H68: =SUM(BM68:BX68) -> 0 | J68: =IFERROR((H68/D68)^(1/4)-1,"-") -> - | K68: =IFERROR(D68/C68-1,"-") -> - | L68: =IFERROR(E68/D68-1,"-") -> - | M68: =IFERROR(F68/E68-1,"-") -> - | N68: =IFERROR(G68/F68-1,"-") -> - | O68: =IFERROR(H68/G68-1,"-") -> - | Q68: 0 | R68: 0 | S68: 0 | T68: 0 | U68: 0 | V68: 0 | W68: 0 | X68: 0 | Y68: 0 | Z68: 0 | AA68: 0 | AB68: 0 | AC68: 0 | AD68: 0 | AE68: 0 | AF68: 0 | AG68: 0 | AH68: 0 | AI68: 0 | AJ68: 0 | AK68: 0 | AL68: 0 | AM68: 0 | AN68: 0 | AO68: 0 | AP68: 0 | AQ68: 0 | AR68: 0 | AS68: 0 | AT68: 0 | AU68: 0 | AV68: 0 | AW68: 0 | AX68: 0 | AY68: 0 | AZ68: 0 | BA68: 0 | BB68: 0 | BC68: 0 | BD68: 0 | BE68: 0 | BF68: 0 | BG68: 0 | BH68: 0 | BI68: 0 | BJ68: 0 | BK68: 0 | BL68: 0 | BM68: 0 | BN68: 0 | BO68: 0 | BP68: 0 | BQ68: 0 | BR68: 0 | BS68: 0 | BT68: 0 | BU68: 0 | BV68: 0 | BW68: 0 | BX68: 0
A69: =CONFIG!$D$78 -> Taux de charges sociales | D69: =IFERROR(AVERAGEIFS(Q69:AB69,Q67:AB67,">0"),0) -> 0 | E69: =IFERROR(AVERAGEIFS(AC69:AN69,AC67:AN67,">0"),0) -> 0 | F69: =IFERROR(AVERAGEIFS(AO69:AZ69,AO67:AZ67,">0"),0) -> 0 | G69: =IFERROR(AVERAGEIFS(BA69:BL69,BA67:BL67,">0"),0) -> 0 | H69: =IFERROR(AVERAGEIFS(BM69:BX69,BM67:BX67,">0"),0) -> 0 | J69: =IFERROR((H69/D69)^(1/4)-1,"-") -> - | K69: =IFERROR(D69/C69-1,"-") -> - | L69: =IFERROR(E69/D69-1,"-") -> - | M69: =IFERROR(F69/E69-1,"-") -> - | N69: =IFERROR(G69/F69-1,"-") -> - | O69: =IFERROR(H69/G69-1,"-") -> - | Q69: =IFERROR(1+IF(AND(CONFIG!$C$15="Oui",Q$2<=CONFIG!$C$16),VLOOKUP(Q68*12,CONFIG!$B$186:$J$213,9,1),VLOOKUP(Q68*12,CONFIG!$B$186:$J$213,6,1)),1.45) -> 1.45 | R69: =IFERROR(1+IF(AND(CONFIG!$C$15="Oui",R$2<=CONFIG!$C$16),VLOOKUP(R68*12,CONFIG!$B$186:$J$213,9,1),VLOOKUP(R68*12,CONFIG!$B$186:$J$213,6,1)),1.45) -> 1.45 | S69: =IFERROR(1+IF(AND(CONFIG!$C$15="Oui",S$2<=CONFIG!$C$16),VLOOKUP(S68*12,CONFIG!$B$186:$J$213,9,1),VLOOKUP(S68*12,CONFIG!$B$186:$J$213,6,1)),1.45) -> 1.45 | T69: =IFERROR(1+IF(AND(CONFIG!$C$15="Oui",T$2<=CONFIG!$C$16),VLOOKUP(T68*12,CONFIG!$B$186:$J$213,9,1),VLOOKUP(T68*12,CONFIG!$B$186:$J$213,6,1)),1.45) -> 1.45 | U69: =IFERROR(1+IF(AND(CONFIG!$C$15="Oui",U$2<=CONFIG!$C$16),VLOOKUP(U68*12,CONFIG!$B$186:$J$213,9,1),VLOOKUP(U68*12,CONFIG!$B$186:$J$213,6,1)),1.45) -> 1.45 | V69: =IFERROR(1+IF(AND(CONFIG!$C$15="Oui",V$2<=CONFIG!$C$16),VLOOKUP(V68*12,CONFIG!$B$186:$J$213,9,1),VLOOKUP(V68*12,CONFIG!$B$186:$J$213,6,1)),1.45) -> 1.45 | W69: =IFERROR(1+IF(AND(CONFIG!$C$15="Oui",W$2<=CONFIG!$C$16),VLOOKUP(W68*12,CONFIG!$B$186:$J$213,9,1),VLOOKUP(W68*12,CONFIG!$B$186:$J$213,6,1)),1.45) -> 1.45 | X69: =IFERROR(1+IF(AND(CONFIG!$C$15="Oui",X$2<=CONFIG!$C$16),VLOOKUP(X68*12,CONFIG!$B$186:$J$213,9,1),VLOOKUP(X68*12,CONFIG!$B$186:$J$213,6,1)),1.45) -> 1.45 | ... BX69: =IFERROR(1+IF(AND(CONFIG!$C$15="Oui",BX$2<=CONFIG!$C$16),VLOOKUP(BX68*12,CONFIG!$B$186:$J$213,9,1),VLOOKUP(BX68*12,CONFIG!$B$186:$J$213,6,1)),1.45) -> 1.45
A70: Type Salarié 3 | D70: =SUM(Q70:AB70) -> 0 | E70: =SUM(AC70:AN70) -> 0 | F70: =SUM(AO70:AZ70) -> 0 | G70: =SUM(BA70:BL70) -> 0 | H70: =SUM(BM70:BX70) -> 0 | J70: =IFERROR((H70/D70)^(1/4)-1,"-") -> - | K70: =IFERROR(D70/C70-1,"-") -> - | L70: =IFERROR(E70/D70-1,"-") -> - | M70: =IFERROR(F70/E70-1,"-") -> - | N70: =IFERROR(G70/F70-1,"-") -> - | O70: =IFERROR(H70/G70-1,"-") -> - | Q70: =Q71*Q72*Q73 -> 0 | R70: =R71*R72*R73 -> 0 | S70: =S71*S72*S73 -> 0 | T70: =T71*T72*T73 -> 0 | U70: =U71*U72*U73 -> 0 | V70: =V71*V72*V73 -> 0 | W70: =W71*W72*W73 -> 0 | X70: =X71*X72*X73 -> 0 | ... BX70: =BX71*BX72*BX73 -> 0
A71: =CONFIG!$D$76 -> Nombre de salariés | D71: =IFERROR(AVERAGEIFS(Q71:AB71,Q72:AB72,">0"),0) -> 0 | E71: =IFERROR(AVERAGEIFS(AC71:AN71,AC72:AN72,">0"),0) -> 0 | F71: =IFERROR(AVERAGEIFS(AO71:AZ71,AO72:AZ72,">0"),0) -> 0 | G71: =IFERROR(AVERAGEIFS(BA71:BL71,BA72:BL72,">0"),0) -> 0 | H71: =IFERROR(AVERAGEIFS(BM71:BX71,BM72:BX72,">0"),0) -> 0 | J71: =IFERROR((H71/D71)^(1/4)-1,"-") -> - | K71: =IFERROR(D71/C71-1,"-") -> - | L71: =IFERROR(E71/D71-1,"-") -> - | M71: =IFERROR(F71/E71-1,"-") -> - | N71: =IFERROR(G71/F71-1,"-") -> - | O71: =IFERROR(H71/G71-1,"-") -> - | Q71: 0 | R71: 0 | S71: 0 | T71: 0 | U71: 0 | V71: 0 | W71: 0 | X71: 0 | Y71: 0 | Z71: 0 | AA71: 0 | AB71: 0 | AC71: 0 | AD71: 0 | AE71: 0 | AF71: 0 | AG71: 0 | AH71: 0 | AI71: 0 | AJ71: 0 | AK71: 0 | AL71: 0 | AM71: 0 | AN71: 0 | AO71: 0 | AP71: 0 | AQ71: 0 | AR71: 0 | AS71: 0 | AT71: 0 | AU71: 0 | AV71: 0 | AW71: 0 | AX71: 0 | AY71: 0 | AZ71: 0 | BA71: 0 | BB71: 0 | BC71: 0 | BD71: 0 | BE71: 0 | BF71: 0 | BG71: 0 | BH71: 0 | BI71: 0 | BJ71: 0 | BK71: 0 | BL71: 0 | BM71: 0 | BN71: 0 | BO71: 0 | BP71: 0 | BQ71: 0 | BR71: 0 | BS71: 0 | BT71: 0 | BU71: 0 | BV71: 0 | BW71: 0 | BX71: 0
A72: =CONFIG!$D$77 -> Salaire Brut | D72: =SUM(Q72:AB72) -> 0 | E72: =SUM(AC72:AN72) -> 0 | F72: =SUM(AO72:AZ72) -> 0 | G72: =SUM(BA72:BL72) -> 0 | H72: =SUM(BM72:BX72) -> 0 | J72: =IFERROR((H72/D72)^(1/4)-1,"-") -> - | K72: =IFERROR(D72/C72-1,"-") -> - | L72: =IFERROR(E72/D72-1,"-") -> - | M72: =IFERROR(F72/E72-1,"-") -> - | N72: =IFERROR(G72/F72-1,"-") -> - | O72: =IFERROR(H72/G72-1,"-") -> - | Q72: 0 | R72: 0 | S72: 0 | T72: 0 | U72: 0 | V72: 0 | W72: 0 | X72: 0 | Y72: 0 | Z72: 0 | AA72: 0 | AB72: 0 | AC72: 0 | AD72: 0 | AE72: 0 | AF72: 0 | AG72: 0 | AH72: 0 | AI72: 0 | AJ72: 0 | AK72: 0 | AL72: 0 | AM72: 0 | AN72: 0 | AO72: 0 | AP72: 0 | AQ72: 0 | AR72: 0 | AS72: 0 | AT72: 0 | AU72: 0 | AV72: 0 | AW72: 0 | AX72: 0 | AY72: 0 | AZ72: 0 | BA72: 0 | BB72: 0 | BC72: 0 | BD72: 0 | BE72: 0 | BF72: 0 | BG72: 0 | BH72: 0 | BI72: 0 | BJ72: 0 | BK72: 0 | BL72: 0 | BM72: 0 | BN72: 0 | BO72: 0 | BP72: 0 | BQ72: 0 | BR72: 0 | BS72: 0 | BT72: 0 | BU72: 0 | BV72: 0 | BW72: 0 | BX72: 0
A73: =CONFIG!$D$78 -> Taux de charges sociales | D73: =IFERROR(AVERAGEIFS(Q73:AB73,Q71:AB71,">0"),0) -> 0 | E73: =IFERROR(AVERAGEIFS(AC73:AN73,AC71:AN71,">0"),0) -> 0 | F73: =IFERROR(AVERAGEIFS(AO73:AZ73,AO71:AZ71,">0"),0) -> 0 | G73: =IFERROR(AVERAGEIFS(BA73:BL73,BA71:BL71,">0"),0) -> 0 | H73: =IFERROR(AVERAGEIFS(BM73:BX73,BM71:BX71,">0"),0) -> 0 | J73: =IFERROR((H73/D73)^(1/4)-1,"-") -> - | K73: =IFERROR(D73/C73-1,"-") -> - | L73: =IFERROR(E73/D73-1,"-") -> - | M73: =IFERROR(F73/E73-1,"-") -> - | N73: =IFERROR(G73/F73-1,"-") -> - | O73: =IFERROR(H73/G73-1,"-") -> - | Q73: =IFERROR(1+IF(AND(CONFIG!$C$15="Oui",Q$2<=CONFIG!$C$16),VLOOKUP(Q72*12,CONFIG!$B$186:$J$213,9,1),VLOOKUP(Q72*12,CONFIG!$B$186:$J$213,6,1)),1.45) -> 1.45 | R73: =IFERROR(1+IF(AND(CONFIG!$C$15="Oui",R$2<=CONFIG!$C$16),VLOOKUP(R72*12,CONFIG!$B$186:$J$213,9,1),VLOOKUP(R72*12,CONFIG!$B$186:$J$213,6,1)),1.45) -> 1.45 | S73: =IFERROR(1+IF(AND(CONFIG!$C$15="Oui",S$2<=CONFIG!$C$16),VLOOKUP(S72*12,CONFIG!$B$186:$J$213,9,1),VLOOKUP(S72*12,CONFIG!$B$186:$J$213,6,1)),1.45) -> 1.45 | T73: =IFERROR(1+IF(AND(CONFIG!$C$15="Oui",T$2<=CONFIG!$C$16),VLOOKUP(T72*12,CONFIG!$B$186:$J$213,9,1),VLOOKUP(T72*12,CONFIG!$B$186:$J$213,6,1)),1.45) -> 1.45 | U73: =IFERROR(1+IF(AND(CONFIG!$C$15="Oui",U$2<=CONFIG!$C$16),VLOOKUP(U72*12,CONFIG!$B$186:$J$213,9,1),VLOOKUP(U72*12,CONFIG!$B$186:$J$213,6,1)),1.45) -> 1.45 | V73: =IFERROR(1+IF(AND(CONFIG!$C$15="Oui",V$2<=CONFIG!$C$16),VLOOKUP(V72*12,CONFIG!$B$186:$J$213,9,1),VLOOKUP(V72*12,CONFIG!$B$186:$J$213,6,1)),1.45) -> 1.45 | W73: =IFERROR(1+IF(AND(CONFIG!$C$15="Oui",W$2<=CONFIG!$C$16),VLOOKUP(W72*12,CONFIG!$B$186:$J$213,9,1),VLOOKUP(W72*12,CONFIG!$B$186:$J$213,6,1)),1.45) -> 1.45 | X73: =IFERROR(1+IF(AND(CONFIG!$C$15="Oui",X$2<=CONFIG!$C$16),VLOOKUP(X72*12,CONFIG!$B$186:$J$213,9,1),VLOOKUP(X72*12,CONFIG!$B$186:$J$213,6,1)),1.45) -> 1.45 | ... BX73: =IFERROR(1+IF(AND(CONFIG!$C$15="Oui",BX$2<=CONFIG!$C$16),VLOOKUP(BX72*12,CONFIG!$B$186:$J$213,9,1),VLOOKUP(BX72*12,CONFIG!$B$186:$J$213,6,1)),1.45) -> 1.45
A74: Type Salarié 4 | D74: =SUM(Q74:AB74) -> 0 | E74: =SUM(AC74:AN74) -> 0 | F74: =SUM(AO74:AZ74) -> 0 | G74: =SUM(BA74:BL74) -> 0 | H74: =SUM(BM74:BX74) -> 0 | J74: =IFERROR((H74/D74)^(1/4)-1,"-") -> - | K74: =IFERROR(D74/C74-1,"-") -> - | L74: =IFERROR(E74/D74-1,"-") -> - | M74: =IFERROR(F74/E74-1,"-") -> - | N74: =IFERROR(G74/F74-1,"-") -> - | O74: =IFERROR(H74/G74-1,"-") -> - | Q74: =Q75*Q76*Q77 -> 0 | R74: =R75*R76*R77 -> 0 | S74: =S75*S76*S77 -> 0 | T74: =T75*T76*T77 -> 0 | U74: =U75*U76*U77 -> 0 | V74: =V75*V76*V77 -> 0 | W74: =W75*W76*W77 -> 0 | X74: =X75*X76*X77 -> 0 | ... BX74: =BX75*BX76*BX77 -> 0
A75: =CONFIG!$D$76 -> Nombre de salariés | D75: =IFERROR(AVERAGEIFS(Q75:AB75,Q76:AB76,">0"),0) -> 0 | E75: =IFERROR(AVERAGEIFS(AC75:AN75,AC76:AN76,">0"),0) -> 0 | F75: =IFERROR(AVERAGEIFS(AO75:AZ75,AO76:AZ76,">0"),0) -> 0 | G75: =IFERROR(AVERAGEIFS(BA75:BL75,BA76:BL76,">0"),0) -> 0 | H75: =IFERROR(AVERAGEIFS(BM75:BX75,BM76:BX76,">0"),0) -> 0 | J75: =IFERROR((H75/D75)^(1/4)-1,"-") -> - | K75: =IFERROR(D75/C75-1,"-") -> - | L75: =IFERROR(E75/D75-1,"-") -> - | M75: =IFERROR(F75/E75-1,"-") -> - | N75: =IFERROR(G75/F75-1,"-") -> - | O75: =IFERROR(H75/G75-1,"-") -> - | Q75: 0 | R75: 0 | S75: 0 | T75: 0 | U75: 0 | V75: 0 | W75: 0 | X75: 0 | Y75: 0 | Z75: 0 | AA75: 0 | AB75: 0 | AC75: 0 | AD75: 0 | AE75: 0 | AF75: 0 | AG75: 0 | AH75: 0 | AI75: 0 | AJ75: 0 | AK75: 0 | AL75: 0 | AM75: 0 | AN75: 0 | AO75: 0 | AP75: 0 | AQ75: 0 | AR75: 0 | AS75: 0 | AT75: 0 | AU75: 0 | AV75: 0 | AW75: 0 | AX75: 0 | AY75: 0 | AZ75: 0 | BA75: 0 | BB75: 0 | BC75: 0 | BD75: 0 | BE75: 0 | BF75: 0 | BG75: 0 | BH75: 0 | BI75: 0 | BJ75: 0 | BK75: 0 | BL75: 0 | BM75: 0 | BN75: 0 | BO75: 0 | BP75: 0 | BQ75: 0 | BR75: 0 | BS75: 0 | BT75: 0 | BU75: 0 | BV75: 0 | BW75: 0 | BX75: 0
A76: =CONFIG!$D$77 -> Salaire Brut | D76: =SUM(Q76:AB76) -> 0 | E76: =SUM(AC76:AN76) -> 0 | F76: =SUM(AO76:AZ76) -> 0 | G76: =SUM(BA76:BL76) -> 0 | H76: =SUM(BM76:BX76) -> 0 | J76: =IFERROR((H76/D76)^(1/4)-1,"-") -> - | K76: =IFERROR(D76/C76-1,"-") -> - | L76: =IFERROR(E76/D76-1,"-") -> - | M76: =IFERROR(F76/E76-1,"-") -> - | N76: =IFERROR(G76/F76-1,"-") -> - | O76: =IFERROR(H76/G76-1,"-") -> - | Q76: 0 | R76: 0 | S76: 0 | T76: 0 | U76: 0 | V76: 0 | W76: 0 | X76: 0 | Y76: 0 | Z76: 0 | AA76: 0 | AB76: 0 | AC76: 0 | AD76: 0 | AE76: 0 | AF76: 0 | AG76: 0 | AH76: 0 | AI76: 0 | AJ76: 0 | AK76: 0 | AL76: 0 | AM76: 0 | AN76: 0 | AO76: 0 | AP76: 0 | AQ76: 0 | AR76: 0 | AS76: 0 | AT76: 0 | AU76: 0 | AV76: 0 | AW76: 0 | AX76: 0 | AY76: 0 | AZ76: 0 | BA76: 0 | BB76: 0 | BC76: 0 | BD76: 0 | BE76: 0 | BF76: 0 | BG76: 0 | BH76: 0 | BI76: 0 | BJ76: 0 | BK76: 0 | BL76: 0 | BM76: 0 | BN76: 0 | BO76: 0 | BP76: 0 | BQ76: 0 | BR76: 0 | BS76: 0 | BT76: 0 | BU76: 0 | BV76: 0 | BW76: 0 | BX76: 0
A77: =CONFIG!$D$78 -> Taux de charges sociales | D77: =IFERROR(AVERAGEIFS(Q77:AB77,Q75:AB75,">0"),0) -> 0 | E77: =IFERROR(AVERAGEIFS(AC77:AN77,AC75:AN75,">0"),0) -> 0 | F77: =IFERROR(AVERAGEIFS(AO77:AZ77,AO75:AZ75,">0"),0) -> 0 | G77: =IFERROR(AVERAGEIFS(BA77:BL77,BA75:BL75,">0"),0) -> 0 | H77: =IFERROR(AVERAGEIFS(BM77:BX77,BM75:BX75,">0"),0) -> 0 | J77: =IFERROR((H77/D77)^(1/4)-1,"-") -> - | K77: =IFERROR(D77/C77-1,"-") -> - | L77: =IFERROR(E77/D77-1,"-") -> - | M77: =IFERROR(F77/E77-1,"-") -> - | N77: =IFERROR(G77/F77-1,"-") -> - | O77: =IFERROR(H77/G77-1,"-") -> - | Q77: =IFERROR(1+IF(AND(CONFIG!$C$15="Oui",Q$2<=CONFIG!$C$16),VLOOKUP(Q76*12,CONFIG!$B$186:$J$213,9,1),VLOOKUP(Q76*12,CONFIG!$B$186:$J$213,6,1)),1.45) -> 1.45 | R77: =IFERROR(1+IF(AND(CONFIG!$C$15="Oui",R$2<=CONFIG!$C$16),VLOOKUP(R76*12,CONFIG!$B$186:$J$213,9,1),VLOOKUP(R76*12,CONFIG!$B$186:$J$213,6,1)),1.45) -> 1.45 | S77: =IFERROR(1+IF(AND(CONFIG!$C$15="Oui",S$2<=CONFIG!$C$16),VLOOKUP(S76*12,CONFIG!$B$186:$J$213,9,1),VLOOKUP(S76*12,CONFIG!$B$186:$J$213,6,1)),1.45) -> 1.45 | T77: =IFERROR(1+IF(AND(CONFIG!$C$15="Oui",T$2<=CONFIG!$C$16),VLOOKUP(T76*12,CONFIG!$B$186:$J$213,9,1),VLOOKUP(T76*12,CONFIG!$B$186:$J$213,6,1)),1.45) -> 1.45 | U77: =IFERROR(1+IF(AND(CONFIG!$C$15="Oui",U$2<=CONFIG!$C$16),VLOOKUP(U76*12,CONFIG!$B$186:$J$213,9,1),VLOOKUP(U76*12,CONFIG!$B$186:$J$213,6,1)),1.45) -> 1.45 | V77: =IFERROR(1+IF(AND(CONFIG!$C$15="Oui",V$2<=CONFIG!$C$16),VLOOKUP(V76*12,CONFIG!$B$186:$J$213,9,1),VLOOKUP(V76*12,CONFIG!$B$186:$J$213,6,1)),1.45) -> 1.45 | W77: =IFERROR(1+IF(AND(CONFIG!$C$15="Oui",W$2<=CONFIG!$C$16),VLOOKUP(W76*12,CONFIG!$B$186:$J$213,9,1),VLOOKUP(W76*12,CONFIG!$B$186:$J$213,6,1)),1.45) -> 1.45 | X77: =IFERROR(1+IF(AND(CONFIG!$C$15="Oui",X$2<=CONFIG!$C$16),VLOOKUP(X76*12,CONFIG!$B$186:$J$213,9,1),VLOOKUP(X76*12,CONFIG!$B$186:$J$213,6,1)),1.45) -> 1.45 | ... BX77: =IFERROR(1+IF(AND(CONFIG!$C$15="Oui",BX$2<=CONFIG!$C$16),VLOOKUP(BX76*12,CONFIG!$B$186:$J$213,9,1),VLOOKUP(BX76*12,CONFIG!$B$186:$J$213,6,1)),1.45) -> 1.45
A78: Type Salarié 5 | D78: =SUM(Q78:AB78) -> 0 | E78: =SUM(AC78:AN78) -> 0 | F78: =SUM(AO78:AZ78) -> 0 | G78: =SUM(BA78:BL78) -> 0 | H78: =SUM(BM78:BX78) -> 0 | J78: =IFERROR((H78/D78)^(1/4)-1,"-") -> - | K78: =IFERROR(D78/C78-1,"-") -> - | L78: =IFERROR(E78/D78-1,"-") -> - | M78: =IFERROR(F78/E78-1,"-") -> - | N78: =IFERROR(G78/F78-1,"-") -> - | O78: =IFERROR(H78/G78-1,"-") -> - | Q78: =Q79*Q80*Q81 -> 0 | R78: =R79*R80*R81 -> 0 | S78: =S79*S80*S81 -> 0 | T78: =T79*T80*T81 -> 0 | U78: =U79*U80*U81 -> 0 | V78: =V79*V80*V81 -> 0 | W78: =W79*W80*W81 -> 0 | X78: =X79*X80*X81 -> 0 | ... BX78: =BX79*BX80*BX81 -> 0
A79: =CONFIG!$D$76 -> Nombre de salariés | D79: =IFERROR(AVERAGEIFS(Q79:AB79,Q80:AB80,">0"),0) -> 0 | E79: =IFERROR(AVERAGEIFS(AC79:AN79,AC80:AN80,">0"),0) -> 0 | F79: =IFERROR(AVERAGEIFS(AO79:AZ79,AO80:AZ80,">0"),0) -> 0 | G79: =IFERROR(AVERAGEIFS(BA79:BL79,BA80:BL80,">0"),0) -> 0 | H79: =IFERROR(AVERAGEIFS(BM79:BX79,BM80:BX80,">0"),0) -> 0 | J79: =IFERROR((H79/D79)^(1/4)-1,"-") -> - | K79: =IFERROR(D79/C79-1,"-") -> - | L79: =IFERROR(E79/D79-1,"-") -> - | M79: =IFERROR(F79/E79-1,"-") -> - | N79: =IFERROR(G79/F79-1,"-") -> - | O79: =IFERROR(H79/G79-1,"-") -> - | Q79: 0 | R79: 0 | S79: 0 | T79: 0 | U79: 0 | V79: 0 | W79: 0 | X79: 0 | Y79: 0 | Z79: 0 | AA79: 0 | AB79: 0 | AC79: 0 | AD79: 0 | AE79: 0 | AF79: 0 | AG79: 0 | AH79: 0 | AI79: 0 | AJ79: 0 | AK79: 0 | AL79: 0 | AM79: 0 | AN79: 0 | AO79: 0 | AP79: 0 | AQ79: 0 | AR79: 0 | AS79: 0 | AT79: 0 | AU79: 0 | AV79: 0 | AW79: 0 | AX79: 0 | AY79: 0 | AZ79: 0 | BA79: 0 | BB79: 0 | BC79: 0 | BD79: 0 | BE79: 0 | BF79: 0 | BG79: 0 | BH79: 0 | BI79: 0 | BJ79: 0 | BK79: 0 | BL79: 0 | BM79: 0 | BN79: 0 | BO79: 0 | BP79: 0 | BQ79: 0 | BR79: 0 | BS79: 0 | BT79: 0 | BU79: 0 | BV79: 0 | BW79: 0 | BX79: 0
A80: =CONFIG!$D$77 -> Salaire Brut | D80: =SUM(Q80:AB80) -> 0 | E80: =SUM(AC80:AN80) -> 0 | F80: =SUM(AO80:AZ80) -> 0 | G80: =SUM(BA80:BL80) -> 0 | H80: =SUM(BM80:BX80) -> 0 | J80: =IFERROR((H80/D80)^(1/4)-1,"-") -> - | K80: =IFERROR(D80/C80-1,"-") -> - | L80: =IFERROR(E80/D80-1,"-") -> - | M80: =IFERROR(F80/E80-1,"-") -> - | N80: =IFERROR(G80/F80-1,"-") -> - | O80: =IFERROR(H80/G80-1,"-") -> - | Q80: 0 | R80: 0 | S80: 0 | T80: 0 | U80: 0 | V80: 0 | W80: 0 | X80: 0 | Y80: 0 | Z80: 0 | AA80: 0 | AB80: 0 | AC80: 0 | AD80: 0 | AE80: 0 | AF80: 0 | AG80: 0 | AH80: 0 | AI80: 0 | AJ80: 0 | AK80: 0 | AL80: 0 | AM80: 0 | AN80: 0 | AO80: 0 | AP80: 0 | AQ80: 0 | AR80: 0 | AS80: 0 | AT80: 0 | AU80: 0 | AV80: 0 | AW80: 0 | AX80: 0 | AY80: 0 | AZ80: 0 | BA80: 0 | BB80: 0 | BC80: 0 | BD80: 0 | BE80: 0 | BF80: 0 | BG80: 0 | BH80: 0 | BI80: 0 | BJ80: 0 | BK80: 0 | BL80: 0 | BM80: 0 | BN80: 0 | BO80: 0 | BP80: 0 | BQ80: 0 | BR80: 0 | BS80: 0 | BT80: 0 | BU80: 0 | BV80: 0 | BW80: 0 | BX80: 0
A81: =CONFIG!$D$78 -> Taux de charges sociales | D81: =IFERROR(AVERAGEIFS(Q81:AB81,Q79:AB79,">0"),0) -> 0 | E81: =IFERROR(AVERAGEIFS(AC81:AN81,AC79:AN79,">0"),0) -> 0 | F81: =IFERROR(AVERAGEIFS(AO81:AZ81,AO79:AZ79,">0"),0) -> 0 | G81: =IFERROR(AVERAGEIFS(BA81:BL81,BA79:BL79,">0"),0) -> 0 | H81: =IFERROR(AVERAGEIFS(BM81:BX81,BM79:BX79,">0"),0) -> 0 | J81: =IFERROR((H81/D81)^(1/4)-1,"-") -> - | K81: =IFERROR(D81/C81-1,"-") -> - | L81: =IFERROR(E81/D81-1,"-") -> - | M81: =IFERROR(F81/E81-1,"-") -> - | N81: =IFERROR(G81/F81-1,"-") -> - | O81: =IFERROR(H81/G81-1,"-") -> - | Q81: =IFERROR(1+IF(AND(CONFIG!$C$15="Oui",Q$2<=CONFIG!$C$16),VLOOKUP(Q80*12,CONFIG!$B$186:$J$213,9,1),VLOOKUP(Q80*12,CONFIG!$B$186:$J$213,6,1)),1.45) -> 1.45 | R81: =IFERROR(1+IF(AND(CONFIG!$C$15="Oui",R$2<=CONFIG!$C$16),VLOOKUP(R80*12,CONFIG!$B$186:$J$213,9,1),VLOOKUP(R80*12,CONFIG!$B$186:$J$213,6,1)),1.45) -> 1.45 | S81: =IFERROR(1+IF(AND(CONFIG!$C$15="Oui",S$2<=CONFIG!$C$16),VLOOKUP(S80*12,CONFIG!$B$186:$J$213,9,1),VLOOKUP(S80*12,CONFIG!$B$186:$J$213,6,1)),1.45) -> 1.45 | T81: =IFERROR(1+IF(AND(CONFIG!$C$15="Oui",T$2<=CONFIG!$C$16),VLOOKUP(T80*12,CONFIG!$B$186:$J$213,9,1),VLOOKUP(T80*12,CONFIG!$B$186:$J$213,6,1)),1.45) -> 1.45 | U81: =IFERROR(1+IF(AND(CONFIG!$C$15="Oui",U$2<=CONFIG!$C$16),VLOOKUP(U80*12,CONFIG!$B$186:$J$213,9,1),VLOOKUP(U80*12,CONFIG!$B$186:$J$213,6,1)),1.45) -> 1.45 | V81: =IFERROR(1+IF(AND(CONFIG!$C$15="Oui",V$2<=CONFIG!$C$16),VLOOKUP(V80*12,CONFIG!$B$186:$J$213,9,1),VLOOKUP(V80*12,CONFIG!$B$186:$J$213,6,1)),1.45) -> 1.45 | W81: =IFERROR(1+IF(AND(CONFIG!$C$15="Oui",W$2<=CONFIG!$C$16),VLOOKUP(W80*12,CONFIG!$B$186:$J$213,9,1),VLOOKUP(W80*12,CONFIG!$B$186:$J$213,6,1)),1.45) -> 1.45 | X81: =IFERROR(1+IF(AND(CONFIG!$C$15="Oui",X$2<=CONFIG!$C$16),VLOOKUP(X80*12,CONFIG!$B$186:$J$213,9,1),VLOOKUP(X80*12,CONFIG!$B$186:$J$213,6,1)),1.45) -> 1.45 | ... BX81: =IFERROR(1+IF(AND(CONFIG!$C$15="Oui",BX$2<=CONFIG!$C$16),VLOOKUP(BX80*12,CONFIG!$B$186:$J$213,9,1),VLOOKUP(BX80*12,CONFIG!$B$186:$J$213,6,1)),1.45) -> 1.45
A82: Type Salarié 6 | D82: =SUM(Q82:AB82) -> 0 | E82: =SUM(AC82:AN82) -> 0 | F82: =SUM(AO82:AZ82) -> 0 | G82: =SUM(BA82:BL82) -> 0 | H82: =SUM(BM82:BX82) -> 0 | J82: =IFERROR((H82/D82)^(1/4)-1,"-") -> - | K82: =IFERROR(D82/C82-1,"-") -> - | L82: =IFERROR(E82/D82-1,"-") -> - | M82: =IFERROR(F82/E82-1,"-") -> - | N82: =IFERROR(G82/F82-1,"-") -> - | O82: =IFERROR(H82/G82-1,"-") -> - | Q82: =Q83*Q84*Q85 -> 0 | R82: =R83*R84*R85 -> 0 | S82: =S83*S84*S85 -> 0 | T82: =T83*T84*T85 -> 0 | U82: =U83*U84*U85 -> 0 | V82: =V83*V84*V85 -> 0 | W82: =W83*W84*W85 -> 0 | X82: =X83*X84*X85 -> 0 | ... BX82: =BX83*BX84*BX85 -> 0
A83: =CONFIG!$D$76 -> Nombre de salariés | D83: =IFERROR(AVERAGEIFS(Q83:AB83,Q84:AB84,">0"),0) -> 0 | E83: =IFERROR(AVERAGEIFS(AC83:AN83,AC84:AN84,">0"),0) -> 0 | F83: =IFERROR(AVERAGEIFS(AO83:AZ83,AO84:AZ84,">0"),0) -> 0 | G83: =IFERROR(AVERAGEIFS(BA83:BL83,BA84:BL84,">0"),0) -> 0 | H83: =IFERROR(AVERAGEIFS(BM83:BX83,BM84:BX84,">0"),0) -> 0 | J83: =IFERROR((H83/D83)^(1/4)-1,"-") -> - | K83: =IFERROR(D83/C83-1,"-") -> - | L83: =IFERROR(E83/D83-1,"-") -> - | M83: =IFERROR(F83/E83-1,"-") -> - | N83: =IFERROR(G83/F83-1,"-") -> - | O83: =IFERROR(H83/G83-1,"-") -> - | Q83: 0 | R83: 0 | S83: 0 | T83: 0 | U83: 0 | V83: 0 | W83: 0 | X83: 0 | Y83: 0 | Z83: 0 | AA83: 0 | AB83: 0 | AC83: 0 | AD83: 0 | AE83: 0 | AF83: 0 | AG83: 0 | AH83: 0 | AI83: 0 | AJ83: 0 | AK83: 0 | AL83: 0 | AM83: 0 | AN83: 0 | AO83: 0 | AP83: 0 | AQ83: 0 | AR83: 0 | AS83: 0 | AT83: 0 | AU83: 0 | AV83: 0 | AW83: 0 | AX83: 0 | AY83: 0 | AZ83: 0 | BA83: 0 | BB83: 0 | BC83: 0 | BD83: 0 | BE83: 0 | BF83: 0 | BG83: 0 | BH83: 0 | BI83: 0 | BJ83: 0 | BK83: 0 | BL83: 0 | BM83: 0 | BN83: 0 | BO83: 0 | BP83: 0 | BQ83: 0 | BR83: 0 | BS83: 0 | BT83: 0 | BU83: 0 | BV83: 0 | BW83: 0 | BX83: 0
A84: =CONFIG!$D$77 -> Salaire Brut | D84: =SUM(Q84:AB84) -> 0 | E84: =SUM(AC84:AN84) -> 0 | F84: =SUM(AO84:AZ84) -> 0 | G84: =SUM(BA84:BL84) -> 0 | H84: =SUM(BM84:BX84) -> 0 | J84: =IFERROR((H84/D84)^(1/4)-1,"-") -> - | K84: =IFERROR(D84/C84-1,"-") -> - | L84: =IFERROR(E84/D84-1,"-") -> - | M84: =IFERROR(F84/E84-1,"-") -> - | N84: =IFERROR(G84/F84-1,"-") -> - | O84: =IFERROR(H84/G84-1,"-") -> - | Q84: 0 | R84: 0 | S84: 0 | T84: 0 | U84: 0 | V84: 0 | W84: 0 | X84: 0 | Y84: 0 | Z84: 0 | AA84: 0 | AB84: 0 | AC84: 0 | AD84: 0 | AE84: 0 | AF84: 0 | AG84: 0 | AH84: 0 | AI84: 0 | AJ84: 0 | AK84: 0 | AL84: 0 | AM84: 0 | AN84: 0 | AO84: 0 | AP84: 0 | AQ84: 0 | AR84: 0 | AS84: 0 | AT84: 0 | AU84: 0 | AV84: 0 | AW84: 0 | AX84: 0 | AY84: 0 | AZ84: 0 | BA84: 0 | BB84: 0 | BC84: 0 | BD84: 0 | BE84: 0 | BF84: 0 | BG84: 0 | BH84: 0 | BI84: 0 | BJ84: 0 | BK84: 0 | BL84: 0 | BM84: 0 | BN84: 0 | BO84: 0 | BP84: 0 | BQ84: 0 | BR84: 0 | BS84: 0 | BT84: 0 | BU84: 0 | BV84: 0 | BW84: 0 | BX84: 0
A85: =CONFIG!$D$78 -> Taux de charges sociales | D85: =IFERROR(AVERAGEIFS(Q85:AB85,Q83:AB83,">0"),0) -> 0 | E85: =IFERROR(AVERAGEIFS(AC85:AN85,AC83:AN83,">0"),0) -> 0 | F85: =IFERROR(AVERAGEIFS(AO85:AZ85,AO83:AZ83,">0"),0) -> 0 | G85: =IFERROR(AVERAGEIFS(BA85:BL85,BA83:BL83,">0"),0) -> 0 | H85: =IFERROR(AVERAGEIFS(BM85:BX85,BM83:BX83,">0"),0) -> 0 | J85: =IFERROR((H85/D85)^(1/4)-1,"-") -> - | K85: =IFERROR(D85/C85-1,"-") -> - | L85: =IFERROR(E85/D85-1,"-") -> - | M85: =IFERROR(F85/E85-1,"-") -> - | N85: =IFERROR(G85/F85-1,"-") -> - | O85: =IFERROR(H85/G85-1,"-") -> - | Q85: =IFERROR(1+IF(AND(CONFIG!$C$15="Oui",Q$2<=CONFIG!$C$16),VLOOKUP(Q84*12,CONFIG!$B$186:$J$213,9,1),VLOOKUP(Q84*12,CONFIG!$B$186:$J$213,6,1)),1.45) -> 1.45 | R85: =IFERROR(1+IF(AND(CONFIG!$C$15="Oui",R$2<=CONFIG!$C$16),VLOOKUP(R84*12,CONFIG!$B$186:$J$213,9,1),VLOOKUP(R84*12,CONFIG!$B$186:$J$213,6,1)),1.45) -> 1.45 | S85: =IFERROR(1+IF(AND(CONFIG!$C$15="Oui",S$2<=CONFIG!$C$16),VLOOKUP(S84*12,CONFIG!$B$186:$J$213,9,1),VLOOKUP(S84*12,CONFIG!$B$186:$J$213,6,1)),1.45) -> 1.45 | T85: =IFERROR(1+IF(AND(CONFIG!$C$15="Oui",T$2<=CONFIG!$C$16),VLOOKUP(T84*12,CONFIG!$B$186:$J$213,9,1),VLOOKUP(T84*12,CONFIG!$B$186:$J$213,6,1)),1.45) -> 1.45 | U85: =IFERROR(1+IF(AND(CONFIG!$C$15="Oui",U$2<=CONFIG!$C$16),VLOOKUP(U84*12,CONFIG!$B$186:$J$213,9,1),VLOOKUP(U84*12,CONFIG!$B$186:$J$213,6,1)),1.45) -> 1.45 | V85: =IFERROR(1+IF(AND(CONFIG!$C$15="Oui",V$2<=CONFIG!$C$16),VLOOKUP(V84*12,CONFIG!$B$186:$J$213,9,1),VLOOKUP(V84*12,CONFIG!$B$186:$J$213,6,1)),1.45) -> 1.45 | W85: =IFERROR(1+IF(AND(CONFIG!$C$15="Oui",W$2<=CONFIG!$C$16),VLOOKUP(W84*12,CONFIG!$B$186:$J$213,9,1),VLOOKUP(W84*12,CONFIG!$B$186:$J$213,6,1)),1.45) -> 1.45 | X85: =IFERROR(1+IF(AND(CONFIG!$C$15="Oui",X$2<=CONFIG!$C$16),VLOOKUP(X84*12,CONFIG!$B$186:$J$213,9,1),VLOOKUP(X84*12,CONFIG!$B$186:$J$213,6,1)),1.45) -> 1.45 | ... BX85: =IFERROR(1+IF(AND(CONFIG!$C$15="Oui",BX$2<=CONFIG!$C$16),VLOOKUP(BX84*12,CONFIG!$B$186:$J$213,9,1),VLOOKUP(BX84*12,CONFIG!$B$186:$J$213,6,1)),1.45) -> 1.45
A86: Type Salarié 7 | D86: =SUM(Q86:AB86) -> 0 | E86: =SUM(AC86:AN86) -> 0 | F86: =SUM(AO86:AZ86) -> 0 | G86: =SUM(BA86:BL86) -> 0 | H86: =SUM(BM86:BX86) -> 0 | J86: =IFERROR((H86/D86)^(1/4)-1,"-") -> - | K86: =IFERROR(D86/C86-1,"-") -> - | L86: =IFERROR(E86/D86-1,"-") -> - | M86: =IFERROR(F86/E86-1,"-") -> - | N86: =IFERROR(G86/F86-1,"-") -> - | O86: =IFERROR(H86/G86-1,"-") -> - | Q86: =Q87*Q88*Q89 -> 0 | R86: =R87*R88*R89 -> 0 | S86: =S87*S88*S89 -> 0 | T86: =T87*T88*T89 -> 0 | U86: =U87*U88*U89 -> 0 | V86: =V87*V88*V89 -> 0 | W86: =W87*W88*W89 -> 0 | X86: =X87*X88*X89 -> 0 | ... BX86: =BX87*BX88*BX89 -> 0
A87: =CONFIG!$D$76 -> Nombre de salariés | D87: =IFERROR(AVERAGEIFS(Q87:AB87,Q88:AB88,">0"),0) -> 0 | E87: =IFERROR(AVERAGEIFS(AC87:AN87,AC88:AN88,">0"),0) -> 0 | F87: =IFERROR(AVERAGEIFS(AO87:AZ87,AO88:AZ88,">0"),0) -> 0 | G87: =IFERROR(AVERAGEIFS(BA87:BL87,BA88:BL88,">0"),0) -> 0 | H87: =IFERROR(AVERAGEIFS(BM87:BX87,BM88:BX88,">0"),0) -> 0 | J87: =IFERROR((H87/D87)^(1/4)-1,"-") -> - | K87: =IFERROR(D87/C87-1,"-") -> - | L87: =IFERROR(E87/D87-1,"-") -> - | M87: =IFERROR(F87/E87-1,"-") -> - | N87: =IFERROR(G87/F87-1,"-") -> - | O87: =IFERROR(H87/G87-1,"-") -> - | Q87: 0 | R87: 0 | S87: 0 | T87: 0 | U87: 0 | V87: 0 | W87: 0 | X87: 0 | Y87: 0 | Z87: 0 | AA87: 0 | AB87: 0 | AC87: 0 | AD87: 0 | AE87: 0 | AF87: 0 | AG87: 0 | AH87: 0 | AI87: 0 | AJ87: 0 | AK87: 0 | AL87: 0 | AM87: 0 | AN87: 0 | AO87: 0 | AP87: 0 | AQ87: 0 | AR87: 0 | AS87: 0 | AT87: 0 | AU87: 0 | AV87: 0 | AW87: 0 | AX87: 0 | AY87: 0 | AZ87: 0 | BA87: 0 | BB87: 0 | BC87: 0 | BD87: 0 | BE87: 0 | BF87: 0 | BG87: 0 | BH87: 0 | BI87: 0 | BJ87: 0 | BK87: 0 | BL87: 0 | BM87: 0 | BN87: 0 | BO87: 0 | BP87: 0 | BQ87: 0 | BR87: 0 | BS87: 0 | BT87: 0 | BU87: 0 | BV87: 0 | BW87: 0 | BX87: 0
A88: =CONFIG!$D$77 -> Salaire Brut | D88: =SUM(Q88:AB88) -> 0 | E88: =SUM(AC88:AN88) -> 0 | F88: =SUM(AO88:AZ88) -> 0 | G88: =SUM(BA88:BL88) -> 0 | H88: =SUM(BM88:BX88) -> 0 | J88: =IFERROR((H88/D88)^(1/4)-1,"-") -> - | K88: =IFERROR(D88/C88-1,"-") -> - | L88: =IFERROR(E88/D88-1,"-") -> - | M88: =IFERROR(F88/E88-1,"-") -> - | N88: =IFERROR(G88/F88-1,"-") -> - | O88: =IFERROR(H88/G88-1,"-") -> - | Q88: 0 | R88: 0 | S88: 0 | T88: 0 | U88: 0 | V88: 0 | W88: 0 | X88: 0 | Y88: 0 | Z88: 0 | AA88: 0 | AB88: 0 | AC88: 0 | AD88: 0 | AE88: 0 | AF88: 0 | AG88: 0 | AH88: 0 | AI88: 0 | AJ88: 0 | AK88: 0 | AL88: 0 | AM88: 0 | AN88: 0 | AO88: 0 | AP88: 0 | AQ88: 0 | AR88: 0 | AS88: 0 | AT88: 0 | AU88: 0 | AV88: 0 | AW88: 0 | AX88: 0 | AY88: 0 | AZ88: 0 | BA88: 0 | BB88: 0 | BC88: 0 | BD88: 0 | BE88: 0 | BF88: 0 | BG88: 0 | BH88: 0 | BI88: 0 | BJ88: 0 | BK88: 0 | BL88: 0 | BM88: 0 | BN88: 0 | BO88: 0 | BP88: 0 | BQ88: 0 | BR88: 0 | BS88: 0 | BT88: 0 | BU88: 0 | BV88: 0 | BW88: 0 | BX88: 0
A89: =CONFIG!$D$78 -> Taux de charges sociales | D89: =IFERROR(AVERAGEIFS(Q89:AB89,Q87:AB87,">0"),0) -> 0 | E89: =IFERROR(AVERAGEIFS(AC89:AN89,AC87:AN87,">0"),0) -> 0 | F89: =IFERROR(AVERAGEIFS(AO89:AZ89,AO87:AZ87,">0"),0) -> 0 | G89: =IFERROR(AVERAGEIFS(BA89:BL89,BA87:BL87,">0"),0) -> 0 | H89: =IFERROR(AVERAGEIFS(BM89:BX89,BM87:BX87,">0"),0) -> 0 | J89: =IFERROR((H89/D89)^(1/4)-1,"-") -> - | K89: =IFERROR(D89/C89-1,"-") -> - | L89: =IFERROR(E89/D89-1,"-") -> - | M89: =IFERROR(F89/E89-1,"-") -> - | N89: =IFERROR(G89/F89-1,"-") -> - | O89: =IFERROR(H89/G89-1,"-") -> - | Q89: =IFERROR(1+IF(AND(CONFIG!$C$15="Oui",Q$2<=CONFIG!$C$16),VLOOKUP(Q88*12,CONFIG!$B$186:$J$213,9,1),VLOOKUP(Q88*12,CONFIG!$B$186:$J$213,6,1)),1.45) -> 1.45 | R89: =IFERROR(1+IF(AND(CONFIG!$C$15="Oui",R$2<=CONFIG!$C$16),VLOOKUP(R88*12,CONFIG!$B$186:$J$213,9,1),VLOOKUP(R88*12,CONFIG!$B$186:$J$213,6,1)),1.45) -> 1.45 | S89: =IFERROR(1+IF(AND(CONFIG!$C$15="Oui",S$2<=CONFIG!$C$16),VLOOKUP(S88*12,CONFIG!$B$186:$J$213,9,1),VLOOKUP(S88*12,CONFIG!$B$186:$J$213,6,1)),1.45) -> 1.45 | T89: =IFERROR(1+IF(AND(CONFIG!$C$15="Oui",T$2<=CONFIG!$C$16),VLOOKUP(T88*12,CONFIG!$B$186:$J$213,9,1),VLOOKUP(T88*12,CONFIG!$B$186:$J$213,6,1)),1.45) -> 1.45 | U89: =IFERROR(1+IF(AND(CONFIG!$C$15="Oui",U$2<=CONFIG!$C$16),VLOOKUP(U88*12,CONFIG!$B$186:$J$213,9,1),VLOOKUP(U88*12,CONFIG!$B$186:$J$213,6,1)),1.45) -> 1.45 | V89: =IFERROR(1+IF(AND(CONFIG!$C$15="Oui",V$2<=CONFIG!$C$16),VLOOKUP(V88*12,CONFIG!$B$186:$J$213,9,1),VLOOKUP(V88*12,CONFIG!$B$186:$J$213,6,1)),1.45) -> 1.45 | W89: =IFERROR(1+IF(AND(CONFIG!$C$15="Oui",W$2<=CONFIG!$C$16),VLOOKUP(W88*12,CONFIG!$B$186:$J$213,9,1),VLOOKUP(W88*12,CONFIG!$B$186:$J$213,6,1)),1.45) -> 1.45 | X89: =IFERROR(1+IF(AND(CONFIG!$C$15="Oui",X$2<=CONFIG!$C$16),VLOOKUP(X88*12,CONFIG!$B$186:$J$213,9,1),VLOOKUP(X88*12,CONFIG!$B$186:$J$213,6,1)),1.45) -> 1.45 | ... BX89: =IFERROR(1+IF(AND(CONFIG!$C$15="Oui",BX$2<=CONFIG!$C$16),VLOOKUP(BX88*12,CONFIG!$B$186:$J$213,9,1),VLOOKUP(BX88*12,CONFIG!$B$186:$J$213,6,1)),1.45) -> 1.45
A90: Type Salarié 8 | D90: =SUM(Q90:AB90) -> 0 | E90: =SUM(AC90:AN90) -> 0 | F90: =SUM(AO90:AZ90) -> 0 | G90: =SUM(BA90:BL90) -> 0 | H90: =SUM(BM90:BX90) -> 0 | J90: =IFERROR((H90/D90)^(1/4)-1,"-") -> - | K90: =IFERROR(D90/C90-1,"-") -> - | L90: =IFERROR(E90/D90-1,"-") -> - | M90: =IFERROR(F90/E90-1,"-") -> - | N90: =IFERROR(G90/F90-1,"-") -> - | O90: =IFERROR(H90/G90-1,"-") -> - | Q90: =Q91*Q92*Q93 -> 0 | R90: =R91*R92*R93 -> 0 | S90: =S91*S92*S93 -> 0 | T90: =T91*T92*T93 -> 0 | U90: =U91*U92*U93 -> 0 | V90: =V91*V92*V93 -> 0 | W90: =W91*W92*W93 -> 0 | X90: =X91*X92*X93 -> 0 | ... BX90: =BX91*BX92*BX93 -> 0
A91: =CONFIG!$D$76 -> Nombre de salariés | D91: =IFERROR(AVERAGEIFS(Q91:AB91,Q92:AB92,">0"),0) -> 0 | E91: =IFERROR(AVERAGEIFS(AC91:AN91,AC92:AN92,">0"),0) -> 0 | F91: =IFERROR(AVERAGEIFS(AO91:AZ91,AO92:AZ92,">0"),0) -> 0 | G91: =IFERROR(AVERAGEIFS(BA91:BL91,BA92:BL92,">0"),0) -> 0 | H91: =IFERROR(AVERAGEIFS(BM91:BX91,BM92:BX92,">0"),0) -> 0 | J91: =IFERROR((H91/D91)^(1/4)-1,"-") -> - | K91: =IFERROR(D91/C91-1,"-") -> - | L91: =IFERROR(E91/D91-1,"-") -> - | M91: =IFERROR(F91/E91-1,"-") -> - | N91: =IFERROR(G91/F91-1,"-") -> - | O91: =IFERROR(H91/G91-1,"-") -> - | Q91: 0 | R91: 0 | S91: 0 | T91: 0 | U91: 0 | V91: 0 | W91: 0 | X91: 0 | Y91: 0 | Z91: 0 | AA91: 0 | AB91: 0 | AC91: 0 | AD91: 0 | AE91: 0 | AF91: 0 | AG91: 0 | AH91: 0 | AI91: 0 | AJ91: 0 | AK91: 0 | AL91: 0 | AM91: 0 | AN91: 0 | AO91: 0 | AP91: 0 | AQ91: 0 | AR91: 0 | AS91: 0 | AT91: 0 | AU91: 0 | AV91: 0 | AW91: 0 | AX91: 0 | AY91: 0 | AZ91: 0 | BA91: 0 | BB91: 0 | BC91: 0 | BD91: 0 | BE91: 0 | BF91: 0 | BG91: 0 | BH91: 0 | BI91: 0 | BJ91: 0 | BK91: 0 | BL91: 0 | BM91: 0 | BN91: 0 | BO91: 0 | BP91: 0 | BQ91: 0 | BR91: 0 | BS91: 0 | BT91: 0 | BU91: 0 | BV91: 0 | BW91: 0 | BX91: 0
A92: =CONFIG!$D$77 -> Salaire Brut | D92: =SUM(Q92:AB92) -> 0 | E92: =SUM(AC92:AN92) -> 0 | F92: =SUM(AO92:AZ92) -> 0 | G92: =SUM(BA92:BL92) -> 0 | H92: =SUM(BM92:BX92) -> 0 | J92: =IFERROR((H92/D92)^(1/4)-1,"-") -> - | K92: =IFERROR(D92/C92-1,"-") -> - | L92: =IFERROR(E92/D92-1,"-") -> - | M92: =IFERROR(F92/E92-1,"-") -> - | N92: =IFERROR(G92/F92-1,"-") -> - | O92: =IFERROR(H92/G92-1,"-") -> - | Q92: 0 | R92: 0 | S92: 0 | T92: 0 | U92: 0 | V92: 0 | W92: 0 | X92: 0 | Y92: 0 | Z92: 0 | AA92: 0 | AB92: 0 | AC92: 0 | AD92: 0 | AE92: 0 | AF92: 0 | AG92: 0 | AH92: 0 | AI92: 0 | AJ92: 0 | AK92: 0 | AL92: 0 | AM92: 0 | AN92: 0 | AO92: 0 | AP92: 0 | AQ92: 0 | AR92: 0 | AS92: 0 | AT92: 0 | AU92: 0 | AV92: 0 | AW92: 0 | AX92: 0 | AY92: 0 | AZ92: 0 | BA92: 0 | BB92: 0 | BC92: 0 | BD92: 0 | BE92: 0 | BF92: 0 | BG92: 0 | BH92: 0 | BI92: 0 | BJ92: 0 | BK92: 0 | BL92: 0 | BM92: 0 | BN92: 0 | BO92: 0 | BP92: 0 | BQ92: 0 | BR92: 0 | BS92: 0 | BT92: 0 | BU92: 0 | BV92: 0 | BW92: 0 | BX92: 0
A93: =CONFIG!$D$78 -> Taux de charges sociales | D93: =IFERROR(AVERAGEIFS(Q93:AB93,Q91:AB91,">0"),0) -> 0 | E93: =IFERROR(AVERAGEIFS(AC93:AN93,AC91:AN91,">0"),0) -> 0 | F93: =IFERROR(AVERAGEIFS(AO93:AZ93,AO91:AZ91,">0"),0) -> 0 | G93: =IFERROR(AVERAGEIFS(BA93:BL93,BA91:BL91,">0"),0) -> 0 | H93: =IFERROR(AVERAGEIFS(BM93:BX93,BM91:BX91,">0"),0) -> 0 | J93: =IFERROR((H93/D93)^(1/4)-1,"-") -> - | K93: =IFERROR(D93/C93-1,"-") -> - | L93: =IFERROR(E93/D93-1,"-") -> - | M93: =IFERROR(F93/E93-1,"-") -> - | N93: =IFERROR(G93/F93-1,"-") -> - | O93: =IFERROR(H93/G93-1,"-") -> - | Q93: =IFERROR(1+IF(AND(CONFIG!$C$15="Oui",Q$2<=CONFIG!$C$16),VLOOKUP(Q92*12,CONFIG!$B$186:$J$213,9,1),VLOOKUP(Q92*12,CONFIG!$B$186:$J$213,6,1)),1.45) -> 1.45 | R93: =IFERROR(1+IF(AND(CONFIG!$C$15="Oui",R$2<=CONFIG!$C$16),VLOOKUP(R92*12,CONFIG!$B$186:$J$213,9,1),VLOOKUP(R92*12,CONFIG!$B$186:$J$213,6,1)),1.45) -> 1.45 | S93: =IFERROR(1+IF(AND(CONFIG!$C$15="Oui",S$2<=CONFIG!$C$16),VLOOKUP(S92*12,CONFIG!$B$186:$J$213,9,1),VLOOKUP(S92*12,CONFIG!$B$186:$J$213,6,1)),1.45) -> 1.45 | T93: =IFERROR(1+IF(AND(CONFIG!$C$15="Oui",T$2<=CONFIG!$C$16),VLOOKUP(T92*12,CONFIG!$B$186:$J$213,9,1),VLOOKUP(T92*12,CONFIG!$B$186:$J$213,6,1)),1.45) -> 1.45 | U93: =IFERROR(1+IF(AND(CONFIG!$C$15="Oui",U$2<=CONFIG!$C$16),VLOOKUP(U92*12,CONFIG!$B$186:$J$213,9,1),VLOOKUP(U92*12,CONFIG!$B$186:$J$213,6,1)),1.45) -> 1.45 | V93: =IFERROR(1+IF(AND(CONFIG!$C$15="Oui",V$2<=CONFIG!$C$16),VLOOKUP(V92*12,CONFIG!$B$186:$J$213,9,1),VLOOKUP(V92*12,CONFIG!$B$186:$J$213,6,1)),1.45) -> 1.45 | W93: =IFERROR(1+IF(AND(CONFIG!$C$15="Oui",W$2<=CONFIG!$C$16),VLOOKUP(W92*12,CONFIG!$B$186:$J$213,9,1),VLOOKUP(W92*12,CONFIG!$B$186:$J$213,6,1)),1.45) -> 1.45 | X93: =IFERROR(1+IF(AND(CONFIG!$C$15="Oui",X$2<=CONFIG!$C$16),VLOOKUP(X92*12,CONFIG!$B$186:$J$213,9,1),VLOOKUP(X92*12,CONFIG!$B$186:$J$213,6,1)),1.45) -> 1.45 | ... BX93: =IFERROR(1+IF(AND(CONFIG!$C$15="Oui",BX$2<=CONFIG!$C$16),VLOOKUP(BX92*12,CONFIG!$B$186:$J$213,9,1),VLOOKUP(BX92*12,CONFIG!$B$186:$J$213,6,1)),1.45) -> 1.45
A94: Type Salarié 9 | D94: =SUM(Q94:AB94) -> 0 | E94: =SUM(AC94:AN94) -> 0 | F94: =SUM(AO94:AZ94) -> 0 | G94: =SUM(BA94:BL94) -> 0 | H94: =SUM(BM94:BX94) -> 0 | J94: =IFERROR((H94/D94)^(1/4)-1,"-") -> - | K94: =IFERROR(D94/C94-1,"-") -> - | L94: =IFERROR(E94/D94-1,"-") -> - | M94: =IFERROR(F94/E94-1,"-") -> - | N94: =IFERROR(G94/F94-1,"-") -> - | O94: =IFERROR(H94/G94-1,"-") -> - | Q94: =Q95*Q96*Q97 -> 0 | R94: =R95*R96*R97 -> 0 | S94: =S95*S96*S97 -> 0 | T94: =T95*T96*T97 -> 0 | U94: =U95*U96*U97 -> 0 | V94: =V95*V96*V97 -> 0 | W94: =W95*W96*W97 -> 0 | X94: =X95*X96*X97 -> 0 | ... BX94: =BX95*BX96*BX97 -> 0
A95: =CONFIG!$D$76 -> Nombre de salariés | D95: =IFERROR(AVERAGEIFS(Q95:AB95,Q96:AB96,">0"),0) -> 0 | E95: =IFERROR(AVERAGEIFS(AC95:AN95,AC96:AN96,">0"),0) -> 0 | F95: =IFERROR(AVERAGEIFS(AO95:AZ95,AO96:AZ96,">0"),0) -> 0 | G95: =IFERROR(AVERAGEIFS(BA95:BL95,BA96:BL96,">0"),0) -> 0 | H95: =IFERROR(AVERAGEIFS(BM95:BX95,BM96:BX96,">0"),0) -> 0 | J95: =IFERROR((H95/D95)^(1/4)-1,"-") -> - | K95: =IFERROR(D95/C95-1,"-") -> - | L95: =IFERROR(E95/D95-1,"-") -> - | M95: =IFERROR(F95/E95-1,"-") -> - | N95: =IFERROR(G95/F95-1,"-") -> - | O95: =IFERROR(H95/G95-1,"-") -> - | Q95: 0 | R95: 0 | S95: 0 | T95: 0 | U95: 0 | V95: 0 | W95: 0 | X95: 0 | Y95: 0 | Z95: 0 | AA95: 0 | AB95: 0 | AC95: 0 | AD95: 0 | AE95: 0 | AF95: 0 | AG95: 0 | AH95: 0 | AI95: 0 | AJ95: 0 | AK95: 0 | AL95: 0 | AM95: 0 | AN95: 0 | AO95: 0 | AP95: 0 | AQ95: 0 | AR95: 0 | AS95: 0 | AT95: 0 | AU95: 0 | AV95: 0 | AW95: 0 | AX95: 0 | AY95: 0 | AZ95: 0 | BA95: 0 | BB95: 0 | BC95: 0 | BD95: 0 | BE95: 0 | BF95: 0 | BG95: 0 | BH95: 0 | BI95: 0 | BJ95: 0 | BK95: 0 | BL95: 0 | BM95: 0 | BN95: 0 | BO95: 0 | BP95: 0 | BQ95: 0 | BR95: 0 | BS95: 0 | BT95: 0 | BU95: 0 | BV95: 0 | BW95: 0 | BX95: 0
A96: =CONFIG!$D$77 -> Salaire Brut | D96: =SUM(Q96:AB96) -> 0 | E96: =SUM(AC96:AN96) -> 0 | F96: =SUM(AO96:AZ96) -> 0 | G96: =SUM(BA96:BL96) -> 0 | H96: =SUM(BM96:BX96) -> 0 | J96: =IFERROR((H96/D96)^(1/4)-1,"-") -> - | K96: =IFERROR(D96/C96-1,"-") -> - | L96: =IFERROR(E96/D96-1,"-") -> - | M96: =IFERROR(F96/E96-1,"-") -> - | N96: =IFERROR(G96/F96-1,"-") -> - | O96: =IFERROR(H96/G96-1,"-") -> - | Q96: 0 | R96: 0 | S96: 0 | T96: 0 | U96: 0 | V96: 0 | W96: 0 | X96: 0 | Y96: 0 | Z96: 0 | AA96: 0 | AB96: 0 | AC96: 0 | AD96: 0 | AE96: 0 | AF96: 0 | AG96: 0 | AH96: 0 | AI96: 0 | AJ96: 0 | AK96: 0 | AL96: 0 | AM96: 0 | AN96: 0 | AO96: 0 | AP96: 0 | AQ96: 0 | AR96: 0 | AS96: 0 | AT96: 0 | AU96: 0 | AV96: 0 | AW96: 0 | AX96: 0 | AY96: 0 | AZ96: 0 | BA96: 0 | BB96: 0 | BC96: 0 | BD96: 0 | BE96: 0 | BF96: 0 | BG96: 0 | BH96: 0 | BI96: 0 | BJ96: 0 | BK96: 0 | BL96: 0 | BM96: 0 | BN96: 0 | BO96: 0 | BP96: 0 | BQ96: 0 | BR96: 0 | BS96: 0 | BT96: 0 | BU96: 0 | BV96: 0 | BW96: 0 | BX96: 0
A97: =CONFIG!$D$78 -> Taux de charges sociales | D97: =IFERROR(AVERAGEIFS(Q97:AB97,Q95:AB95,">0"),0) -> 0 | E97: =IFERROR(AVERAGEIFS(AC97:AN97,AC95:AN95,">0"),0) -> 0 | F97: =IFERROR(AVERAGEIFS(AO97:AZ97,AO95:AZ95,">0"),0) -> 0 | G97: =IFERROR(AVERAGEIFS(BA97:BL97,BA95:BL95,">0"),0) -> 0 | H97: =IFERROR(AVERAGEIFS(BM97:BX97,BM95:BX95,">0"),0) -> 0 | J97: =IFERROR((H97/D97)^(1/4)-1,"-") -> - | K97: =IFERROR(D97/C97-1,"-") -> - | L97: =IFERROR(E97/D97-1,"-") -> - | M97: =IFERROR(F97/E97-1,"-") -> - | N97: =IFERROR(G97/F97-1,"-") -> - | O97: =IFERROR(H97/G97-1,"-") -> - | Q97: =IFERROR(1+IF(AND(CONFIG!$C$15="Oui",Q$2<=CONFIG!$C$16),VLOOKUP(Q96*12,CONFIG!$B$186:$J$213,9,1),VLOOKUP(Q96*12,CONFIG!$B$186:$J$213,6,1)),1.45) -> 1.45 | R97: =IFERROR(1+IF(AND(CONFIG!$C$15="Oui",R$2<=CONFIG!$C$16),VLOOKUP(R96*12,CONFIG!$B$186:$J$213,9,1),VLOOKUP(R96*12,CONFIG!$B$186:$J$213,6,1)),1.45) -> 1.45 | S97: =IFERROR(1+IF(AND(CONFIG!$C$15="Oui",S$2<=CONFIG!$C$16),VLOOKUP(S96*12,CONFIG!$B$186:$J$213,9,1),VLOOKUP(S96*12,CONFIG!$B$186:$J$213,6,1)),1.45) -> 1.45 | T97: =IFERROR(1+IF(AND(CONFIG!$C$15="Oui",T$2<=CONFIG!$C$16),VLOOKUP(T96*12,CONFIG!$B$186:$J$213,9,1),VLOOKUP(T96*12,CONFIG!$B$186:$J$213,6,1)),1.45) -> 1.45 | U97: =IFERROR(1+IF(AND(CONFIG!$C$15="Oui",U$2<=CONFIG!$C$16),VLOOKUP(U96*12,CONFIG!$B$186:$J$213,9,1),VLOOKUP(U96*12,CONFIG!$B$186:$J$213,6,1)),1.45) -> 1.45 | V97: =IFERROR(1+IF(AND(CONFIG!$C$15="Oui",V$2<=CONFIG!$C$16),VLOOKUP(V96*12,CONFIG!$B$186:$J$213,9,1),VLOOKUP(V96*12,CONFIG!$B$186:$J$213,6,1)),1.45) -> 1.45 | W97: =IFERROR(1+IF(AND(CONFIG!$C$15="Oui",W$2<=CONFIG!$C$16),VLOOKUP(W96*12,CONFIG!$B$186:$J$213,9,1),VLOOKUP(W96*12,CONFIG!$B$186:$J$213,6,1)),1.45) -> 1.45 | X97: =IFERROR(1+IF(AND(CONFIG!$C$15="Oui",X$2<=CONFIG!$C$16),VLOOKUP(X96*12,CONFIG!$B$186:$J$213,9,1),VLOOKUP(X96*12,CONFIG!$B$186:$J$213,6,1)),1.45) -> 1.45 | ... BX97: =IFERROR(1+IF(AND(CONFIG!$C$15="Oui",BX$2<=CONFIG!$C$16),VLOOKUP(BX96*12,CONFIG!$B$186:$J$213,9,1),VLOOKUP(BX96*12,CONFIG!$B$186:$J$213,6,1)),1.45) -> 1.45
A98: Type Salarié 10 | D98: =SUM(Q98:AB98) -> 0 | E98: =SUM(AC98:AN98) -> 0 | F98: =SUM(AO98:AZ98) -> 0 | G98: =SUM(BA98:BL98) -> 0 | H98: =SUM(BM98:BX98) -> 0 | J98: =IFERROR((H98/D98)^(1/4)-1,"-") -> - | K98: =IFERROR(D98/C98-1,"-") -> - | L98: =IFERROR(E98/D98-1,"-") -> - | M98: =IFERROR(F98/E98-1,"-") -> - | N98: =IFERROR(G98/F98-1,"-") -> - | O98: =IFERROR(H98/G98-1,"-") -> - | Q98: =Q99*Q100*Q101 -> 0 | R98: =R99*R100*R101 -> 0 | S98: =S99*S100*S101 -> 0 | T98: =T99*T100*T101 -> 0 | U98: =U99*U100*U101 -> 0 | V98: =V99*V100*V101 -> 0 | W98: =W99*W100*W101 -> 0 | X98: =X99*X100*X101 -> 0 | ... BX98: =BX99*BX100*BX101 -> 0
A99: =CONFIG!$D$76 -> Nombre de salariés | D99: =IFERROR(AVERAGEIFS(Q99:AB99,Q100:AB100,">0"),0) -> 0 | E99: =IFERROR(AVERAGEIFS(AC99:AN99,AC100:AN100,">0"),0) -> 0 | F99: =IFERROR(AVERAGEIFS(AO99:AZ99,AO100:AZ100,">0"),0) -> 0 | G99: =IFERROR(AVERAGEIFS(BA99:BL99,BA100:BL100,">0"),0) -> 0 | H99: =IFERROR(AVERAGEIFS(BM99:BX99,BM100:BX100,">0"),0) -> 0 | J99: =IFERROR((H99/D99)^(1/4)-1,"-") -> - | K99: =IFERROR(D99/C99-1,"-") -> - | L99: =IFERROR(E99/D99-1,"-") -> - | M99: =IFERROR(F99/E99-1,"-") -> - | N99: =IFERROR(G99/F99-1,"-") -> - | O99: =IFERROR(H99/G99-1,"-") -> - | Q99: 0 | R99: 0 | S99: 0 | T99: 0 | U99: 0 | V99: 0 | W99: 0 | X99: 0 | Y99: 0 | Z99: 0 | AA99: 0 | AB99: 0 | AC99: 0 | AD99: 0 | AE99: 0 | AF99: 0 | AG99: 0 | AH99: 0 | AI99: 0 | AJ99: 0 | AK99: 0 | AL99: 0 | AM99: 0 | AN99: 0 | AO99: 0 | AP99: 0 | AQ99: 0 | AR99: 0 | AS99: 0 | AT99: 0 | AU99: 0 | AV99: 0 | AW99: 0 | AX99: 0 | AY99: 0 | AZ99: 0 | BA99: 0 | BB99: 0 | BC99: 0 | BD99: 0 | BE99: 0 | BF99: 0 | BG99: 0 | BH99: 0 | BI99: 0 | BJ99: 0 | BK99: 0 | BL99: 0 | BM99: 0 | BN99: 0 | BO99: 0 | BP99: 0 | BQ99: 0 | BR99: 0 | BS99: 0 | BT99: 0 | BU99: 0 | BV99: 0 | BW99: 0 | BX99: 0
A100: =CONFIG!$D$77 -> Salaire Brut | D100: =SUM(Q100:AB100) -> 0 | E100: =SUM(AC100:AN100) -> 0 | F100: =SUM(AO100:AZ100) -> 0 | G100: =SUM(BA100:BL100) -> 0 | H100: =SUM(BM100:BX100) -> 0 | J100: =IFERROR((H100/D100)^(1/4)-1,"-") -> - | K100: =IFERROR(D100/C100-1,"-") -> - | L100: =IFERROR(E100/D100-1,"-") -> - | M100: =IFERROR(F100/E100-1,"-") -> - | N100: =IFERROR(G100/F100-1,"-") -> - | O100: =IFERROR(H100/G100-1,"-") -> - | Q100: 0 | R100: 0 | S100: 0 | T100: 0 | U100: 0 | V100: 0 | W100: 0 | X100: 0 | Y100: 0 | Z100: 0 | AA100: 0 | AB100: 0 | AC100: 0 | AD100: 0 | AE100: 0 | AF100: 0 | AG100: 0 | AH100: 0 | AI100: 0 | AJ100: 0 | AK100: 0 | AL100: 0 | AM100: 0 | AN100: 0 | AO100: 0 | AP100: 0 | AQ100: 0 | AR100: 0 | AS100: 0 | AT100: 0 | AU100: 0 | AV100: 0 | AW100: 0 | AX100: 0 | AY100: 0 | AZ100: 0 | BA100: 0 | BB100: 0 | BC100: 0 | BD100: 0 | BE100: 0 | BF100: 0 | BG100: 0 | BH100: 0 | BI100: 0 | BJ100: 0 | BK100: 0 | BL100: 0 | BM100: 0 | BN100: 0 | BO100: 0 | BP100: 0 | BQ100: 0 | BR100: 0 | BS100: 0 | BT100: 0 | BU100: 0 | BV100: 0 | BW100: 0 | BX100: 0
A101: =CONFIG!$D$78 -> Taux de charges sociales | D101: =IFERROR(AVERAGEIFS(Q101:AB101,Q99:AB99,">0"),0) -> 0 | E101: =IFERROR(AVERAGEIFS(AC101:AN101,AC99:AN99,">0"),0) -> 0 | F101: =IFERROR(AVERAGEIFS(AO101:AZ101,AO99:AZ99,">0"),0) -> 0 | G101: =IFERROR(AVERAGEIFS(BA101:BL101,BA99:BL99,">0"),0) -> 0 | H101: =IFERROR(AVERAGEIFS(BM101:BX101,BM99:BX99,">0"),0) -> 0 | J101: =IFERROR((H101/D101)^(1/4)-1,"-") -> - | K101: =IFERROR(D101/C101-1,"-") -> - | L101: =IFERROR(E101/D101-1,"-") -> - | M101: =IFERROR(F101/E101-1,"-") -> - | N101: =IFERROR(G101/F101-1,"-") -> - | O101: =IFERROR(H101/G101-1,"-") -> - | Q101: =IFERROR(1+IF(AND(CONFIG!$C$15="Oui",Q$2<=CONFIG!$C$16),VLOOKUP(Q100*12,CONFIG!$B$186:$J$213,9,1),VLOOKUP(Q100*12,CONFIG!$B$186:$J$213,6,1)),1.45) -> 1.45 | R101: =IFERROR(1+IF(AND(CONFIG!$C$15="Oui",R$2<=CONFIG!$C$16),VLOOKUP(R100*12,CONFIG!$B$186:$J$213,9,1),VLOOKUP(R100*12,CONFIG!$B$186:$J$213,6,1)),1.45) -> 1.45 | S101: =IFERROR(1+IF(AND(CONFIG!$C$15="Oui",S$2<=CONFIG!$C$16),VLOOKUP(S100*12,CONFIG!$B$186:$J$213,9,1),VLOOKUP(S100*12,CONFIG!$B$186:$J$213,6,1)),1.45) -> 1.45 | T101: =IFERROR(1+IF(AND(CONFIG!$C$15="Oui",T$2<=CONFIG!$C$16),VLOOKUP(T100*12,CONFIG!$B$186:$J$213,9,1),VLOOKUP(T100*12,CONFIG!$B$186:$J$213,6,1)),1.45) -> 1.45 | U101: =IFERROR(1+IF(AND(CONFIG!$C$15="Oui",U$2<=CONFIG!$C$16),VLOOKUP(U100*12,CONFIG!$B$186:$J$213,9,1),VLOOKUP(U100*12,CONFIG!$B$186:$J$213,6,1)),1.45) -> 1.45 | V101: =IFERROR(1+IF(AND(CONFIG!$C$15="Oui",V$2<=CONFIG!$C$16),VLOOKUP(V100*12,CONFIG!$B$186:$J$213,9,1),VLOOKUP(V100*12,CONFIG!$B$186:$J$213,6,1)),1.45) -> 1.45 | W101: =IFERROR(1+IF(AND(CONFIG!$C$15="Oui",W$2<=CONFIG!$C$16),VLOOKUP(W100*12,CONFIG!$B$186:$J$213,9,1),VLOOKUP(W100*12,CONFIG!$B$186:$J$213,6,1)),1.45) -> 1.45 | X101: =IFERROR(1+IF(AND(CONFIG!$C$15="Oui",X$2<=CONFIG!$C$16),VLOOKUP(X100*12,CONFIG!$B$186:$J$213,9,1),VLOOKUP(X100*12,CONFIG!$B$186:$J$213,6,1)),1.45) -> 1.45 | ... BX101: =IFERROR(1+IF(AND(CONFIG!$C$15="Oui",BX$2<=CONFIG!$C$16),VLOOKUP(BX100*12,CONFIG!$B$186:$J$213,9,1),VLOOKUP(BX100*12,CONFIG!$B$186:$J$213,6,1)),1.45) -> 1.45
A102: =CONFIG!D79 -> Nombre d'ETP | D102: =D63+D67+D71+D75+D79+D83+D87+D91+D95+D99 -> 0 | E102: =E63+E67+E71+E75+E79+E83+E87+E91+E95+E99 -> 0 | F102: =F63+F67+F71+F75+F79+F83+F87+F91+F95+F99 -> 0 | G102: =G63+G67+G71+G75+G79+G83+G87+G91+G95+G99 -> 0 | H102: =H63+H67+H71+H75+H79+H83+H87+H91+H95+H99 -> 0 | J102: =IFERROR((H102/D102)^(1/4)-1,"-") -> - | K102: =IFERROR(D102/C102-1,"-") -> - | L102: =IFERROR(E102/D102-1,"-") -> - | M102: =IFERROR(F102/E102-1,"-") -> - | N102: =IFERROR(G102/F102-1,"-") -> - | O102: =IFERROR(H102/G102-1,"-") -> - | Q102: =Q63*(Q62>0)+Q67*(Q66>0)+Q71*(Q70>0)+Q75*(Q74>0)+Q79*(Q78>0)+Q83*(Q82>0)+Q87*(Q86>0)+Q91*(Q90>0)+Q95*(Q94>0)+Q99*(Q98>0) -> 0 | R102: =R63*(R62>0)+R67*(R66>0)+R71*(R70>0)+R75*(R74>0)+R79*(R78>0)+R83*(R82>0)+R87*(R86>0)+R91*(R90>0)+R95*(R94>0)+R99*(R98>0) -> 0 | S102: =S63*(S62>0)+S67*(S66>0)+S71*(S70>0)+S75*(S74>0)+S79*(S78>0)+S83*(S82>0)+S87*(S86>0)+S91*(S90>0)+S95*(S94>0)+S99*(S98>0) -> 0 | T102: =T63*(T62>0)+T67*(T66>0)+T71*(T70>0)+T75*(T74>0)+T79*(T78>0)+T83*(T82>0)+T87*(T86>0)+T91*(T90>0)+T95*(T94>0)+T99*(T98>0) -> 0 | U102: =U63*(U62>0)+U67*(U66>0)+U71*(U70>0)+U75*(U74>0)+U79*(U78>0)+U83*(U82>0)+U87*(U86>0)+U91*(U90>0)+U95*(U94>0)+U99*(U98>0) -> 0 | V102: =V63*(V62>0)+V67*(V66>0)+V71*(V70>0)+V75*(V74>0)+V79*(V78>0)+V83*(V82>0)+V87*(V86>0)+V91*(V90>0)+V95*(V94>0)+V99*(V98>0) -> 0 | W102: =W63*(W62>0)+W67*(W66>0)+W71*(W70>0)+W75*(W74>0)+W79*(W78>0)+W83*(W82>0)+W87*(W86>0)+W91*(W90>0)+W95*(W94>0)+W99*(W98>0) -> 0 | X102: =X63*(X62>0)+X67*(X66>0)+X71*(X70>0)+X75*(X74>0)+X79*(X78>0)+X83*(X82>0)+X87*(X86>0)+X91*(X90>0)+X95*(X94>0)+X99*(X98>0) -> 0 | ... BX102: =BX63*(BX62>0)+BX67*(BX66>0)+BX71*(BX70>0)+BX75*(BX74>0)+BX79*(BX78>0)+BX83*(BX82>0)+BX87*(BX86>0)+BX91*(BX90>0)+BX95*(BX94>0)+BX99*(BX98>0) -> 0
...

Sheet TRESO
A1: =CONFIG!D104 -> Plan de Trésorerie | B1: =CONFIG!D105 -> Décalage vs CR en mois | D1: =CR!D1 -> 2026 | E1: =D1+1 -> 2027 | F1: =E1+1 -> 2028 | G1: =F1+1 -> 2029 | H1: =G1+1 -> 2030 | J1: =YEAR(J2) -> 2026 | K1: =YEAR(K2) -> 2026 | L1: =YEAR(L2) -> 2026 | M1: =YEAR(M2) -> 2026 | N1: =YEAR(N2) -> 2026 | O1: =YEAR(O2) -> 2026 | P1: =YEAR(P2) -> 2026 | Q1: =YEAR(Q2) -> 2026 | ... BQ1: =YEAR(BQ2) -> 2030
A2: COMPLETER UNIQUEMENT LES CASES JAUNES | D2: =CR!D2 -> 46387 | E2: =EDATE(D2,12) -> 46752 | F2: =EDATE(E2,12) -> 47118 | G2: =EDATE(F2,12) -> 47483 | H2: =EDATE(G2,12) -> 47848 | J2: =CR!Q2 -> 46023 | K2: =EDATE(J2,1) -> 46054 | L2: =EDATE(K2,1) -> 46082 | M2: =EDATE(L2,1) -> 46113 | N2: =EDATE(M2,1) -> 46143 | O2: =EDATE(N2,1) -> 46174 | P2: =EDATE(O2,1) -> 46204 | Q2: =EDATE(P2,1) -> 46235 | R2: =EDATE(Q2,1) -> 46266 | ... BQ2: =EDATE(BP2,1) -> 47818
A3: =CONFIG!D106 -> Total Encaissements d'exploitation | D3: =D4+D5 -> 0 | E3: =E4+E5 -> 0 | F3: =F4+F5 -> 0 | G3: =G4+G5 -> 0 | H3: =H4+H5 -> 0 | J3: =J4+J5 -> 0 | K3: =K4+K5 -> 0 | L3: =L4+L5 -> 0 | M3: =M4+M5 -> 0 | N3: =N4+N5 -> 0 | O3: =O4+O5 -> 0 | P3: =P4+P5 -> 0 | Q3: =Q4+Q5 -> 0 | ... BQ3: =BQ4+BQ5 -> 0
A4: =CR!A18 -> Chiffre d'affaires | D4: =SUM(J4:U4) -> 0 | E4: =SUM(V4:AG4) -> 0 | F4: =SUM(AH4:AS4) -> 0 | G4: =SUM(AT4:BE4) -> 0 | H4: =SUM(BF4:BQ4) -> 0 | J4: =OFFSET(CR!Q18,0,-$B4) -> 0 | K4: =OFFSET(CR!R18,0,-$B4) -> 0 | L4: =OFFSET(CR!S18,0,-$B4) -> 0 | M4: =OFFSET(CR!T18,0,-$B4) -> 0 | N4: =OFFSET(CR!U18,0,-$B4) -> 0 | O4: =OFFSET(CR!V18,0,-$B4) -> 0 | P4: =OFFSET(CR!W18,0,-$B4) -> 0 | Q4: =OFFSET(CR!X18,0,-$B4) -> 0 | ... BQ4: =OFFSET(CR!BX18,0,-$B4) -> 0
A5: =CR!A19 -> Subventions d'exploitation | B5: 0 | D5: =SUM(J5:U5) -> 0 | E5: =SUM(V5:AG5) -> 0 | F5: =SUM(AH5:AS5) -> 0 | G5: =SUM(AT5:BE5) -> 0 | H5: =SUM(BF5:BQ5) -> 0 | J5: =OFFSET(CR!Q19,0,-$B5) -> 0 | K5: =OFFSET(CR!R19,0,-$B5) -> 0 | L5: =OFFSET(CR!S19,0,-$B5) -> 0 | M5: =OFFSET(CR!T19,0,-$B5) -> 0 | N5: =OFFSET(CR!U19,0,-$B5) -> 0 | O5: =OFFSET(CR!V19,0,-$B5) -> 0 | P5: =OFFSET(CR!W19,0,-$B5) -> 0 | Q5: =OFFSET(CR!X19,0,-$B5) -> 0 | ... BQ5: =OFFSET(CR!BX19,0,-$B5) -> 0
A6: =CONFIG!D109 -> Total Décaissements d'exploitation | D6: =sum(D7,D8,D9,D11,D12,D13,D14,D21) -> 0 | E6: =sum(E7,E8,E9,E11,E12,E13,E14,E21) -> 0 | F6: =sum(F7,F8,F9,F11,F12,F13,F14,F21) -> 0 | G6: =sum(G7,G8,G9,G11,G12,G13,G14,G21) -> 0 | H6: =sum(H7,H8,H9,H11,H12,H13,H14,H21) -> 0 | J6: =sum(J7,J8,J9,J11,J12,J13,J14,J21) -> 0 | K6: =sum(K7,K8,K9,K11,K12,K13,K14,K21) -> 0 | L6: =sum(L7,L8,L9,L11,L12,L13,L14,L21) -> 0 | M6: =sum(M7,M8,M9,M11,M12,M13,M14,M21) -> 0 | N6: =sum(N7,N8,N9,N11,N12,N13,N14,N21) -> 0 | O6: =sum(O7,O8,O9,O11,O12,O13,O14,O21) -> 0 | P6: =sum(P7,P8,P9,P11,P12,P13,P14,P21) -> 0 | Q6: =sum(Q7,Q8,Q9,Q11,Q12,Q13,Q14,Q21) -> 0 | ... BQ6: =sum(BQ7,BQ8,BQ9,BQ11,BQ12,BQ13,BQ14,BQ21) -> 0
A7: =CR!A27 -> Achats de marchandises et de matières premières | B7: 0 | D7: =SUM(J7:U7) -> 0 | E7: =SUM(V7:AG7) -> 0 | F7: =SUM(AH7:AS7) -> 0 | G7: =SUM(AT7:BE7) -> 0 | H7: =SUM(BF7:BQ7) -> 0 | J7: =OFFSET(CR!Q27,0,-$B7) -> 0 | K7: =OFFSET(CR!R27,0,-$B7) -> 0 | L7: =OFFSET(CR!S27,0,-$B7) -> 0 | M7: =OFFSET(CR!T27,0,-$B7) -> 0 | N7: =OFFSET(CR!U27,0,-$B7) -> 0 | O7: =OFFSET(CR!V27,0,-$B7) -> 0 | P7: =OFFSET(CR!W27,0,-$B7) -> 0 | Q7: =OFFSET(CR!X27,0,-$B7) -> 0 | ... BQ7: =OFFSET(CR!BX27,0,-$B7) -> 0
A8: =CR!A45 -> Autres Achats et Charges Externes | B8: 0 | D8: =SUM(J8:U8) -> 0 | E8: =SUM(V8:AG8) -> 0 | F8: =SUM(AH8:AS8) -> 0 | G8: =SUM(AT8:BE8) -> 0 | H8: =SUM(BF8:BQ8) -> 0 | J8: =OFFSET(CR!Q45,0,-$B8) -> 0 | K8: =OFFSET(CR!R45,0,-$B8) -> 0 | L8: =OFFSET(CR!S45,0,-$B8) -> 0 | M8: =OFFSET(CR!T45,0,-$B8) -> 0 | N8: =OFFSET(CR!U45,0,-$B8) -> 0 | O8: =OFFSET(CR!V45,0,-$B8) -> 0 | P8: =OFFSET(CR!W45,0,-$B8) -> 0 | Q8: =OFFSET(CR!X45,0,-$B8) -> 0 | ... BQ8: =OFFSET(CR!BX45,0,-$B8) -> 0
A9: =CONFIG!D107 -> Salaires nets | B9: 1.22 | D9: =SUM(J9:U9) -> 0 | E9: =SUM(V9:AG9) -> 0 | F9: =SUM(AH9:AS9) -> 0 | G9: =SUM(AT9:BE9) -> 0 | H9: =SUM(BF9:BQ9) -> 0 | J9: =IFERROR(CR!Q61/J10/$B9,0) -> 0 | K9: =IFERROR(CR!R61/K10/$B9,0) -> 0 | L9: =IFERROR(CR!S61/L10/$B9,0) -> 0 | M9: =IFERROR(CR!T61/M10/$B9,0) -> 0 | N9: =IFERROR(CR!U61/N10/$B9,0) -> 0 | O9: =IFERROR(CR!V61/O10/$B9,0) -> 0 | P9: =IFERROR(CR!W61/P10/$B9,0) -> 0 | Q9: =IFERROR(CR!X61/Q10/$B9,0) -> 0 | ... BQ9: =IFERROR(CR!BX61/BQ10/$B9,0) -> 0
A10: Taux de charges patronales moyen | D10: =IFERROR(SUMPRODUCT(J10:U10,J9:U9)/D9,1.45) -> 1.45 | E10: =IFERROR(SUMPRODUCT(V10:AG10,V9:AG9)/E9,1.45) -> 1.45 | F10: =IFERROR(SUMPRODUCT(AH10:AS10,AH9:AS9)/F9,1.45) -> 1.45 | G10: =IFERROR(SUMPRODUCT(AT10:BE10,AT9:BE9)/G9,1.45) -> 1.45 | H10: =IFERROR(SUMPRODUCT(BF10:BQ10,BF9:BQ9)/H9,1.45) -> 1.45 | J10: {=IFERROR(SUMPRODUCT(vstack(CR!Q65,CR!Q69,CR!Q73,CR!Q77,CR!Q81,CR!Q85,CR!Q89,CR!Q93,CR!Q97,CR!Q101),vstack(CR!Q62,CR!Q66,CR!Q70,CR!Q74,CR!Q78,CR!Q82,CR!Q86,CR!Q90,CR!Q94,CR!Q98))/CR!Q61,1.45)} -> 1.45 | K10: {=IFERROR(SUMPRODUCT(vstack(CR!R65,CR!R69,CR!R73,CR!R77,CR!R81,CR!R85,CR!R89,CR!R93,CR!R97,CR!R101),vstack(CR!R62,CR!R66,CR!R70,CR!R74,CR!R78,CR!R82,CR!R86,CR!R90,CR!R94,CR!R98))/CR!R61,1.45)} -> 1.45 | L10: {=IFERROR(SUMPRODUCT(vstack(CR!S65,CR!S69,CR!S73,CR!S77,CR!S81,CR!S85,CR!S89,CR!S93,CR!S97,CR!S101),vstack(CR!S62,CR!S66,CR!S70,CR!S74,CR!S78,CR!S82,CR!S86,CR!S90,CR!S94,CR!S98))/CR!S61,1.45)} -> 1.45 | M10: {=IFERROR(SUMPRODUCT(vstack(CR!T65,CR!T69,CR!T73,CR!T77,CR!T81,CR!T85,CR!T89,CR!T93,CR!T97,CR!T101),vstack(CR!T62,CR!T66,CR!T70,CR!T74,CR!T78,CR!T82,CR!T86,CR!T90,CR!T94,CR!T98))/CR!T61,1.45)} -> 1.45 | N10: {=IFERROR(SUMPRODUCT(vstack(CR!U65,CR!U69,CR!U73,CR!U77,CR!U81,CR!U85,CR!U89,CR!U93,CR!U97,CR!U101),vstack(CR!U62,CR!U66,CR!U70,CR!U74,CR!U78,CR!U82,CR!U86,CR!U90,CR!U94,CR!U98))/CR!U61,1.45)} -> 1.45 | O10: {=IFERROR(SUMPRODUCT(vstack(CR!V65,CR!V69,CR!V73,CR!V77,CR!V81,CR!V85,CR!V89,CR!V93,CR!V97,CR!V101),vstack(CR!V62,CR!V66,CR!V70,CR!V74,CR!V78,CR!V82,CR!V86,CR!V90,CR!V94,CR!V98))/CR!V61,1.45)} -> 1.45 | P10: {=IFERROR(SUMPRODUCT(vstack(CR!W65,CR!W69,CR!W73,CR!W77,CR!W81,CR!W85,CR!W89,CR!W93,CR!W97,CR!W101),vstack(CR!W62,CR!W66,CR!W70,CR!W74,CR!W78,CR!W82,CR!W86,CR!W90,CR!W94,CR!W98))/CR!W61,1.45)} -> 1.45 | Q10: {=IFERROR(SUMPRODUCT(vstack(CR!X65,CR!X69,CR!X73,CR!X77,CR!X81,CR!X85,CR!X89,CR!X93,CR!X97,CR!X101),vstack(CR!X62,CR!X66,CR!X70,CR!X74,CR!X78,CR!X82,CR!X86,CR!X90,CR!X94,CR!X98))/CR!X61,1.45)} -> 1.45 | ... BQ10: {=IFERROR(SUMPRODUCT(vstack(CR!BX65,CR!BX69,CR!BX73,CR!BX77,CR!BX81,CR!BX85,CR!BX89,CR!BX93,CR!BX97,CR!BX101),vstack(CR!BX62,CR!BX66,CR!BX70,CR!BX74,CR!BX78,CR!BX82,CR!BX86,CR!BX90,CR!BX94,CR!BX98))/CR!BX61,1.45)} -> 1.45
A11: Charges Sociales | B11: 1 | D11: =SUM(J11:U11) -> 0 | E11: =SUM(V11:AG11) -> 0 | F11: =SUM(AH11:AS11) -> 0 | G11: =SUM(AT11:BE11) -> 0 | H11: =SUM(BF11:BQ11) -> 0 | J11: =K11 -> 0 | K11: =CR!Q61-J9 -> 0 | L11: =CR!R61-K9 -> 0 | M11: =CR!S61-L9 -> 0 | N11: =CR!T61-M9 -> 0 | O11: =CR!U61-N9 -> 0 | P11: =CR!V61-O9 -> 0 | Q11: =CR!W61-P9 -> 0 | R11: =CR!X61-Q9 -> 0 | ... BQ11: =CR!BW61-BP9 -> 0
A12: =CR!A103 -> Impôts et taxes | B12: 0 | D12: =SUM(J12:U12) -> 0 | E12: =SUM(V12:AG12) -> 0 | F12: =SUM(AH12:AS12) -> 0 | G12: =SUM(AT12:BE12) -> 0 | H12: =SUM(BF12:BQ12) -> 0 | J12: =CR!Q103 -> 0 | K12: =CR!R103 -> 0 | L12: =CR!S103 -> 0 | M12: =CR!T103 -> 0 | N12: =CR!U103 -> 0 | O12: =CR!V103 -> 0 | P12: =CR!W103 -> 0 | Q12: =CR!X103 -> 0 | ... BQ12: =CR!BX103 -> 0
A13: =CR!A104 -> Autres produits et charges d'exploitation | B13: 0 | D13: =SUM(J13:U13) -> 0 | E13: =SUM(V13:AG13) -> 0 | F13: =SUM(AH13:AS13) -> 0 | G13: =SUM(AT13:BE13) -> 0 | H13: =SUM(BF13:BQ13) -> 0 | J13: =CR!Q104 -> 0 | K13: =CR!R104 -> 0 | L13: =CR!S104 -> 0 | M13: =CR!T104 -> 0 | N13: =CR!U104 -> 0 | O13: =CR!V104 -> 0 | P13: =CR!W104 -> 0 | Q13: =CR!X104 -> 0 | ... BQ13: =CR!BX104 -> 0
A14: =CR!A115 -> Intérêts | D14: =SUM(J14:U14) -> 0 | E14: =SUM(V14:AG14) -> 0 | F14: =SUM(AH14:AS14) -> 0 | G14: =SUM(AT14:BE14) -> 0 | H14: =SUM(BF14:BQ14) -> 0 | J14: =SUM(J15,J16:J20) -> 0 | K14: =SUM(K15,K16:K20) -> 0 | L14: =SUM(L15,L16:L20) -> 0 | M14: =SUM(M15,M16:M20) -> 0 | N14: =SUM(N15,N16:N20) -> 0 | O14: =SUM(O15,O16:O20) -> 0 | P14: =SUM(P15,P16:P20) -> 0 | Q14: =SUM(Q15,Q16:Q20) -> 0 | ... BQ14: =SUM(BQ15,BQ16:BQ20) -> 0
A15: =CR!A116 -> Intérêts Prêts historiques | D15: =SUM(J15:U15) -> 0 | E15: =SUM(V15:AG15) -> 0 | F15: =SUM(AH15:AS15) -> 0 | G15: =SUM(AT15:BE15) -> 0 | H15: =SUM(BF15:BQ15) -> 0
A16: =A$14&" "&A26 -> Intérêts Prêt 1 | D16: =SUM(J16:U16) -> 0 | E16: =SUM(V16:AG16) -> 0 | F16: =SUM(AH16:AS16) -> 0 | G16: =SUM(AT16:BE16) -> 0 | H16: =SUM(BF16:BQ16) -> 0 | J16: =IFERROR(IF(J$2<$B28,0,IF(J$2<$B30,$B27*$B26/12,-IPMT($B27/12,DATEDIF($B30,J$2,"M")+1,$B29*12,$B26))),) | K16: =IFERROR(IF(K$2<$B28,0,IF(K$2<$B30,$B27*$B26/12,-IPMT($B27/12,DATEDIF($B30,K$2,"M")+1,$B29*12,$B26))),) | L16: =IFERROR(IF(L$2<$B28,0,IF(L$2<$B30,$B27*$B26/12,-IPMT($B27/12,DATEDIF($B30,L$2,"M")+1,$B29*12,$B26))),) | M16: =IFERROR(IF(M$2<$B28,0,IF(M$2<$B30,$B27*$B26/12,-IPMT($B27/12,DATEDIF($B30,M$2,"M")+1,$B29*12,$B26))),) | N16: =IFERROR(IF(N$2<$B28,0,IF(N$2<$B30,$B27*$B26/12,-IPMT($B27/12,DATEDIF($B30,N$2,"M")+1,$B29*12,$B26))),) | O16: =IFERROR(IF(O$2<$B28,0,IF(O$2<$B30,$B27*$B26/12,-IPMT($B27/12,DATEDIF($B30,O$2,"M")+1,$B29*12,$B26))),) | P16: =IFERROR(IF(P$2<$B28,0,IF(P$2<$B30,$B27*$B26/12,-IPMT($B27/12,DATEDIF($B30,P$2,"M")+1,$B29*12,$B26))),) | Q16: =IFERROR(IF(Q$2<$B28,0,IF(Q$2<$B30,$B27*$B26/12,-IPMT($B27/12,DATEDIF($B30,Q$2,"M")+1,$B29*12,$B26))),) | ... BQ16: =IFERROR(IF(BQ$2<$B28,0,IF(BQ$2<$B30,$B27*$B26/12,-IPMT($B27/12,DATEDIF($B30,BQ$2,"M")+1,$B29*12,$B26))),)
A17: =A$14&" "&A31 -> Intérêts Prêt 2 | D17: =SUM(J17:U17) -> 0 | E17: =SUM(V17:AG17) -> 0 | F17: =SUM(AH17:AS17) -> 0 | G17: =SUM(AT17:BE17) -> 0 | H17: =SUM(BF17:BQ17) -> 0 | J17: =IFERROR(IF(J$2<$B33,0,IF(J$2<$B35,$B32*$B31/12,-IPMT($B32/12,DATEDIF($B35,J$2,"M")+1,$B34*12,$B31))),) | K17: =IFERROR(IF(K$2<$B33,0,IF(K$2<$B35,$B32*$B31/12,-IPMT($B32/12,DATEDIF($B35,K$2,"M")+1,$B34*12,$B31))),) | L17: =IFERROR(IF(L$2<$B33,0,IF(L$2<$B35,$B32*$B31/12,-IPMT($B32/12,DATEDIF($B35,L$2,"M")+1,$B34*12,$B31))),) | M17: =IFERROR(IF(M$2<$B33,0,IF(M$2<$B35,$B32*$B31/12,-IPMT($B32/12,DATEDIF($B35,M$2,"M")+1,$B34*12,$B31))),) | N17: =IFERROR(IF(N$2<$B33,0,IF(N$2<$B35,$B32*$B31/12,-IPMT($B32/12,DATEDIF($B35,N$2,"M")+1,$B34*12,$B31))),) | O17: =IFERROR(IF(O$2<$B33,0,IF(O$2<$B35,$B32*$B31/12,-IPMT($B32/12,DATEDIF($B35,O$2,"M")+1,$B34*12,$B31))),) | P17: =IFERROR(IF(P$2<$B33,0,IF(P$2<$B35,$B32*$B31/12,-IPMT($B32/12,DATEDIF($B35,P$2,"M")+1,$B34*12,$B31))),) | Q17: =IFERROR(IF(Q$2<$B33,0,IF(Q$2<$B35,$B32*$B31/12,-IPMT($B32/12,DATEDIF($B35,Q$2,"M")+1,$B34*12,$B31))),) | ... BQ17: =IFERROR(IF(BQ$2<$B33,0,IF(BQ$2<$B35,$B32*$B31/12,-IPMT($B32/12,DATEDIF($B35,BQ$2,"M")+1,$B34*12,$B31))),)
A18: =A$14&" "&A36 -> Intérêts Prêt 3 | D18: =SUM(J18:U18) -> 0 | E18: =SUM(V18:AG18) -> 0 | F18: =SUM(AH18:AS18) -> 0 | G18: =SUM(AT18:BE18) -> 0 | H18: =SUM(BF18:BQ18) -> 0 | J18: =IFERROR(IF(J$2<$B38,0,IF(J$2<$B40,$B37*$B36/12,-IPMT($B37/12,DATEDIF($B40,J$2,"M")+1,$B39*12,$B36))),) | K18: =IFERROR(IF(K$2<$B38,0,IF(K$2<$B40,$B37*$B36/12,-IPMT($B37/12,DATEDIF($B40,K$2,"M")+1,$B39*12,$B36))),) | L18: =IFERROR(IF(L$2<$B38,0,IF(L$2<$B40,$B37*$B36/12,-IPMT($B37/12,DATEDIF($B40,L$2,"M")+1,$B39*12,$B36))),) | M18: =IFERROR(IF(M$2<$B38,0,IF(M$2<$B40,$B37*$B36/12,-IPMT($B37/12,DATEDIF($B40,M$2,"M")+1,$B39*12,$B36))),) | N18: =IFERROR(IF(N$2<$B38,0,IF(N$2<$B40,$B37*$B36/12,-IPMT($B37/12,DATEDIF($B40,N$2,"M")+1,$B39*12,$B36))),) | O18: =IFERROR(IF(O$2<$B38,0,IF(O$2<$B40,$B37*$B36/12,-IPMT($B37/12,DATEDIF($B40,O$2,"M")+1,$B39*12,$B36))),) | P18: =IFERROR(IF(P$2<$B38,0,IF(P$2<$B40,$B37*$B36/12,-IPMT($B37/12,DATEDIF($B40,P$2,"M")+1,$B39*12,$B36))),) | Q18: =IFERROR(IF(Q$2<$B38,0,IF(Q$2<$B40,$B37*$B36/12,-IPMT($B37/12,DATEDIF($B40,Q$2,"M")+1,$B39*12,$B36))),) | ... BQ18: =IFERROR(IF(BQ$2<$B38,0,IF(BQ$2<$B40,$B37*$B36/12,-IPMT($B37/12,DATEDIF($B40,BQ$2,"M")+1,$B39*12,$B36))),)
A19: =A$14&" "&A41 -> Intérêts Prêt 4 | D19: =SUM(J19:U19) -> 0 | E19: =SUM(V19:AG19) -> 0 | F19: =SUM(AH19:AS19) -> 0 | G19: =SUM(AT19:BE19) -> 0 | H19: =SUM(BF19:BQ19) -> 0 | J19: =IFERROR(IF(J$2<$B43,0,IF(J$2<$B45,$B42*$B41/12,-IPMT($B42/12,DATEDIF($B45,J$2,"M")+1,$B44*12,$B41))),) | K19: =IFERROR(IF(K$2<$B43,0,IF(K$2<$B45,$B42*$B41/12,-IPMT($B42/12,DATEDIF($B45,K$2,"M")+1,$B44*12,$B41))),) | L19: =IFERROR(IF(L$2<$B43,0,IF(L$2<$B45,$B42*$B41/12,-IPMT($B42/12,DATEDIF($B45,L$2,"M")+1,$B44*12,$B41))),) | M19: =IFERROR(IF(M$2<$B43,0,IF(M$2<$B45,$B42*$B41/12,-IPMT($B42/12,DATEDIF($B45,M$2,"M")+1,$B44*12,$B41))),) | N19: =IFERROR(IF(N$2<$B43,0,IF(N$2<$B45,$B42*$B41/12,-IPMT($B42/12,DATEDIF($B45,N$2,"M")+1,$B44*12,$B41))),) | O19: =IFERROR(IF(O$2<$B43,0,IF(O$2<$B45,$B42*$B41/12,-IPMT($B42/12,DATEDIF($B45,O$2,"M")+1,$B44*12,$B41))),) | P19: =IFERROR(IF(P$2<$B43,0,IF(P$2<$B45,$B42*$B41/12,-IPMT($B42/12,DATEDIF($B45,P$2,"M")+1,$B44*12,$B41))),) | Q19: =IFERROR(IF(Q$2<$B43,0,IF(Q$2<$B45,$B42*$B41/12,-IPMT($B42/12,DATEDIF($B45,Q$2,"M")+1,$B44*12,$B41))),) | ... BQ19: =IFERROR(IF(BQ$2<$B43,0,IF(BQ$2<$B45,$B42*$B41/12,-IPMT($B42/12,DATEDIF($B45,BQ$2,"M")+1,$B44*12,$B41))),)
A20: =A$14&" "&A46 -> Intérêts Prêt 5 | D20: =SUM(J20:U20) -> 0 | E20: =SUM(V20:AG20) -> 0 | F20: =SUM(AH20:AS20) -> 0 | G20: =SUM(AT20:BE20) -> 0 | H20: =SUM(BF20:BQ20) -> 0 | J20: =IFERROR(IF(J$2<$B48,0,IF(J$2<$B50,$B47*$B46/12,-IPMT($B47/12,DATEDIF($B50,J$2,"M")+1,$B49*12,$B46))),) | K20: =IFERROR(IF(K$2<$B48,0,IF(K$2<$B50,$B47*$B46/12,-IPMT($B47/12,DATEDIF($B50,K$2,"M")+1,$B49*12,$B46))),) | L20: =IFERROR(IF(L$2<$B48,0,IF(L$2<$B50,$B47*$B46/12,-IPMT($B47/12,DATEDIF($B50,L$2,"M")+1,$B49*12,$B46))),) | M20: =IFERROR(IF(M$2<$B48,0,IF(M$2<$B50,$B47*$B46/12,-IPMT($B47/12,DATEDIF($B50,M$2,"M")+1,$B49*12,$B46))),) | N20: =IFERROR(IF(N$2<$B48,0,IF(N$2<$B50,$B47*$B46/12,-IPMT($B47/12,DATEDIF($B50,N$2,"M")+1,$B49*12,$B46))),) | O20: =IFERROR(IF(O$2<$B48,0,IF(O$2<$B50,$B47*$B46/12,-IPMT($B47/12,DATEDIF($B50,O$2,"M")+1,$B49*12,$B46))),) | P20: =IFERROR(IF(P$2<$B48,0,IF(P$2<$B50,$B47*$B46/12,-IPMT($B47/12,DATEDIF($B50,P$2,"M")+1,$B49*12,$B46))),) | Q20: =IFERROR(IF(Q$2<$B48,0,IF(Q$2<$B50,$B47*$B46/12,-IPMT($B47/12,DATEDIF($B50,Q$2,"M")+1,$B49*12,$B46))),) | ... BQ20: =IFERROR(IF(BQ$2<$B48,0,IF(BQ$2<$B50,$B47*$B46/12,-IPMT($B47/12,DATEDIF($B50,BQ$2,"M")+1,$B49*12,$B46))),)
A21: =CR!A124 -> Impôt sur les sociétés | B21: 0 | D21: =SUM(J21:U21) -> 0 | E21: =SUM(V21:AG21) -> 0 | F21: =SUM(AH21:AS21) -> 0 | G21: =SUM(AT21:BE21) -> 0 | H21: =SUM(BF21:BQ21) -> 0 | J21: =CR!Q124 -> 0 | K21: =CR!R124 -> 0 | L21: =CR!S124 -> 0 | M21: =CR!T124 -> 0 | N21: =CR!U124 -> 0 | O21: =CR!V124 -> 0 | P21: =CR!W124 -> 0 | Q21: =CR!X124 -> 0 | ... BQ21: =CR!BX124 -> 0
A22: =CONFIG!D110 -> Flux de trésorerie d'exploitation | D22: =D3-D6 -> 0 | E22: =E3-E6 -> 0 | F22: =F3-F6 -> 0 | G22: =G3-G6 -> 0 | H22: =H3-H6 -> 0 | J22: =J3-J6 -> 0 | K22: =K3-K6 -> 0 | L22: =L3-L6 -> 0 | M22: =M3-M6 -> 0 | N22: =N3-N6 -> 0 | O22: =O3-O6 -> 0 | P22: =P3-P6 -> 0 | Q22: =Q3-Q6 -> 0 | ... BQ22: =BQ3-BQ6 -> 0
A23: =CONFIG!D111 -> Apports en capital | D23: =SUM(J23:U23) -> 0 | E23: =SUM(V23:AG23) -> 0 | F23: =SUM(AH23:AS23) -> 0 | G23: =SUM(AT23:BE23) -> 0 | H23: =SUM(BF23:BQ23) -> 0
A24: =CONFIG!D112 -> Apports en compte courant | D24: =SUM(J24:U24) -> 0 | E24: =SUM(V24:AG24) -> 0 | F24: =SUM(AH24:AS24) -> 0 | G24: =SUM(AT24:BE24) -> 0 | H24: =SUM(BF24:BQ24) -> 0
A25: =CONFIG!D113 -> Emprunts | D25: =SUM(J25:U25) -> 0 | E25: =SUM(V25:AG25) -> 0 | F25: =SUM(AH25:AS25) -> 0 | G25: =SUM(AT25:BE25) -> 0 | H25: =SUM(BF25:BQ25) -> 0 | J25: =SUM(J26,J31,J36,J41,J46) -> 0 | K25: =SUM(K26,K31,K36,K41,K46) -> 0 | L25: =SUM(L26,L31,L36,L41,L46) -> 0 | M25: =SUM(M26,M31,M36,M41,M46) -> 0 | N25: =SUM(N26,N31,N36,N41,N46) -> 0 | O25: =SUM(O26,O31,O36,O41,O46) -> 0 | P25: =SUM(P26,P31,P36,P41,P46) -> 0 | Q25: =SUM(Q26,Q31,Q36,Q41,Q46) -> 0 | ... BQ25: =SUM(BQ26,BQ31,BQ36,BQ41,BQ46) -> 0
A26: Prêt 1 | D26: =SUM(J26:U26) -> 0 | E26: =SUM(V26:AG26) -> 0 | F26: =SUM(AH26:AS26) -> 0 | G26: =SUM(AT26:BE26) -> 0 | H26: =SUM(BF26:BQ26) -> 0 | J26: =IF(AND(MONTH($B28)=MONTH(J$2),YEAR($B28)=YEAR(J$2)),$B26,0) -> 0 | K26: =IF(AND(MONTH($B28)=MONTH(K$2),YEAR($B28)=YEAR(K$2)),$B26,0) -> 0 | L26: =IF(AND(MONTH($B28)=MONTH(L$2),YEAR($B28)=YEAR(L$2)),$B26,0) -> 0 | M26: =IF(AND(MONTH($B28)=MONTH(M$2),YEAR($B28)=YEAR(M$2)),$B26,0) -> 0 | N26: =IF(AND(MONTH($B28)=MONTH(N$2),YEAR($B28)=YEAR(N$2)),$B26,0) -> 0 | O26: =IF(AND(MONTH($B28)=MONTH(O$2),YEAR($B28)=YEAR(O$2)),$B26,0) -> 0 | P26: =IF(AND(MONTH($B28)=MONTH(P$2),YEAR($B28)=YEAR(P$2)),$B26,0) -> 0 | Q26: =IF(AND(MONTH($B28)=MONTH(Q$2),YEAR($B28)=YEAR(Q$2)),$B26,0) -> 0 | ... BQ26: =IF(AND(MONTH($B28)=MONTH(BQ$2),YEAR($B28)=YEAR(BQ$2)),$B26,0) -> 0
A27: =CONFIG!D114 -> Taux | D27: =$B27 | E27: =$B27 | F27: =$B27 | G27: =$B27 | H27: =$B27 | J27: =$B27 | K27: =$B27 | L27: =$B27 | M27: =$B27 | N27: =$B27 | O27: =$B27 | P27: =$B27 | Q27: =$B27 | ... BQ27: =$B27
A28: =CONFIG!D115 -> Date | D28: =$B28 | E28: =$B28 | F28: =$B28 | G28: =$B28 | H28: =$B28 | J28: =$B28 | K28: =$B28 | L28: =$B28 | M28: =$B28 | N28: =$B28 | O28: =$B28 | P28: =$B28 | Q28: =$B28 | ... BQ28: =$B28
A29: =CONFIG!D116 -> Durée | D29: =$B29 | E29: =$B29 | F29: =$B29 | G29: =$B29 | H29: =$B29 | J29: =$B29 | K29: =$B29 | L29: =$B29 | M29: =$B29 | N29: =$B29 | O29: =$B29 | P29: =$B29 | Q29: =$B29 | ... BQ29: =$B29
A30: =CONFIG!D117 -> Début Amo | D30: =$B30 | E30: =$B30 | F30: =$B30 | G30: =$B30 | H30: =$B30 | J30: =$B30 | K30: =$B30 | L30: =$B30 | M30: =$B30 | N30: =$B30 | O30: =$B30 | P30: =$B30 | Q30: =$B30 | ... BQ30: =$B30
A31: Prêt 2 | D31: =SUM(J31:U31) -> 0 | E31: =SUM(V31:AG31) -> 0 | F31: =SUM(AH31:AS31) -> 0 | G31: =SUM(AT31:BE31) -> 0 | H31: =SUM(BF31:BQ31) -> 0 | J31: =IF(AND(MONTH($B33)=MONTH(J$2),YEAR($B33)=YEAR(J$2)),$B31,0) -> 0 | K31: =IF(AND(MONTH($B33)=MONTH(K$2),YEAR($B33)=YEAR(K$2)),$B31,0) -> 0 | L31: =IF(AND(MONTH($B33)=MONTH(L$2),YEAR($B33)=YEAR(L$2)),$B31,0) -> 0 | M31: =IF(AND(MONTH($B33)=MONTH(M$2),YEAR($B33)=YEAR(M$2)),$B31,0) -> 0 | N31: =IF(AND(MONTH($B33)=MONTH(N$2),YEAR($B33)=YEAR(N$2)),$B31,0) -> 0 | O31: =IF(AND(MONTH($B33)=MONTH(O$2),YEAR($B33)=YEAR(O$2)),$B31,0) -> 0 | P31: =IF(AND(MONTH($B33)=MONTH(P$2),YEAR($B33)=YEAR(P$2)),$B31,0) -> 0 | Q31: =IF(AND(MONTH($B33)=MONTH(Q$2),YEAR($B33)=YEAR(Q$2)),$B31,0) -> 0 | ... BQ31: =IF(AND(MONTH($B33)=MONTH(BQ$2),YEAR($B33)=YEAR(BQ$2)),$B31,0) -> 0
A32: =A27 -> Taux | D32: =$B32 | E32: =$B32 | F32: =$B32 | G32: =$B32 | H32: =$B32 | J32: =$B32 | K32: =$B32 | L32: =$B32 | M32: =$B32 | N32: =$B32 | O32: =$B32 | P32: =$B32 | Q32: =$B32 | ... BQ32: =$B32
A33: =A28 -> Date | D33: =$B33 | E33: =$B33 | F33: =$B33 | G33: =$B33 | H33: =$B33 | J33: =$B33 | K33: =$B33 | L33: =$B33 | M33: =$B33 | N33: =$B33 | O33: =$B33 | P33: =$B33 | Q33: =$B33 | ... BQ33: =$B33
A34: =A29 -> Durée | D34: =$B34 | E34: =$B34 | F34: =$B34 | G34: =$B34 | H34: =$B34 | J34: =$B34 | K34: =$B34 | L34: =$B34 | M34: =$B34 | N34: =$B34 | O34: =$B34 | P34: =$B34 | Q34: =$B34 | ... BQ34: =$B34
A35: =A30 -> Début Amo | D35: =$B35 | E35: =$B35 | F35: =$B35 | G35: =$B35 | H35: =$B35 | J35: =$B35 | K35: =$B35 | L35: =$B35 | M35: =$B35 | N35: =$B35 | O35: =$B35 | P35: =$B35 | Q35: =$B35 | ... BQ35: =$B35
A36: Prêt 3 | D36: =SUM(J36:U36) -> 0 | E36: =SUM(V36:AG36) -> 0 | F36: =SUM(AH36:AS36) -> 0 | G36: =SUM(AT36:BE36) -> 0 | H36: =SUM(BF36:BQ36) -> 0 | J36: =IF(AND(MONTH($B38)=MONTH(J$2),YEAR($B38)=YEAR(J$2)),$B36,0) -> 0 | K36: =IF(AND(MONTH($B38)=MONTH(K$2),YEAR($B38)=YEAR(K$2)),$B36,0) -> 0 | L36: =IF(AND(MONTH($B38)=MONTH(L$2),YEAR($B38)=YEAR(L$2)),$B36,0) -> 0 | M36: =IF(AND(MONTH($B38)=MONTH(M$2),YEAR($B38)=YEAR(M$2)),$B36,0) -> 0 | N36: =IF(AND(MONTH($B38)=MONTH(N$2),YEAR($B38)=YEAR(N$2)),$B36,0) -> 0 | O36: =IF(AND(MONTH($B38)=MONTH(O$2),YEAR($B38)=YEAR(O$2)),$B36,0) -> 0 | P36: =IF(AND(MONTH($B38)=MONTH(P$2),YEAR($B38)=YEAR(P$2)),$B36,0) -> 0 | Q36: =IF(AND(MONTH($B38)=MONTH(Q$2),YEAR($B38)=YEAR(Q$2)),$B36,0) -> 0 | ... BQ36: =IF(AND(MONTH($B38)=MONTH(BQ$2),YEAR($B38)=YEAR(BQ$2)),$B36,0) -> 0
A37: =A32 -> Taux | D37: =$B37 | E37: =$B37 | F37: =$B37 | G37: =$B37 | H37: =$B37 | J37: =$B37 | K37: =$B37 | L37: =$B37 | M37: =$B37 | N37: =$B37 | O37: =$B37 | P37: =$B37 | Q37: =$B37 | ... BQ37: =$B37
A38: =A33 -> Date | D38: =$B38 | E38: =$B38 | F38: =$B38 | G38: =$B38 | H38: =$B38 | J38: =$B38 | K38: =$B38 | L38: =$B38 | M38: =$B38 | N38: =$B38 | O38: =$B38 | P38: =$B38 | Q38: =$B38 | ... BQ38: =$B38
A39: =A34 -> Durée | D39: =$B39 | E39: =$B39 | F39: =$B39 | G39: =$B39 | H39: =$B39 | J39: =$B39 | K39: =$B39 | L39: =$B39 | M39: =$B39 | N39: =$B39 | O39: =$B39 | P39: =$B39 | Q39: =$B39 | ... BQ39: =$B39
A40: =A35 -> Début Amo | D40: =$B40 | E40: =$B40 | F40: =$B40 | G40: =$B40 | H40: =$B40 | J40: =$B40 | K40: =$B40 | L40: =$B40 | M40: =$B40 | N40: =$B40 | O40: =$B40 | P40: =$B40 | Q40: =$B40 | ... BQ40: =$B40
A41: Prêt 4 | D41: =SUM(J41:U41) -> 0 | E41: =SUM(V41:AG41) -> 0 | F41: =SUM(AH41:AS41) -> 0 | G41: =SUM(AT41:BE41) -> 0 | H41: =SUM(BF41:BQ41) -> 0 | J41: =IF(AND(MONTH($B43)=MONTH(J$2),YEAR($B43)=YEAR(J$2)),$B41,0) -> 0 | K41: =IF(AND(MONTH($B43)=MONTH(K$2),YEAR($B43)=YEAR(K$2)),$B41,0) -> 0 | L41: =IF(AND(MONTH($B43)=MONTH(L$2),YEAR($B43)=YEAR(L$2)),$B41,0) -> 0 | M41: =IF(AND(MONTH($B43)=MONTH(M$2),YEAR($B43)=YEAR(M$2)),$B41,0) -> 0 | N41: =IF(AND(MONTH($B43)=MONTH(N$2),YEAR($B43)=YEAR(N$2)),$B41,0) -> 0 | O41: =IF(AND(MONTH($B43)=MONTH(O$2),YEAR($B43)=YEAR(O$2)),$B41,0) -> 0 | P41: =IF(AND(MONTH($B43)=MONTH(P$2),YEAR($B43)=YEAR(P$2)),$B41,0) -> 0 | Q41: =IF(AND(MONTH($B43)=MONTH(Q$2),YEAR($B43)=YEAR(Q$2)),$B41,0) -> 0 | ... BQ41: =IF(AND(MONTH($B43)=MONTH(BQ$2),YEAR($B43)=YEAR(BQ$2)),$B41,0) -> 0
A42: =A37 -> Taux | D42: =$B42 | E42: =$B42 | F42: =$B42 | G42: =$B42 | H42: =$B42 | J42: =$B42 | K42: =$B42 | L42: =$B42 | M42: =$B42 | N42: =$B42 | O42: =$B42 | P42: =$B42 | Q42: =$B42 | ... BQ42: =$B42
A43: =A38 -> Date | D43: =$B43 | E43: =$B43 | F43: =$B43 | G43: =$B43 | H43: =$B43 | J43: =$B43 | K43: =$B43 | L43: =$B43 | M43: =$B43 | N43: =$B43 | O43: =$B43 | P43: =$B43 | Q43: =$B43 | ... BQ43: =$B43
A44: =A39 -> Durée | D44: =$B44 | E44: =$B44 | F44: =$B44 | G44: =$B44 | H44: =$B44 | J44: =$B44 | K44: =$B44 | L44: =$B44 | M44: =$B44 | N44: =$B44 | O44: =$B44 | P44: =$B44 | Q44: =$B44 | ... BQ44: =$B44
A45: =A40 -> Début Amo | D45: =$B45 | E45: =$B45 | F45: =$B45 | G45: =$B45 | H45: =$B45 | J45: =$B45 | K45: =$B45 | L45: =$B45 | M45: =$B45 | N45: =$B45 | O45: =$B45 | P45: =$B45 | Q45: =$B45 | ... BQ45: =$B45
A46: Prêt 5 | D46: =SUM(J46:U46) -> 0 | E46: =SUM(V46:AG46) -> 0 | F46: =SUM(AH46:AS46) -> 0 | G46: =SUM(AT46:BE46) -> 0 | H46: =SUM(BF46:BQ46) -> 0 | J46: =IF(AND(MONTH($B48)=MONTH(J$2),YEAR($B48)=YEAR(J$2)),$B46,0) -> 0 | K46: =IF(AND(MONTH($B48)=MONTH(K$2),YEAR($B48)=YEAR(K$2)),$B46,0) -> 0 | L46: =IF(AND(MONTH($B48)=MONTH(L$2),YEAR($B48)=YEAR(L$2)),$B46,0) -> 0 | M46: =IF(AND(MONTH($B48)=MONTH(M$2),YEAR($B48)=YEAR(M$2)),$B46,0) -> 0 | N46: =IF(AND(MONTH($B48)=MONTH(N$2),YEAR($B48)=YEAR(N$2)),$B46,0) -> 0 | O46: =IF(AND(MONTH($B48)=MONTH(O$2),YEAR($B48)=YEAR(O$2)),$B46,0) -> 0 | P46: =IF(AND(MONTH($B48)=MONTH(P$2),YEAR($B48)=YEAR(P$2)),$B46,0) -> 0 | Q46: =IF(AND(MONTH($B48)=MONTH(Q$2),YEAR($B48)=YEAR(Q$2)),$B46,0) -> 0 | ... BQ46: =IF(AND(MONTH($B48)=MONTH(BQ$2),YEAR($B48)=YEAR(BQ$2)),$B46,0) -> 0
A47: =A42 -> Taux | D47: =$B47 | E47: =$B47 | F47: =$B47 | G47: =$B47 | H47: =$B47 | J47: =$B47 | K47: =$B47 | L47: =$B47 | M47: =$B47 | N47: =$B47 | O47: =$B47 | P47: =$B47 | Q47: =$B47 | ... BQ47: =$B47
A48: =A43 -> Date | D48: =$B48 | E48: =$B48 | F48: =$B48 | G48: =$B48 | H48: =$B48 | J48: =$B48 | K48: =$B48 | L48: =$B48 | M48: =$B48 | N48: =$B48 | O48: =$B48 | P48: =$B48 | Q48: =$B48 | ... BQ48: =$B48
A49: =A44 -> Durée | D49: =$B49 | E49: =$B49 | F49: =$B49 | G49: =$B49 | H49: =$B49 | J49: =$B49 | K49: =$B49 | L49: =$B49 | M49: =$B49 | N49: =$B49 | O49: =$B49 | P49: =$B49 | Q49: =$B49 | ... BQ49: =$B49
A50: =A45 -> Début Amo | D50: =$B50 | E50: =$B50 | F50: =$B50 | G50: =$B50 | H50: =$B50 | J50: =$B50 | K50: =$B50 | L50: =$B50 | M50: =$B50 | N50: =$B50 | O50: =$B50 | P50: =$B50 | Q50: =$B50 | ... BQ50: =$B50
A51: =CONFIG!D118 -> Subventions d'investissement | D51: =SUM(J51:U51) -> 0 | E51: =SUM(V51:AG51) -> 0 | F51: =SUM(AH51:AS51) -> 0 | G51: =SUM(AT51:BE51) -> 0 | H51: =SUM(BF51:BQ51) -> 0
A52: =CONFIG!D119 -> Total Encaissements hors exploitation | D52: =SUM(D23,D24,D25,D51) -> 0 | E52: =SUM(E23,E24,E25,E51) -> 0 | F52: =SUM(F23,F24,F25,F51) -> 0 | G52: =SUM(G23,G24,G25,G51) -> 0 | H52: =SUM(H23,H24,H25,H51) -> 0 | J52: =SUM(J23,J24,J25,J51) -> 0 | K52: =SUM(K23,K24,K25,K51) -> 0 | L52: =SUM(L23,L24,L25,L51) -> 0 | M52: =SUM(M23,M24,M25,M51) -> 0 | N52: =SUM(N23,N24,N25,N51) -> 0 | O52: =SUM(O23,O24,O25,O51) -> 0 | P52: =SUM(P23,P24,P25,P51) -> 0 | Q52: =SUM(Q23,Q24,Q25,Q51) -> 0 | ... BQ52: =SUM(BQ23,BQ24,BQ25,BQ51) -> 0
A53: =CONFIG!D120 -> Investissements | B53: Durée amort | D53: =SUM(J53:U53) -> 0 | E53: =SUM(V53:AG53) -> 0 | F53: =SUM(AH53:AS53) -> 0 | G53: =SUM(AT53:BE53) -> 0 | H53: =SUM(BF53:BQ53) -> 0 | J53: =SUM(J54:J58) -> 0 | K53: =SUM(K54:K58) -> 0 | L53: =SUM(L54:L58) -> 0 | M53: =SUM(M54:M58) -> 0 | N53: =SUM(N54:N58) -> 0 | O53: =SUM(O54:O58) -> 0 | P53: =SUM(P54:P58) -> 0 | Q53: =SUM(Q54:Q58) -> 0 | ... BQ53: =SUM(BQ54:BQ58) -> 0
A54: Investissement P1 | B54: 3 | D54: =SUM(J54:U54) -> 0 | E54: =SUM(V54:AG54) -> 0 | F54: =SUM(AH54:AS54) -> 0 | G54: =SUM(AT54:BE54) -> 0 | H54: =SUM(BF54:BQ54) -> 0
A55: Investissement P2 | B55: 3 | D55: =SUM(J55:U55) -> 0 | E55: =SUM(V55:AG55) -> 0 | F55: =SUM(AH55:AS55) -> 0 | G55: =SUM(AT55:BE55) -> 0 | H55: =SUM(BF55:BQ55) -> 0
A56: Investissement P3 | B56: 3 | D56: =SUM(J56:U56) -> 0 | E56: =SUM(V56:AG56) -> 0 | F56: =SUM(AH56:AS56) -> 0 | G56: =SUM(AT56:BE56) -> 0 | H56: =SUM(BF56:BQ56) -> 0
A57: Investissement P4 | B57: 3 | D57: =SUM(J57:U57) -> 0 | E57: =SUM(V57:AG57) -> 0 | F57: =SUM(AH57:AS57) -> 0 | G57: =SUM(AT57:BE57) -> 0 | H57: =SUM(BF57:BQ57) -> 0
A58: Investissement P5 | B58: 3 | D58: =SUM(J58:U58) -> 0 | E58: =SUM(V58:AG58) -> 0 | F58: =SUM(AH58:AS58) -> 0 | G58: =SUM(AT58:BE58) -> 0 | H58: =SUM(BF58:BQ58) -> 0
A59: =CONFIG!D121 -> Remboursements emprunts | D59: =SUM(D60:D65) -> 0 | E59: =SUM(E60:E65) -> 0 | F59: =SUM(F60:F65) -> 0 | G59: =SUM(G60:G65) -> 0 | H59: =SUM(H60:H65) -> 0 | J59: =SUM(J60:J65) -> 0 | K59: =SUM(K60:K65) -> 0 | L59: =SUM(L60:L65) -> 0 | M59: =SUM(M60:M65) -> 0 | N59: =SUM(N60:N65) -> 0 | O59: =SUM(O60:O65) -> 0 | P59: =SUM(P60:P65) -> 0 | Q59: =SUM(Q60:Q65) -> 0 | ... BQ59: =SUM(BQ60:BQ65) -> 0
A60: =CONFIG!D122 -> Remboursement emprunts historiques | D60: =SUM(J60:U60) -> 0 | E60: =SUM(V60:AG60) -> 0 | F60: =SUM(AH60:AS60) -> 0 | G60: =SUM(AT60:BE60) -> 0 | H60: =SUM(BF60:BQ60) -> 0
A61: =A$59&" "&A26 -> Remboursements emprunts Prêt 1 | D61: =SUM(J61:U61) -> 0 | E61: =SUM(V61:AG61) -> 0 | F61: =SUM(AH61:AS61) -> 0 | G61: =SUM(AT61:BE61) -> 0 | H61: =SUM(BF61:BQ61) -> 0 | J61: =IFERROR(IF(J$2<$B30,0,-PPMT($B27/12,DATEDIF($B30,J$2,"M")+1,$B29*12,$B26)),) | K61: =IFERROR(IF(K$2<$B30,0,-PPMT($B27/12,DATEDIF($B30,K$2,"M")+1,$B29*12,$B26)),) | L61: =IFERROR(IF(L$2<$B30,0,-PPMT($B27/12,DATEDIF($B30,L$2,"M")+1,$B29*12,$B26)),) | M61: =IFERROR(IF(M$2<$B30,0,-PPMT($B27/12,DATEDIF($B30,M$2,"M")+1,$B29*12,$B26)),) | N61: =IFERROR(IF(N$2<$B30,0,-PPMT($B27/12,DATEDIF($B30,N$2,"M")+1,$B29*12,$B26)),) | O61: =IFERROR(IF(O$2<$B30,0,-PPMT($B27/12,DATEDIF($B30,O$2,"M")+1,$B29*12,$B26)),) | P61: =IFERROR(IF(P$2<$B30,0,-PPMT($B27/12,DATEDIF($B30,P$2,"M")+1,$B29*12,$B26)),) | Q61: =IFERROR(IF(Q$2<$B30,0,-PPMT($B27/12,DATEDIF($B30,Q$2,"M")+1,$B29*12,$B26)),) | ... BQ61: =IFERROR(IF(BQ$2<$B30,0,-PPMT($B27/12,DATEDIF($B30,BQ$2,"M")+1,$B29*12,$B26)),)
A62: =A$59&" "&A31 -> Remboursements emprunts Prêt 2 | D62: =SUM(J62:U62) -> 0 | E62: =SUM(V62:AG62) -> 0 | F62: =SUM(AH62:AS62) -> 0 | G62: =SUM(AT62:BE62) -> 0 | H62: =SUM(BF62:BQ62) -> 0 | J62: =IFERROR(IF(J$2<$B35,0,-PPMT($B32/12,DATEDIF($B35,J$2,"M")+1,$B34*12,$B31)),) | K62: =IFERROR(IF(K$2<$B35,0,-PPMT($B32/12,DATEDIF($B35,K$2,"M")+1,$B34*12,$B31)),) | L62: =IFERROR(IF(L$2<$B35,0,-PPMT($B32/12,DATEDIF($B35,L$2,"M")+1,$B34*12,$B31)),) | M62: =IFERROR(IF(M$2<$B35,0,-PPMT($B32/12,DATEDIF($B35,M$2,"M")+1,$B34*12,$B31)),) | N62: =IFERROR(IF(N$2<$B35,0,-PPMT($B32/12,DATEDIF($B35,N$2,"M")+1,$B34*12,$B31)),) | O62: =IFERROR(IF(O$2<$B35,0,-PPMT($B32/12,DATEDIF($B35,O$2,"M")+1,$B34*12,$B31)),) | P62: =IFERROR(IF(P$2<$B35,0,-PPMT($B32/12,DATEDIF($B35,P$2,"M")+1,$B34*12,$B31)),) | Q62: =IFERROR(IF(Q$2<$B35,0,-PPMT($B32/12,DATEDIF($B35,Q$2,"M")+1,$B34*12,$B31)),) | ... BQ62: =IFERROR(IF(BQ$2<$B35,0,-PPMT($B32/12,DATEDIF($B35,BQ$2,"M")+1,$B34*12,$B31)),)
A63: =A$59&" "&A36 -> Remboursements emprunts Prêt 3 | D63: =SUM(J63:U63) -> 0 | E63: =SUM(V63:AG63) -> 0 | F63: =SUM(AH63:AS63) -> 0 | G63: =SUM(AT63:BE63) -> 0 | H63: =SUM(BF63:BQ63) -> 0 | J63: =IFERROR(IF(J$2<$B40,0,-PPMT($B37/12,DATEDIF($B40,J$2,"M")+1,$B39*12,$B36)),) | K63: =IFERROR(IF(K$2<$B40,0,-PPMT($B37/12,DATEDIF($B40,K$2,"M")+1,$B39*12,$B36)),) | L63: =IFERROR(IF(L$2<$B40,0,-PPMT($B37/12,DATEDIF($B40,L$2,"M")+1,$B39*12,$B36)),) | M63: =IFERROR(IF(M$2<$B40,0,-PPMT($B37/12,DATEDIF($B40,M$2,"M")+1,$B39*12,$B36)),) | N63: =IFERROR(IF(N$2<$B40,0,-PPMT($B37/12,DATEDIF($B40,N$2,"M")+1,$B39*12,$B36)),) | O63: =IFERROR(IF(O$2<$B40,0,-PPMT($B37/12,DATEDIF($B40,O$2,"M")+1,$B39*12,$B36)),) | P63: =IFERROR(IF(P$2<$B40,0,-PPMT($B37/12,DATEDIF($B40,P$2,"M")+1,$B39*12,$B36)),) | Q63: =IFERROR(IF(Q$2<$B40,0,-PPMT($B37/12,DATEDIF($B40,Q$2,"M")+1,$B39*12,$B36)),) | ... BQ63: =IFERROR(IF(BQ$2<$B40,0,-PPMT($B37/12,DATEDIF($B40,BQ$2,"M")+1,$B39*12,$B36)),)
A64: =A$59&" "&A41 -> Remboursements emprunts Prêt 4 | D64: =SUM(J64:U64) -> 0 | E64: =SUM(V64:AG64) -> 0 | F64: =SUM(AH64:AS64) -> 0 | G64: =SUM(AT64:BE64) -> 0 | H64: =SUM(BF64:BQ64) -> 0 | J64: =IFERROR(IF(J$2<$B45,0,-PPMT($B42/12,DATEDIF($B45,J$2,"M")+1,$B44*12,$B41)),) | K64: =IFERROR(IF(K$2<$B45,0,-PPMT($B42/12,DATEDIF($B45,K$2,"M")+1,$B44*12,$B41)),) | L64: =IFERROR(IF(L$2<$B45,0,-PPMT($B42/12,DATEDIF($B45,L$2,"M")+1,$B44*12,$B41)),) | M64: =IFERROR(IF(M$2<$B45,0,-PPMT($B42/12,DATEDIF($B45,M$2,"M")+1,$B44*12,$B41)),) | N64: =IFERROR(IF(N$2<$B45,0,-PPMT($B42/12,DATEDIF($B45,N$2,"M")+1,$B44*12,$B41)),) | O64: =IFERROR(IF(O$2<$B45,0,-PPMT($B42/12,DATEDIF($B45,O$2,"M")+1,$B44*12,$B41)),) | P64: =IFERROR(IF(P$2<$B45,0,-PPMT($B42/12,DATEDIF($B45,P$2,"M")+1,$B44*12,$B41)),) | Q64: =IFERROR(IF(Q$2<$B45,0,-PPMT($B42/12,DATEDIF($B45,Q$2,"M")+1,$B44*12,$B41)),) | ... BQ64: =IFERROR(IF(BQ$2<$B45,0,-PPMT($B42/12,DATEDIF($B45,BQ$2,"M")+1,$B44*12,$B41)),)
A65: =A$59&" "&A46 -> Remboursements emprunts Prêt 5 | D65: =SUM(J65:U65) -> 0 | E65: =SUM(V65:AG65) -> 0 | F65: =SUM(AH65:AS65) -> 0 | G65: =SUM(AT65:BE65) -> 0 | H65: =SUM(BF65:BQ65) -> 0 | J65: =IFERROR(IF(J$2<$B50,0,-PPMT($B47/12,DATEDIF($B50,J$2,"M")+1,$B49*12,$B46)),) | K65: =IFERROR(IF(K$2<$B50,0,-PPMT($B47/12,DATEDIF($B50,K$2,"M")+1,$B49*12,$B46)),) | L65: =IFERROR(IF(L$2<$B50,0,-PPMT($B47/12,DATEDIF($B50,L$2,"M")+1,$B49*12,$B46)),) | M65: =IFERROR(IF(M$2<$B50,0,-PPMT($B47/12,DATEDIF($B50,M$2,"M")+1,$B49*12,$B46)),) | N65: =IFERROR(IF(N$2<$B50,0,-PPMT($B47/12,DATEDIF($B50,N$2,"M")+1,$B49*12,$B46)),) | O65: =IFERROR(IF(O$2<$B50,0,-PPMT($B47/12,DATEDIF($B50,O$2,"M")+1,$B49*12,$B46)),) | P65: =IFERROR(IF(P$2<$B50,0,-PPMT($B47/12,DATEDIF($B50,P$2,"M")+1,$B49*12,$B46)),) | Q65: =IFERROR(IF(Q$2<$B50,0,-PPMT($B47/12,DATEDIF($B50,Q$2,"M")+1,$B49*12,$B46)),) | ... BQ65: =IFERROR(IF(BQ$2<$B50,0,-PPMT($B47/12,DATEDIF($B50,BQ$2,"M")+1,$B49*12,$B46)),)
A66: =CONFIG!D123 -> Remboursement compte courant d'associés | D66: =SUM(J66:U66) -> 0 | E66: =SUM(V66:AG66) -> 0 | F66: =SUM(AH66:AS66) -> 0 | G66: =SUM(AT66:BE66) -> 0 | H66: =SUM(BF66:BQ66) -> 0
A67: =CONFIG!D124 -> Total Décaissements hors exploitation | D67: =D53+D59+D66 -> 0 | E67: =E53+E59+E66 -> 0 | F67: =F53+F59+F66 -> 0 | G67: =G53+G59+G66 -> 0 | H67: =H53+H59+H66 -> 0 | J67: =J53+J59+J66 -> 0 | K67: =K53+K59+K66 -> 0 | L67: =L53+L59+L66 -> 0 | M67: =M53+M59+M66 -> 0 | N67: =N53+N59+N66 -> 0 | O67: =O53+O59+O66 -> 0 | P67: =P53+P59+P66 -> 0 | Q67: =Q53+Q59+Q66 -> 0 | ... BQ67: =BQ53+BQ59+BQ66 -> 0
A68: =CONFIG!D125 -> Flux de trésorerie hors exploitation | D68: =D52-D67 -> 0 | E68: =E52-E67 -> 0 | F68: =F52-F67 -> 0 | G68: =G52-G67 -> 0 | H68: =H52-H67 -> 0 | J68: =J52-J67 -> 0 | K68: =K52-K67 -> 0 | L68: =L52-L67 -> 0 | M68: =M52-M67 -> 0 | N68: =N52-N67 -> 0 | O68: =O52-O67 -> 0 | P68: =P52-P67 -> 0 | Q68: =Q52-Q67 -> 0 | ... BQ68: =BQ52-BQ67 -> 0
A69: =CONFIG!D126 -> Flux de trésorerie global avec financement | D69: =D22+D68 -> 0 | E69: =E22+E68 -> 0 | F69: =F22+F68 -> 0 | G69: =G22+G68 -> 0 | H69: =H22+H68 -> 0 | J69: =J22+J68 -> 0 | K69: =K22+K68 -> 0 | L69: =L22+L68 -> 0 | M69: =M22+M68 -> 0 | N69: =N22+N68 -> 0 | O69: =O22+O68 -> 0 | P69: =P22+P68 -> 0 | Q69: =Q22+Q68 -> 0 | ... BQ69: =BQ22+BQ68 -> 0
A70: =CONFIG!D127 -> Trésorerie début de période | D70: 0 | E70: =D71 -> 0 | F70: =E71 -> 0 | G70: =F71 -> 0 | H70: =G71 -> 0 | J70: =D70 -> 0 | K70: =J71 -> 0 | L70: =K71 -> 0 | M70: =L71 -> 0 | N70: =M71 -> 0 | O70: =N71 -> 0 | P70: =O71 -> 0 | Q70: =P71 -> 0 | R70: =Q71 -> 0 | ... BQ70: =BP71 -> 0
A71: =CONFIG!D128 -> Solde de trésorerie fin de période | D71: =D70+D69 -> 0 | E71: =E70+E69 -> 0 | F71: =F70+F69 -> 0 | G71: =G70+G69 -> 0 | H71: =H70+H69 -> 0 | J71: =J70+J69 -> 0 | K71: =K70+K69 -> 0 | L71: =L70+L69 -> 0 | M71: =M70+M69 -> 0 | N71: =N70+N69 -> 0 | O71: =O70+O69 -> 0 | P71: =P70+P69 -> 0 | Q71: =Q70+Q69 -> 0 | ... BQ71: =BQ70+BQ69 -> 0
A73: =CONFIG!D129 -> Simulation flux sans financement | D73: =D69-D52 -> 0 | E73: =E69-E52 -> 0 | F73: =F69-F52 -> 0 | G73: =G69-G52 -> 0 | H73: =H69-H52 -> 0 | J73: =J69-J23-J24-J25-J51 -> 0 | K73: =K69-K23-K24-K25-K51 -> 0 | L73: =L69-L23-L24-L25-L51 -> 0 | M73: =M69-M23-M24-M25-M51 -> 0 | N73: =N69-N23-N24-N25-N51 -> 0 | O73: =O69-O23-O24-O25-O51 -> 0 | P73: =P69-P23-P24-P25-P51 -> 0 | Q73: =Q69-Q23-Q24-Q25-Q51 -> 0 | ... BQ73: =BQ69-BQ23-BQ24-BQ25-BQ51 -> 0
A74: =A70 -> Trésorerie début de période | D74: =D70 -> 0 | E74: =D75 -> 0 | F74: =E75 -> 0 | G74: =F75 -> 0 | H74: =G75 -> 0 | J74: =D74 -> 0 | K74: =J75 -> 0 | L74: =K75 -> 0 | M74: =L75 -> 0 | N74: =M75 -> 0 | O74: =N75 -> 0 | P74: =O75 -> 0 | Q74: =P75 -> 0 | R74: =Q75 -> 0 | ... BQ74: =BP75 -> 0
A75: =CONFIG!D130 -> Solde de trésorerie fin de période | D75: =D74+D73 -> 0 | E75: =E74+E73 -> 0 | F75: =F74+F73 -> 0 | G75: =G74+G73 -> 0 | H75: =H74+H73 -> 0 | J75: =J74+J73 -> 0 | K75: =K74+K73 -> 0 | L75: =L74+L73 -> 0 | M75: =M74+M73 -> 0 | N75: =N74+N73 -> 0 | O75: =O74+O73 -> 0 | P75: =P74+P73 -> 0 | Q75: =Q74+Q73 -> 0 | ... BQ75: =BQ74+BQ73 -> 0
A77: =CONFIG!D131 -> Date levée | B77: {=iferror(INDEX($J$2:$BQ$2,1,MATCH(MAX($J$23:$BQ$23),$J$23:$BQ$23,0)),"n.a")} -> n.a
A78: =CONFIG!D132 -> Point Bas de Trésorerie avec financement | B78: =MIN(J71:BQ71) -> 0
A79: =CONFIG!D133 -> Date Point Bas avec financement | B79: {=INDEX($J$2:$BQ$2,MATCH(B78,$J$71:$BQ$71,0))} -> 46023
A81: =CONFIG!D134 -> Point Bas de Trésorerie sans financement | B81: =MIN(J75:BQ75) -> 0
A82: =CONFIG!D135 -> Date Point Bas sans financement | B82: {=INDEX($J$2:$BQ$2,MATCH(B81,$J$75:$BQ$75,0))} -> 46023
A89: Check annuel versus mensuel | D89: =D71-U71 -> 0 | E89: =E71-AG71 -> 0 | F89: =F71-AS71 -> 0 | G89: =G71-BE71 -> 0 | H89: =H71-BQ71 -> 0
A90: CHECKS | D90: =sum(D89) -> 0 | E90: =sum(E89) -> 0 | F90: =sum(F89) -> 0 | G90: =sum(G89) -> 0 | H90: =sum(H89) -> 0

Sheet PLAN DE FIN
A1: =CONFIG!D141 -> Plan de financement | B1: =C1-1 -> 2025 | C1: =CR!D1 -> 2026 | D1: =C1+1 -> 2027 | E1: =D1+1 -> 2028 | F1: =E1+1 -> 2029 | G1: =F1+1 -> 2030
A2: COMPLETER UNIQUEMENT LES CASES JAUNES
A3: =TRESO!A53 -> Investissements | C3: =TRESO!D53 -> 0 | D3: =TRESO!E53 -> 0 | E3: =TRESO!F53 -> 0 | F3: =TRESO!G53 -> 0 | G3: =TRESO!H53 -> 0
A4: =TRESO!A59 -> Remboursements emprunts | C4: =TRESO!D59 -> 0 | D4: =TRESO!E59 -> 0 | E4: =TRESO!F59 -> 0 | F4: =TRESO!G59 -> 0 | G4: =TRESO!H59 -> 0
A5: =TRESO!A66 -> Remboursement compte courant d'associés | C5: =TRESO!D66 -> 0 | D5: =TRESO!E66 -> 0 | E5: =TRESO!F66 -> 0 | F5: =TRESO!G66 -> 0 | G5: =TRESO!H66 -> 0
A6: =CONFIG!D142 -> Variation de BFR | C6: =(C16+C14-SUM(C3:C5,C7))-TRESO!D71 -> 0 | D6: =(D16+D14-SUM(D3:D5,D7))-TRESO!E71 -> 0 | E6: =(E16+E14-SUM(E3:E5,E7))-TRESO!F71 -> 0 | F6: =(F16+F14-SUM(F3:F5,F7))-TRESO!G71 -> 0 | G6: =(G16+G14-SUM(G3:G5,G7))-TRESO!H71 -> 0
A7: =CONFIG!D136 -> Capacité d'autofinancement négative | C7: =IF(CR!D129<=0,-CR!D129,0) -> 0 | D7: =IF(CR!E129<=0,-CR!E129,0) -> 0 | E7: =IF(CR!F129<=0,-CR!F129,0) -> 0 | F7: =IF(CR!G129<=0,-CR!G129,0) -> 0 | G7: =IF(CR!H129<=0,-CR!H129,0) -> 0
A8: =CONFIG!D137 -> Total Emplois | C8: =SUM(C3:C7) -> 0 | D8: =SUM(D3:D7) -> 0 | E8: =SUM(E3:E7) -> 0 | F8: =SUM(F3:F7) -> 0 | G8: =SUM(G3:G7) -> 0
A9: =CONFIG!D138 -> Capacité d'autofinancement positive | C9: =IF(CR!D129>0,CR!D129,0) -> 0 | D9: =IF(CR!E129>0,CR!E129,0) -> 0 | E9: =IF(CR!F129>0,CR!F129,0) -> 0 | F9: =IF(CR!G129>0,CR!G129,0) -> 0 | G9: =IF(CR!H129>0,CR!H129,0) -> 0
A10: =TRESO!A25 -> Emprunts | C10: =TRESO!D25 -> 0 | D10: =TRESO!E25 -> 0 | E10: =TRESO!F25 -> 0 | F10: =TRESO!G25 -> 0 | G10: =TRESO!H25 -> 0
A11: =TRESO!A23 -> Apports en capital | C11: =TRESO!D23 -> 0 | D11: =TRESO!E23 -> 0 | E11: =TRESO!F23 -> 0 | F11: =TRESO!G23 -> 0 | G11: =TRESO!H23 -> 0
A12: =TRESO!A24 -> Apports en compte courant | C12: =TRESO!D24 -> 0 | D12: =TRESO!E24 -> 0 | E12: =TRESO!F24 -> 0 | F12: =TRESO!G24 -> 0 | G12: =TRESO!H24 -> 0
A13: =TRESO!A51 -> Subventions d'investissement | C13: =TRESO!D51 -> 0 | D13: =TRESO!E51 -> 0 | E13: =TRESO!F51 -> 0 | F13: =TRESO!G51 -> 0 | G13: =TRESO!H51 -> 0
A14: =CONFIG!D139 -> Total Ressources | C14: =SUM(C9:C13) -> 0 | D14: =SUM(D9:D13) -> 0 | E14: =SUM(E9:E13) -> 0 | F14: =SUM(F9:F13) -> 0 | G14: =SUM(G9:G13) -> 0
A15: =CONFIG!D140 -> Ressources - Emplois | C15: =C14-C8 -> 0 | D15: =D14-D8 -> 0 | E15: =E14-E8 -> 0 | F15: =F14-F8 -> 0 | G15: =G14-G8 -> 0
A16: =TRESO!A70 -> Trésorerie début de période | C16: =TRESO!D70 -> 0 | D16: =C17 -> 0 | E16: =D17 -> 0 | F16: =E17 -> 0 | G16: =F17 -> 0
A17: =TRESO!A71 -> Solde de trésorerie fin de période | C17: =C16+C15 -> 0 | D17: =D16+D15 -> 0 | E17: =E16+E15 -> 0 | F17: =F16+F15 -> 0 | G17: =G16+G15 -> 0
A19: =CONFIG!D143 -> Fonds propres et endettement | B19: =C19-1 -> 2025 | C19: =C1 -> 2026 | D19: =D1 -> 2027 | E19: =E1 -> 2028 | F19: =F1 -> 2029 | G19: =G1 -> 2030
A20: =CONFIG!D144 -> Fonds propres fin de période | B20: =SUM(B21:B25) -> 0 | C20: =SUM(C21:C24) -> 0 | D20: =SUM(D21:D24) -> 0 | E20: =SUM(E21:E24) -> 0 | F20: =SUM(F21:F24) -> 0 | G20: =SUM(G21:G24) -> 0
A21: =CONFIG!D145 -> Capital + Primes d'émissions | C21: =B21+C11 -> 0 | D21: =C21+D11 -> 0 | E21: =D21+E11 -> 0 | F21: =E21+F11 -> 0 | G21: =F21+G11 -> 0
A22: =CONFIG!D146 -> Réserves et Report à nouveau | C22: =B22+B23 -> 0 | D22: =C22+C23 -> 0 | E22: =D22+D23 -> 0 | F22: =E22+E23 -> 0 | G22: =F22+F23 -> 0
A23: =CONFIG!D147 -> Résultat net | C23: =CR!D127 -> 0 | D23: =CR!E127 -> 0 | E23: =CR!F127 -> 0 | F23: =CR!G127 -> 0 | G23: =CR!H127 -> 0
A24: =CONFIG!D148 -> Subvention d'investissement | C24: =B24+C13-C25 -> 0 | D24: =C24+D13-D25 -> 0 | E24: =D24+E13-E25 -> 0 | F24: =E24+F13-F25 -> 0 | G24: =F24+G13-G25 -> 0
A25: =CONFIG!D149 -> QP de sub d'invest virée au résultat | C25: =CR!D122 -> 0 | D25: =CR!E122 -> 0 | E25: =CR!F122 -> 0 | F25: =CR!G122 -> 0 | G25: =CR!H122 -> 0
A26: =CONFIG!D150 -> Endettement fin de période | C26: =B26+C10-C4 -> 0 | D26: =C26+D10-D4 -> 0 | E26: =D26+E10-E4 -> 0 | F26: =E26+F10-F4 -> 0 | G26: =F26+G10-G4 -> 0
A27: =CONFIG!D151 -> Endettement sur Fonds Propres fin de période | B27: =IFERROR(B26/B20,"n.a") -> n.a | C27: =IFERROR(C26/C20,"n.a") -> n.a | D27: =IFERROR(D26/D20,"n.a") -> n.a | E27: =IFERROR(E26/E20,"n.a") -> n.a | F27: =IFERROR(F26/F20,"n.a") -> n.a | G27: =IFERROR(G26/G20,"n.a") -> n.a
A28: =CONFIG!D152 -> Ratio Entreprise en Difficulté : (Capital + Primes d'émission) / 2 + réserves + report à nouveau + résultat | B28: =B21/2+B22+B23 -> 0 | C28: =C21/2+C22+C23 -> 0 | D28: =D21/2+D22+D23 -> 0 | E28: =E21/2+E22+E23 -> 0 | F28: =F21/2+F22+F23 -> 0 | G28: =G21/2+G22+G23 -> 0
A35: Check PF vs TRESO | C35: =C17-TRESO!D71 -> 0 | D35: =D17-TRESO!E71 -> 0 | E35: =E17-TRESO!F71 -> 0 | F35: =F17-TRESO!G71 -> 0 | G35: =G17-TRESO!H71 -> 0
A36: CHECKS | C36: =sum(C35) -> 0 | D36: =sum(D35) -> 0 | E36: =sum(E35) -> 0 | F36: =sum(F35) -> 0 | G36: =sum(G35) -> 0

Sheet CONFIG
A1: CONFIGURATION ET NOTICE | C1: Version : | D1: 45658
B3: Instructions
B4: 0. Pour utiliser cette trame, cliquez sur Fichier > Créer une copie
B5: 1. Les cases à modifier sont indiquées en couleur ou police jaune dans chaque onglet. Les autres cases ne doivent pas être modifiées pour éviter de casser les formules
B6: 2. Les onglets suivants contiennent des lignes et des colonnes groupées, signalées par un bouton + ou -, à gauche ou en haut
B7: 3. Vous pouvez grouper ou développer toutes les lignes/colonnes d'un coup en faisant un clic droit sur les boutons +/-
B8: 4. Certains éléments du compte de résultat (dotations, intérêts) sont intégrés dans l'onglet TRESO car ils dépendent d'éléments comme les investissements ou les prêts
B9: 5. Lorsque vous avez fini de modéliser votre BP, vérifier que les checks ci-dessous sont tous égaux à "OK"
B11: Configuration du BP
B12: Langue des tableaux du BP | C12: Français | D12: Les libellés du compte de résultat en Français ou en Anglais peuvent être modifiés dans la section "Traduction" ci-dessous
B13: Mois de clôture de l'exercice comptable | C13: 12 | D13: 1 = Janvier, 12 = Décembre
B14: Première année du BP | C14: 2026 | D14: Il faut choisir ici la 1ère année projetée, donc pas une année clôturée. Vous pourrez ajouter des données passées dans l'onglet CR
B15: Jeune Entreprise Innovante (JEI) ? | C15: Non | D15: Ce statut influence votre taux de cotisations sociales
B16: Date fin JEI | C16: 46387 | D16: Ce statut influence votre taux de cotisations sociales
B18: Checks de formules et ratios | D18: =CR!D1 -> 2026 | E18: =CR!E1 -> 2027 | F18: =CR!F1 -> 2028 | G18: =CR!G1 -> 2029 | H18: =CR!H1 -> 2030
B19: Checks Onglet CR | D19: =IF(CR!D134<500,"OK",CR!D134) -> OK | E19: =IF(CR!E134<500,"OK",CR!E134) -> OK | F19: =IF(CR!F134<500,"OK",CR!F134) -> OK | G19: =IF(CR!G134<500,"OK",CR!G134) -> OK | H19: =IF(CR!H134<500,"OK",CR!H134) -> OK
B20: Checks Onglet TRESO | D20: =IF(TRESO!D90<500,"OK",TRESO!D90) -> OK | E20: =IF(TRESO!E90<500,"OK",TRESO!E90) -> OK | F20: =IF(TRESO!F90<500,"OK",TRESO!F90) -> OK | G20: =IF(TRESO!G90<500,"OK",TRESO!G90) -> OK | H20: =IF(TRESO!H90<500,"OK",TRESO!H90) -> OK
B21: Checks Onglet PLAN DE FIN | D21: =IF('PLAN DE FIN'!C36<500,"OK",'PLAN DE FIN'!C36) -> OK | E21: =IF('PLAN DE FIN'!D36<500,"OK",'PLAN DE FIN'!D36) -> OK | F21: =IF('PLAN DE FIN'!E36<500,"OK",'PLAN DE FIN'!E36) -> OK | G21: =IF('PLAN DE FIN'!F36<500,"OK",'PLAN DE FIN'!F36) -> OK | H21: =IF('PLAN DE FIN'!G36<500,"OK",'PLAN DE FIN'!G36) -> OK
B22: Check Solde de trésorerie toujours positif ? | D22: =IF(min(TRESO!J71:U71)>=0,"OK",min(TRESO!J71:U71)) -> OK | E22: =IF(min(TRESO!V71:AG71)>=0,"OK",min(TRESO!V71:AG71)) -> OK | F22: =IF(min(TRESO!AH71:AS71)>=0,"OK",min(TRESO!AH71:AS71)) -> OK | G22: =IF(min(TRESO!AT71:BE71)>=0,"OK",min(TRESO!AT71:BE71)) -> OK | H22: =IF(min(TRESO!BF71:BQ71)>=0,"OK",min(TRESO!BF71:BQ71)) -> OK
B23: Check Fonds propres toujours positifs ? | D23: =IF('PLAN DE FIN'!C20>=0,"OK",'PLAN DE FIN'!C20) -> OK | E23: =IF('PLAN DE FIN'!D20>=0,"OK",'PLAN DE FIN'!D20) -> OK | F23: =IF('PLAN DE FIN'!E20>=0,"OK",'PLAN DE FIN'!E20) -> OK | G23: =IF('PLAN DE FIN'!F20>=0,"OK",'PLAN DE FIN'!F20) -> OK | H23: =IF('PLAN DE FIN'!G20>=0,"OK",'PLAN DE FIN'!G20) -> OK
B24: Check Ratio Entreprise en Difficulté positif ? | D24: =IF('PLAN DE FIN'!C28>=0,"OK",'PLAN DE FIN'!C28) -> OK | E24: =IF('PLAN DE FIN'!D28>=0,"OK",'PLAN DE FIN'!D28) -> OK | F24: =IF('PLAN DE FIN'!E28>=0,"OK",'PLAN DE FIN'!E28) -> OK | G24: =IF('PLAN DE FIN'!F28>=0,"OK",'PLAN DE FIN'!F28) -> OK | H24: =IF('PLAN DE FIN'!G28>=0,"OK",'PLAN DE FIN'!G28) -> OK
B25: Check 2 dernières années rentables ? | D25: =IF('PLAN DE FIN'!C29>=0,"OK",'PLAN DE FIN'!C29) -> OK | E25: =IF('PLAN DE FIN'!D29>=0,"OK",'PLAN DE FIN'!D29) -> OK | F25: =IF('PLAN DE FIN'!E29>=0,"OK",'PLAN DE FIN'!E29) -> OK | G25: =IF(CR!G127>=0,"OK",CR!G127) -> OK | H25: =IF(CR!H127>=0,"OK",CR!H127) -> OK
B27: Pour aller plus loin
B28: 1. D'après notre vécu, cette trame correspond aux principaux besoins de modélisation. Toutefois, vous pourriez avoir besoin des compléments suivants en fonction de votre situation :
B29: 1.1. Un compte de résultat analytique, permettant de voir la contribution à la rentabilité de vos différentes activités
B30: 1.2. Une modélisation de votre valorisation selon plusieurs méthodes, si vous êtes dans un contexte de levée de fonds en capital ou de cession
B31: 1.3. Une modélisation de votre bilan et de votre BFR, si vous avez de forts enjeux de stock, de décalages de trésorerie ou d'actifs immobiliers
B32: 1.4. Un tableau de sensibilité indiquant les hypothèses qui ont le plus fort impact sur votre rentabilité
B33: 1.5. Un comparatif de vos marges et rentatabilités avec un benchmark sectoriel ou des entreprises similaires
B34: 2. Par ailleurs, cette trame peut-être transformée en outil de pilotage semi-automatisé, où un import de votre grand livre permet la génération d'un reporting de votre CR et Cash Mensuels
B35: 2. Ces éléments ne peuvent pas être intégrés dans une trame publique du fait de l'importance des spécificités de chaque entreprise et du risque de bugs qu'amène ces complexités
B36: 4. Pour ces différents besoins, n'hésitez pas à nous en parler de vive voix et de manière gratuite en choisissant un créneau ici : https://budgetic.eu/prendre-rdv/
B38: A propos des auteurs
B39: 1. Ce modèle est mis à disposition gratuitement et sans limitation par FINETIC, cabinet de conseil financier à destination des entreprises à impact.
... B44: Glossaire
B45: CA | C45: Chiffre d'affaires
B46: AMMP | C46: Achats de marchandises et de matières premières
B47: AACE | C47: Autres achats et charges externes
B48: EBE | C48: Excédent Brut d'Exploitation
B49: TCAM | C49: Taux de croissance annuel moyen
B50: RN | C50: Résultat Net
B51: CAF | C51: Capacité d'Autofinancement
B52: COGS | C52: Cost of Goods Sold (AMMP en français)
B53: OPEX | C53: Operational Expenditures
B54: CAPEX | C54: Capital Expenditures (Immobilisations ou Investissements en Français)
B55: EBITDA | C55: Earnings Before Tax Depreciation & Amortization (EBE en Français)
B57: Traduction des tableaux
B58: Français | C58: Anglais | D58: Langue Choisie
B59: Compte de résultat prévisionnel | C59: Projected P&L | D59: =IF($C$12=B$58,B59,C59) -> Compte de résultat prévisionnel
B60: TCAM | C60: CAGR | D60: =IF($C$12=B$58,B60,C60) -> TCAM
B61: Croiss. | C61: Growth | D61: =IF($C$12=B$58,B61,C61) -> Croiss.
B62: CA | C62: Revenue | D62: =IF($C$12=B$58,B62,C62) -> CA
B63: Volume | C63: Volume | D63: =IF($C$12=B$58,B63,C63) -> Volume
B64: Prix unitaire | C64: Unit price | D64: =IF($C$12=B$58,B64,C64) -> Prix unitaire
B65: Chiffre d'affaires | C65: Revenue | D65: =IF($C$12=B$58,B65,C65) -> Chiffre d'affaires
B66: Subventions d'exploitation | C66: Operational Subsidies | D66: =IF($C$12=B$58,B66,C66) -> Subventions d'exploitation
B67: Production Immobilisée | C67: Capitalized Production | D67: =IF($C$12=B$58,B67,C67) -> Production Immobilisée
B68: Produits d'exploitation | C68: Total Operating Revenue | D68: =IF($C$12=B$58,B68,C68) -> Produits d'exploitation
B69: Achats de marchandises et de matières premières | C69: COGS | D69: =IF($C$12=B$58,B69,C69) -> Achats de marchandises et de matières premières
B70: AMMP | C70: COGS | D70: =IF($C$12=B$58,B70,C70) -> AMMP
... B183: Besoins de financement en % | C183: Financing Needs in % | D183: =IF($C$12=B$58,B183,C183) -> Besoins de financement en %
B185: Calcul des charges salariales et patronales
B186: Brut | C186: Contrat | D186: Chargé | E186: Chargé / Brut -1 | F186: Autres coûts | G186: Taux Global | H186: Coût annuel | I186: Chargé JEI | J186: Taux Global JEI | K186: Coût annuel JEI | L186: Gain JEI / an
B187: =600*12 -> 7200 | C187: Stagiaire | D187: =B187 -> 7200 | E187: =(D187-B187)/B187 -> 0 | F187: 0.04 | G187: =E187+F187 -> 0.04 | H187: =B187*(1+G187) -> 7488 | I187: =D187 -> 7200 | J187: =(I187-B187)/B187+F187 -> 0.04 | K187: =B187*(1+J187) -> 7488 | L187: =H187-K187 -> 0
B188: 19237 | C188: CDI | D188: 20063 | E188: =(D188-B188)/B188 -> 0.042938088 | F188: 0.04 | G188: =E188+F188 -> 0.082938088 | H188: =B188*(1+G188) -> 20832.48 | I188: =D188 -> 20063 | J188: =(I188-B188)/B188+F188 -> 0.082938088 | K188: =B188*(1+J188) -> 20832.48 | L188: =H188-K188 -> 0
B189: 20000 | C189: CDI | D189: 21499 | E189: =(D189-B189)/B189 -> 0.07495 | F189: 0.04 | G189: =E189+F189 -> 0.11495 | H189: =B189*(1+G189) -> 22299 | I189: =D189 -> 21499 | J189: =(I189-B189)/B189+F189 -> 0.11495 | K189: =B189*(1+J189) -> 22299 | L189: =H189-K189 -> 0
B190: 21000 | C190: CDI | D190: 23381 | E190: =(D190-B190)/B190 -> 0.11338095 | F190: 0.04 | G190: =E190+F190 -> 0.15338095 | H190: =B190*(1+G190) -> 24221 | I190: =D190 -> 23381 | J190: =(I190-B190)/B190+F190 -> 0.15338095 | K190: =B190*(1+J190) -> 24221 | L190: =H190-K190 -> 0
B191: 22000 | C191: CDI | D191: 25264 | E191: =(D191-B191)/B191 -> 0.14836364 | F191: 0.04 | G191: =E191+F191 -> 0.18836364 | H191: =B191*(1+G191) -> 26144 | I191: =D191 -> 25264 | J191: =(I191-B191)/B191+F191 -> 0.18836364 | K191: =B191*(1+J191) -> 26144 | L191: =H191-K191 -> 0
B192: 23000 | C192: CDI | D192: 27147 | E192: =(D192-B192)/B192 -> 0.18030435 | F192: 0.04 | G192: =E192+F192 -> 0.22030435 | H192: =B192*(1+G192) -> 28067 | I192: 26413 | J192: =(I192-B192)/B192+F192 -> 0.1883913 | K192: =B192*(1+J192) -> 27333 | L192: =H192-K192 -> 734
B193: 24000 | C193: CDI | D193: 29029 | E193: =(D193-B193)/B193 -> 0.20954167 | F193: 0.04 | G193: =E193+F193 -> 0.24954167 | H193: =B193*(1+G193) -> 29989 | I193: 27551 | J193: =(I193-B193)/B193+F193 -> 0.18795833 | K193: =B193*(1+J193) -> 28511 | L193: =H193-K193 -> 1478
B194: 25000 | C194: CDI | D194: 30911 | E194: =(D194-B194)/B194 -> 0.23644 | F194: 0.04 | G194: =E194+F194 -> 0.27644 | H194: =B194*(1+G194) -> 31911 | I194: 28689 | J194: =(I194-B194)/B194+F194 -> 0.18756 | K194: =B194*(1+J194) -> 29689 | L194: =H194-K194 -> 2222
B195: 26000 | C195: CDI | D195: 32794 | E195: =(D195-B195)/B195 -> 0.26130769 | F195: 0.04 | G195: =E195+F195 -> 0.30130769 | H195: =B195*(1+G195) -> 33834 | I195: 29827 | J195: =(I195-B195)/B195+F195 -> 0.18719231 | K195: =B195*(1+J195) -> 30867 | L195: =H195-K195 -> 2967
B196: 27000 | C196: CDI | D196: 34677 | E196: =(D196-B196)/B196 -> 0.28433333 | F196: 0.04 | G196: =E196+F196 -> 0.32433333 | H196: =B196*(1+G196) -> 35757 | I196: 30965 | J196: =(I196-B196)/B196+F196 -> 0.18685185 | K196: =B196*(1+J196) -> 32045 | L196: =H196-K196 -> 3712
B197: 28000 | C197: CDI | D197: 36588 | E197: =(D197-B197)/B197 -> 0.30671429 | F197: 0.04 | G197: =E197+F197 -> 0.34671429 | H197: =B197*(1+G197) -> 37708 | I197: 32103 | J197: =(I197-B197)/B197+F197 -> 0.18653571 | K197: =B197*(1+J197) -> 33223 | L197: =H197-K197 -> 4485
B198: 29000 | C198: CDI | D198: 38411 | E198: =(D198-B198)/B198 -> 0.32451724 | F198: 0.04 | G198: =E198+F198 -> 0.36451724 | H198: =B198*(1+G198) -> 39571 | I198: 33241 | J198: =(I198-B198)/B198+F198 -> 0.18624138 | K198: =B198*(1+J198) -> 34401 | L198: =H198-K198 -> 5170
B199: 30000 | C199: CDI | D199: 40325 | E199: =(D199-B199)/B199 -> 0.34416667 | F199: 0.04 | G199: =E199+F199 -> 0.38416667 | H199: =B199*(1+G199) -> 41525 | I199: 34379 | J199: =(I199-B199)/B199+F199 -> 0.18596667 | K199: =B199*(1+J199) -> 35579 | L199: =H199-K199 -> 5946
B200: 31000 | C200: CDI | D200: 42089 | E200: =(D200-B200)/B200 -> 0.35770968 | F200: 0.04 | G200: =E200+F200 -> 0.39770968 | H200: =B200*(1+G200) -> 43329 | I200: 35517 | J200: =(I200-B200)/B200+F200 -> 0.18570968 | K200: =B200*(1+J200) -> 36757 | L200: =H200-K200 -> 6572
B201: 40000 | C201: CDI | D201: 54238 | E201: =(D201-B201)/B201 -> 0.35595 | F201: 0.04 | G201: =E201+F201 -> 0.39595 | H201: =B201*(1+G201) -> 55838 | I201: 45758 | J201: =(I201-B201)/B201+F201 -> 0.18395 | K201: =B201*(1+J201) -> 47358 | L201: =H201-K201 -> 8480
B202: 45000 | C202: CDI | D202: 61079 | E202: =(D202-B202)/B202 -> 0.35731111 | F202: 0.04 | G202: =E202+F202 -> 0.39731111 | H202: =B202*(1+G202) -> 62879 | I202: 51870 | J202: =(I202-B202)/B202+F202 -> 0.19266667 | K202: =B202*(1+J202) -> 53670 | L202: =H202-K202 -> 9209
B203: 49000 | C203: CDI | D203: 69424 | E203: =(D203-B203)/B203 -> 0.41681633 | F203: 0.04 | G203: =E203+F203 -> 0.45681633 | H203: =B203*(1+G203) -> 71384 | I203: 56768 | J203: =(I203-B203)/B203+F203 -> 0.19853061 | K203: =B203*(1+J203) -> 58728 | L203: =H203-K203 -> 12656
... B214: 100000 | C214: CDI | D214: 143193 | E214: =(D214-B214)/B214 -> 0.43193 | F214: 0.04 | G214: =E214+F214 -> 0.47193 | H214: =B214*(1+G214) -> 147193 | I214: 121973 | J214: =(I214-B214)/B214+F214 -> 0.25973 | K214: =B214*(1+J214) -> 125973 | L214: =H214-K214 -> 21220
